Workbook

Sheet Hoja1
A1: Código | B1: CODIGO SICOF | C1: Sigla | D1: Nombre | E1: Área Ejecutora | F1: Cód Subdirección | G1: Subdirección
A2: 27100 | B2: 7100 | C2: DGEN | D2: Dirección General | E2: DGEN - Dirección General | F2: DGEN | G2: Dirección General | H2: DGEN - Dirección General
A3: 27101 | B3: 7101 | C3: OAP | D3: Oficina Asesora de Planeación | E3: OAP - Oficina Asesora de Planeación | F3: OAP | G3: Oficina Asesora de Planeación | H3: OAP - Oficina Asesora de Planeación
A4: 27102 | B4: 7102 | C4: OJUR | D4: Oficina Jurídica Corporativa | E4: OJUR - Oficina Jurídica Corporativa | F4: OJUR | G4: Oficina Jurídica Corporativa | H4: OJUR - Oficina Jurídica Corporativa
A5: 27103 | B5: 7103 | C5: OAC | D5: Oficina Asesora de Comunicaciones | E5: OAC - Oficina Asesora de Comunicaciones | F5: OAC | G5: Oficina Asesora de Comunicaciones | H5: OAC - Oficina Asesora de Comunicaciones
A6: 27104 | B6: 7104 | C6: OCIN | D6: Oficina de Control Interno | E6: OCIN - Oficina de Control Interno | F6: OCIN | G6: Oficina de Control Interno | H6: OCIN - Oficina de Control Interno
A7: 27105 | B7: 7105 | C7: OAI | D7: Oficina de Asuntos Internacionales | E7: OAI - Oficina de Asuntos Internacionales | F7: OAI | G7: Oficina de Asuntos Internacionales | H7: OAI - Oficina de Asuntos Internacionales
A8: 27106 | B8: 7106 | C8: OGDAD | D8: Oficina de Gobernanza Digital y Analítica de Datos | E8: OGDAD - Oficina de Gobernanza Digital y Analítica de Datos | F8: OGDAD | G8: Oficina de Gobernanza Digital y Analítica de Datos | H8: OGDAD - Oficina de Gobernanza Digital y Analítica de Datos
A9: 27107 | B9: 7107 | C9: OCDI | D9: Oficina de Control Disciplinario Interno | E9: OCDI - Oficina de Control Disciplinario Interno | F9: OCDI | G9: Oficina de Control Disciplinario Interno | H9: OCDI - Oficina de Control Disciplinario Interno
A10: 27200 | B10: 7200 | C10: SGEN | D10: Secretaría General | E10: SGEN - Secretaría General | F10: SGEN | G10: Secretaría General | H10: SGEN - Secretaría General
A11: 27201 | B11: 7201 | C11: DTH | D11: Dirección de Talento Humano | E11: DTH - Dirección de Talento Humano | F11: SGEN | G11: Secretaría General | H11: SGEN - Secretaría General
A12: 27202 | B12: 7202 | C12: DGC | D12: Dirección de Gestión Contractual | E12: DGC - Dirección de Gestión Contractual | F12: SGEN | G12: Secretaría General | H12: SGEN - Secretaría General
A13: 27203 | B13: 7203 | C13: DASC | D13: Dirección Administrativa y de Servicio al Ciudadano | E13: DASC - Dirección Administrativa y de Servicio al Ciudadano | F13: SGEN | G13: Secretaría General | H13: SGEN - Secretaría General
... A41: 27714 | B41: 7714 | C41: DRUB | D41: Dirección Regional Ubaté | E41: DRUB - Dirección Regional Ubaté | F41: DRUB | G41: Dirección Regional Ubaté | H41: DRUB - Dirección Regional Ubaté

Sheet 1-Ejecución Gastos 16-OCT-2026
A1: VIGENCIA | B1: SUBDIRECCIÓN | C1: ÁREA EJECUTORA | D1: CÓD RUBRO/PROYECTO | E1: CÓD | F1: NOMBRE RUBRO/PROYECTO | G1: FUENTE | H1: NOMBRE FUENTE | I1: APROPIACIÓN INICIAL | J1: APROPIACIÓN DEFINITIVA | K1: APROPIACIÓN DISPONIBLE | L1: TOTAL DISPONIBILIDADES | M1: SALDO EN DISPONIBILIDADES | N1: TOTAL COMPROMISOS | O1: SALDO EN COMPROMISOS | P1: OBLIGACIONES | Q1: PAGOS
A2: 2026 | B2: SGEN | C2: DTH | D2: 2-1-1001-01-1111-10-DTH1-0000000-2.1.1.01.01.001.01. | E2: 1 | F2: SUELDO BASICO - SIN CPC (1) | G2: 10 | H2: PORCENTAJE Y/O SOBRETASA AMBIENTAL MUNICIPIOS Y BOGOTÁ | I2: 78766826889 | J2: 57026385569 | K2: 0 | L2: 57026385569 | M2: 21435826561 | N2: 35590559008 | O2: 0 | P2: 35590559008 | Q2: 35590559008
A3: 2026 | B3: SGEN | C3: DTH | D3: 2-1-1001-01-1111-10-DTH1-0000000-2.1.1.01.01.001.02. | E3: 5 | F3: HORAS EXTRAS, DOMINICALES, FESTIVOS Y RECARGOS - SIN CPC (5) | G3: 10 | H3: PORCENTAJE Y/O SOBRETASA AMBIENTAL MUNICIPIOS Y BOGOTÁ | I3: 263700000 | J3: 263700000 | K3: 0 | L3: 263700000 | M3: 78430938 | N3: 185269062 | O3: 0 | P3: 185269062 | Q3: 185269062
A4: 2026 | B4: SGEN | C4: DTH | D4: 2-1-1001-01-1111-10-DTH1-0000000-2.1.1.01.01.001.04. | E4: 6 | F4: SUBSIDIO DE ALIMENTACION - SIN CPC (6) | G4: 10 | H4: PORCENTAJE Y/O SOBRETASA AMBIENTAL MUNICIPIOS Y BOGOTÁ | I4: 76786800 | J4: 76786800 | K4: 0 | L4: 76786800 | M4: 30576081 | N4: 46210719 | O4: 0 | P4: 46210719 | Q4: 46210719
A5: 2026 | B5: SGEN | C5: DTH | D5: 2-1-1001-01-1111-10-DTH1-0000000-2.1.1.01.01.001.05. | E5: 7 | F5: AUXILIO DE TRANSPORTE - SIN CPC (7) | G5: 10 | H5: PORCENTAJE Y/O SOBRETASA AMBIENTAL MUNICIPIOS Y BOGOTÁ | I5: 130968000 | J5: 290968000 | K5: 0 | L5: 290968000 | M5: 109203364 | N5: 181764636 | O5: 0 | P5: 181764636 | Q5: 181764636
A6: 2026 | B6: SGEN | C6: DTH | D6: 2-1-1001-01-1111-10-DTH1-0000000-2.1.1.01.01.001.06. | E6: 8 | F6: PRIMA DE SERVICIO - SIN CPC (8) | G6: 10 | H6: PORCENTAJE Y/O SOBRETASA AMBIENTAL MUNICIPIOS Y BOGOTÁ | I6: 8024356329 | J6: 8024356329 | K6: 0 | L6: 8024356329 | M6: 3401103890 | N6: 4623252439 | O6: 2543592 | P6: 4620708847 | Q6: 4617645683
A7: 2026 | B7: SGEN | C7: DTH | D7: 2-1-1001-01-1111-10-DTH1-0000000-2.1.1.01.01.001.07. | E7: 9 | F7: BONIFICACION POR SERVICIOS PRESTADOS - SIN CPC (9) | G7: 10 | H7: PORCENTAJE Y/O SOBRETASA AMBIENTAL MUNICIPIOS Y BOGOTÁ | I7: 2742141726 | J7: 2742141726 | K7: 0 | L7: 2742141726 | M7: 1501090863 | N7: 1241050863 | O7: 0 | P7: 1241050863 | Q7: 1241050863
A8: 2026 | B8: SGEN | C8: DTH | D8: 2-1-1001-01-1111-10-DTH1-0000000-2.1.1.01.01.001.08.01. | E8: 10 | F8: PRIMA DE NAVIDAD - SIN CPC (10) | G8: 10 | H8: PORCENTAJE Y/O SOBRETASA AMBIENTAL MUNICIPIOS Y BOGOTÁ | I8: 9055391283 | J8: 9055391283 | K8: 0 | L8: 9055391283 | M8: 9005678895 | N8: 49712388 | O8: 0 | P8: 49712388 | Q8: 34599010
A9: 2026 | B9: SGEN | C9: DTH | D9: 2-1-1001-01-1111-10-DTH1-0000000-2.1.1.01.01.001.08.02. | E9: 11 | F9: PRIMA DE VACACIONES - SIN CPC (11) | G9: 10 | H9: PORCENTAJE Y/O SOBRETASA AMBIENTAL MUNICIPIOS Y BOGOTÁ | I9: 4348063108 | J9: 4348063108 | K9: 0 | L9: 4348063108 | M9: 2721992621 | N9: 1626070487 | O9: 3620390 | P9: 1622450097 | Q9: 1612253189
A10: 2026 | B10: SGEN | C10: DTH | D10: 2-1-1001-01-1111-10-DTH1-0000000-2.1.1.01.01.001.09. | E10: 12 | F10: PRIMA TECNICA SALARIAL - SIN CPC (12) | G10: 10 | H10: PORCENTAJE Y/O SOBRETASA AMBIENTAL MUNICIPIOS Y BOGOTÁ | I10: 3217012808 | J10: 3217012808 | K10: 0 | L10: 3217012808 | M10: 1155052980 | N10: 2061959828 | O10: 0 | P10: 2061959828 | Q10: 2061959828
A11: 2026 | B11: SGEN | C11: DTH | D11: 2-1-1001-01-1111-10-DTH1-0000000-2.1.1.01.02.001. | E11: 13 | F11: APORTES A LA SEGURIDAD SOCIAL EN PENSIONES - SIN CPC (13) | G11: 10 | H11: PORCENTAJE Y/O SOBRETASA AMBIENTAL MUNICIPIOS Y BOGOTÁ | I11: 11561786538 | J11: 8561786538 | K11: 0 | L11: 8561786538 | M11: 3548337264 | N11: 5013449274 | O11: 0 | P11: 5013449274 | Q11: 5013449274
A12: 2026 | B12: SGEN | C12: DTH | D12: 2-1-1001-01-1111-10-DTH1-0000000-2.1.1.01.02.002. | E12: 14 | F12: APORTES A LA SEGURIDAD SOCIAL EN SALUD - SIN CPC (14) | G12: 10 | H12: PORCENTAJE Y/O SOBRETASA AMBIENTAL MUNICIPIOS Y BOGOTÁ | I12: 8189598798 | J12: 6689598798 | K12: 0 | L12: 6689598798 | M12: 3152342198 | N12: 3537256600 | O12: 0 | P12: 3537256600 | Q12: 3537256600
A13: 2026 | B13: SGEN | C13: DTH | D13: 2-1-1001-01-1111-10-DTH1-0000000-2.1.1.01.02.003. | E13: 15 | F13: APORTES DE CESANTIAS - SIN CPC (15) | G13: 10 | H13: PORCENTAJE Y/O SOBRETASA AMBIENTAL MUNICIPIOS Y BOGOTÁ | I13: 9831982223 | J13: 7331982223 | K13: 0 | L13: 7331982223 | M13: 3508213795 | N13: 3823768428 | O13: 0 | P13: 3823768428 | Q13: 3823768428
... A174: 2026 | B174: SGEN | C174: DFIN | D174: 2-1-8001-04-1111-81-DFIN-0000000-2.1.8.04.13. | E174: 846 | F174: CONTRIBUCION - FONDO DE COMPENSACION AMBIENTAL - SIN CPC (846) | G174: 81 | H174: R.B-SECTOR ELÉCTRICO - EMGESA - R BOGOTÁ - RECURSOS DEL BALANCE | I174: 0 | J174: 1064808739 | K174: 0 | L174: 1064808739 | M174: 0 | N174: 1064808739 | O174: 0 | P174: 1064808739 | Q174: 1064808739
F175: EJECUCIÓN GASTOS DE FUNCIONAMIENTO | I175: =SUM(I2:I174) -> 318353739764 | J175: =SUM(J2:J174) -> 425298853028 | K175: =SUM(K2:K174) -> 15692979446 | L175: =SUM(L2:L174) -> 409605873582 | M175: =SUM(M2:M174) -> 83072071470 | N175: =SUM(N2:N174) -> 326533802112 | O175: =SUM(O2:O174) -> 48499060158 | P175: =SUM(P2:P174) -> 278034741954 | Q175: =SUM(Q2:Q174) -> 276792275701
A176: 2026 | B176: SGEN | C176: DFIN | D176: 2-2-2001-01-2222-10-DFIN-0000000-2.2.2.01.02.002.02.03. | E176: 136 | F176: BANCA COMERCIAL - SIN CPC (136) | G176: 10 | H176: PORCENTAJE Y/O SOBRETASA AMBIENTAL MUNICIPIOS Y BOGOTÁ | I176: 19554140350 | J176: 19554140350 | K176: 0 | L176: 19554140350 | M176: 4027070175 | N176: 15527070175 | O176: 0 | P176: 15527070175 | Q176: 15527070175
A177: 2026 | B177: SGEN | C177: DFIN | D177: 2-2-2001-02-2222-10-DFIN-0000000-2.2.2.02.02.002.02.03. | E177: 137 | F177: BANCA COMERCIAL - SIN CPC (137) | G177: 10 | H177: PORCENTAJE Y/O SOBRETASA AMBIENTAL MUNICIPIOS Y BOGOTÁ | I177: 11778646214 | J177: 11778646214 | K177: 0 | L177: 11778646214 | M177: 3063241753 | N177: 8715404461 | O177: 0 | P177: 8715404461 | Q177: 8715404461
F178: EJECUCIÓN SERVICIO DE LA DEUDA | I178: =SUM(I176:I177) -> 31332786564 | J178: =SUM(J176:J177) -> 31332786564 | K178: =SUM(K176:K177) -> 0 | L178: =SUM(L176:L177) -> 31332786564 | M178: =SUM(M176:M177) -> 7090311928 | N178: =SUM(N176:N177) -> 24242474636 | O178: =SUM(O176:O177) -> 0 | P178: =SUM(P176:P177) -> 24242474636 | Q178: =SUM(Q176:Q177) -> 24242474636
A179: 2026 | B179: SGAA | C179: DTA | D179: 2-3-3201-88-3112-10-0101-0066023-2.3.2.02.02.006. | E179: 138 | F179: COMERCIO Y DISTRIBUCIÓN; ALOJAMIENTO; SERVICIOS DE SUMINISTRO DE COMIDAS Y BEBIDAS; SERVICIOS DE TRANSPORTE; Y SERVICIOS DE DISTRIBUCIÓN DE ELECTRICIDAD, GAS Y AGUA - SERVICIOS DE ALQUILER DE EMBARCACIONES DE PASAJEROS PARA TRANSPORTE FLUVIAL CON TRIPULACION (138) | G179: 10 | H179: PORCENTAJE Y/O SOBRETASA AMBIENTAL MUNICIPIOS Y BOGOTÁ | I179: 718628400 | J179: 718628400 | K179: 0 | L179: 718628400 | M179: 0 | N179: 718628400 | O179: 413450853 | P179: 305177547 | Q179: 305177547
A180: 2026 | B180: SGAA | C180: DTA | D180: 2-3-3201-88-3112-10-0101-0083990-2.3.2.02.02.008. | E180: 139 | F180: SERVICIOS PRESTADOS A LAS EMPRESAS Y SERVICIOS DE PRODUCCIÓN - OTROS SERVICIOS PROFESIONALES TECNICOS Y EMPRESARIALES N C P (139) | G180: 10 | H180: PORCENTAJE Y/O SOBRETASA AMBIENTAL MUNICIPIOS Y BOGOTÁ | I180: 2294937550 | J180: 1601318465 | K180: 27069649 | L180: 1574248816 | M180: 30978127 | N180: 1543270689 | O180: 389917493 | P180: 1153353196 | Q180: 1115810463
A181: 2026 | B181: SGAA | C181: DTA | D181: 2-3-3201-88-3112-10-0102-0083990-2.3.2.02.02.008. | E181: 140 | F181: SERVICIOS PRESTADOS A LAS EMPRESAS Y SERVICIOS DE PRODUCCIÓN - OTROS SERVICIOS PROFESIONALES TECNICOS Y EMPRESARIALES N C P (140) | G181: 10 | H181: PORCENTAJE Y/O SOBRETASA AMBIENTAL MUNICIPIOS Y BOGOTÁ | I181: 1503295086 | J181: 1731285646 | K181: 25240997 | L181: 1706044649 | M181: 9561013 | N181: 1696483636 | O181: 215441066 | P181: 1481042570 | Q181: 1481042570
A182: 2026 | B182: SGAA | C182: DTA | D182: 2-3-3201-88-3112-10-0103-0000000-2.3.2.01.01.003.02.02. | E182: 758 | F182: MAQUINAS HERRAMIENTAS Y SUS PARTES, PIEZAS Y ACCESORIOS - SIN CPC (758) | G182: 10 | H182: PORCENTAJE Y/O SOBRETASA AMBIENTAL MUNICIPIOS Y BOGOTÁ | I182: 0 | J182: 0 | K182: 0 | L182: 0 | M182: 0 | N182: 0 | O182: 0 | P182: 0 | Q182: 0
A183: 2026 | B183: SGAA | C183: DTA | D183: 2-3-3201-88-3112-10-0103-0069113-2.3.2.02.02.006. | E183: 600 | F183: COMERCIO Y DISTRIBUCIÓN; ALOJAMIENTO; SERVICIOS DE SUMINISTRO DE COMIDAS Y BEBIDAS; SERVICIOS DE TRANSPORTE; Y SERVICIOS DE DISTRIBUCIÓN DE ELECTRICIDAD, GAS Y AGUA - SERVICIOS DE COMERCIALIZACION DE ELECTRICIDAD POR CUENTA PROPIA (600) | G183: 10 | H183: PORCENTAJE Y/O SOBRETASA AMBIENTAL MUNICIPIOS Y BOGOTÁ | I183: 0 | J183: 25000000 | K183: 0 | L183: 25000000 | M183: 0 | N183: 25000000 | O183: 14500560 | P183: 10499440 | Q183: 10499440
A184: 2026 | B184: SGAA | C184: DTA | D184: 2-3-3201-88-3112-10-0103-0069210-2.3.2.02.02.006. | E184: 601 | F184: COMERCIO Y DISTRIBUCIÓN; ALOJAMIENTO; SERVICIOS DE SUMINISTRO DE COMIDAS Y BEBIDAS; SERVICIOS DE TRANSPORTE; Y SERVICIOS DE DISTRIBUCIÓN DE ELECTRICIDAD, GAS Y AGUA - SERVICIOS DE DISTRIBUCION DE AGUA POR TUBERIAS EXCEPTO VAPOR Y AGUA CALIENTE POR CUENTA PROPIA (601) | G184: 10 | H184: PORCENTAJE Y/O SOBRETASA AMBIENTAL MUNICIPIOS Y BOGOTÁ | I184: 0 | J184: 6000000 | K184: 0 | L184: 6000000 | M184: 4871670 | N184: 1128330 | O184: 0 | P184: 1128330 | Q184: 1128330
A185: 2026 | B185: SGAA | C185: DTA | D185: 2-3-3201-88-3112-10-0103-0072212-2.3.2.02.02.007. | E185: 602 | F185: SERVICIOS FINANCIEROS Y SERVICIOS CONEXOS, SERVICIOS INMOBILIARIOS Y SERVICIOS DE LEASING - SERVICIOS DE ADMINISTRACION DE BIENES INMUEBLES NO RESIDENCIALES DIFERENTES A VIVIENDA A COMISION O POR CONTRATO (602) | G185: 10 | H185: PORCENTAJE Y/O SOBRETASA AMBIENTAL MUNICIPIOS Y BOGOTÁ | I185: 0 | J185: 25000000 | K185: 0 | L185: 25000000 | M185: 0 | N185: 25000000 | O185: 16063800 | P185: 8936200 | Q185: 8936200
A186: 2026 | B186: SGAA | C186: DTA | D186: 2-3-3201-88-3112-10-0103-0083990-2.3.2.02.02.008. | E186: 141 | F186: SERVICIOS PRESTADOS A LAS EMPRESAS Y SERVICIOS DE PRODUCCIÓN - OTROS SERVICIOS PROFESIONALES TECNICOS Y EMPRESARIALES N C P (141) | G186: 10 | H186: PORCENTAJE Y/O SOBRETASA AMBIENTAL MUNICIPIOS Y BOGOTÁ | I186: 2734555307 | J186: 2737093062 | K186: 23552677 | L186: 2713540385 | M186: 15727894 | N186: 2697812491 | O186: 554454705 | P186: 2143357786 | Q186: 2075257786
A187: 2026 | B187: SGPOA | C187: DBIO | D187: 2-3-3201-88-3112-10-0104-0062291-2.3.2.02.02.006. | E187: 628 | F187: COMERCIO Y DISTRIBUCIÓN; ALOJAMIENTO; SERVICIOS DE SUMINISTRO DE COMIDAS Y BEBIDAS; SERVICIOS DE TRANSPORTE; Y SERVICIOS DE DISTRIBUCIÓN DE ELECTRICIDAD, GAS Y AGUA - COMERCIO AL POR MENOR DE COMBUSTIBLES PARA VEHICULOS AUTOMOTORES ACEITES Y GRASAS LUBRICANTES Y PRODUCTOS RELACIONADOS EN ESTABLECIMIENTOS ESPECIALIZADOS (628) | G187: 10 | H187: PORCENTAJE Y/O SOBRETASA AMBIENTAL MUNICIPIOS Y BOGOTÁ | I187: 0 | J187: 9364389 | K187: 0 | L187: 9364389 | M187: 938542 | N187: 8425847 | O187: 6037434 | P187: 2388413 | Q187: 2388413
A188: 2026 | B188: SGPOA | C188: DBIO | D188: 2-3-3201-88-3112-10-0104-0083990-2.3.2.02.02.008. | E188: 142 | F188: SERVICIOS PRESTADOS A LAS EMPRESAS Y SERVICIOS DE PRODUCCIÓN - OTROS SERVICIOS PROFESIONALES TECNICOS Y EMPRESARIALES N C P (142) | G188: 10 | H188: PORCENTAJE Y/O SOBRETASA AMBIENTAL MUNICIPIOS Y BOGOTÁ | I188: 1188681060 | J188: 1149261060 | K188: 0 | L188: 1149261060 | M188: 5219962 | N188: 1144041098 | O188: 39342000 | P188: 1104699098 | Q188: 1104699098
A189: 2026 | B189: SGPOA | C189: DBIO | D189: 2-3-3201-88-3112-10-0105-0069210-2.3.2.02.02.006. | E189: 143 | F189: COMERCIO Y DISTRIBUCIÓN; ALOJAMIENTO; SERVICIOS DE SUMINISTRO DE COMIDAS Y BEBIDAS; SERVICIOS DE TRANSPORTE; Y SERVICIOS DE DISTRIBUCIÓN DE ELECTRICIDAD, GAS Y AGUA - SERVICIOS DE DISTRIBUCION DE AGUA POR TUBERIAS EXCEPTO VAPOR Y AGUA CALIENTE POR CUENTA PROPIA (143) | G189: 10 | H189: PORCENTAJE Y/O SOBRETASA AMBIENTAL MUNICIPIOS Y BOGOTÁ | I189: 4171220 | J189: 4171220 | K189: 0 | L189: 4171220 | M189: 0 | N189: 4171220 | O189: 0 | P189: 4171220 | Q189: 4171220
A190: 2026 | B190: SGPOA | C190: DBIO | D190: 2-3-3201-88-3112-10-0105-0083931-2.3.2.02.02.008. | E190: 144 | F190: SERVICIOS PRESTADOS A LAS EMPRESAS Y SERVICIOS DE PRODUCCIÓN - SERVICIOS DE CONSULTORIA AMBIENTAL (144) | G190: 10 | H190: PORCENTAJE Y/O SOBRETASA AMBIENTAL MUNICIPIOS Y BOGOTÁ | I190: 519486712 | J190: 519486712 | K190: 0 | L190: 519486712 | M190: 0 | N190: 519486712 | O190: 402245672 | P190: 117241040 | Q190: 117241040
... A1026: 2026 | B1026: SGEN | C1026: DFIN | D1026: 2-3-3299-88-3118-80-1108-0000000-2.3.8.01.14. | E1026: 827 | F1026: GRAVAMEN A LOS MOVIMIENTOS FINANCIEROS - SIN CPC (827) | G1026: 80 | H1026: R.B-RENDIMIENTOS FINANCIEROS - RECURSOS FIAB - RECURSOS DEL BALANCE | I1026: 0 | J1026: 59867346 | K1026: 0 | L1026: 59867346 | M1026: 41982617 | N1026: 17884729 | O1026: 0 | P1026: 17884729 | Q1026: 17884729
F1027: SUBTOTAL GASTOS DE INVERSIÓN RENTAS PROPIAS | I1027: =SUM(I179:I1026) -> 1816176994210 | J1027: =SUM(J179:J1026) -> 2337104618019 | K1027: =SUM(K179:K1026) -> 420207059943 | L1027: =SUM(L179:L1026) -> 1916897558076 | M1027: =SUM(M179:M1026) -> 326802404187 | N1027: =SUM(N179:N1026) -> 1590095153889 | O1027: =SUM(O179:O1026) -> 1039993679913 | P1027: =SUM(P179:P1026) -> 550101473976 | Q1027: =SUM(Q179:Q1026) -> 531100298906
F1028: GASTOS DE INVERSIÓN SISTEMA GENERAL DE REGALÍAS - SGR
A1029: 2026 | B1029: SGFIA | C1029: DIA | D1029: 00AR-3202-0904-2017000050063 | F1029: RECUPERACIÓN HIDRÁULICA Y AMBIENTAL DEL COMPLEJO LAGUNAR FÚQUENE | G1029: AR25000 | H1029: AIR - CUNDINAMARCA | I1029: 0 | J1029: 5139429504 | K1029: 0 | L1029: 5139429504 | M1029: 4068997017 | N1029: 1070432487 | O1029: 114228883 | P1029: 956203604 | Q1029: 956203604
A1030: 2026 | B1030: SGFIA | C1030: DIA | D1030: 00AR-3202-0904-2018000050048 | F1030: RECUPERACIÓN HIDRÁULICA Y AMBIENTAL DEL COMPLEJO LAGUNAR FÚQUENE SECTOR QUICAGOTA DEL MUNICIPIO DE RÁQUIRA | G1030: AR15000 | H1030: AIR - BOYACÁ | I1030: 0 | J1030: 1529084185 | K1030: 0 | L1030: 1529084185 | M1030: 1529084185 | N1030: 0 | O1030: 0 | P1030: 0 | Q1030: 0
F1031: SUBTOTAL GASTOS DE INVERSIÓN SISTEMA GENERAL DE REGALÍAS - SGR | I1031: =SUM(I1029:I1030) -> 0 | J1031: =SUM(J1029:J1030) -> 6668513689 | K1031: =SUM(K1029:K1030) -> 0 | L1031: =SUM(L1029:L1030) -> 6668513689 | M1031: =SUM(M1029:M1030) -> 5598081202 | N1031: =SUM(N1029:N1030) -> 1070432487 | O1031: =SUM(O1029:O1030) -> 114228883 | P1031: =SUM(P1029:P1030) -> 956203604 | Q1031: =SUM(Q1029:Q1030) -> 956203604
F1032: TOTAL GASTOS DE INVERSIÓN | I1032: =I1027+I1031 -> 1816176994210 | J1032: =J1027+J1031 -> 2343773131708 | K1032: =K1027+K1031 -> 420207059943 | L1032: =L1027+L1031 -> 1923566071765 | M1032: =M1027+M1031 -> 332400485389 | N1032: =N1027+N1031 -> 1591165586376 | O1032: =O1027+O1031 -> 1040107908796 | P1032: =P1027+P1031 -> 551057677580 | Q1032: =Q1027+Q1031 -> 532056502510
F1033: TOTAL GASTOS | I1033: =I175+I178+I1032 -> 2165863520538 | J1033: =J175+J178+J1032 -> 2800404771300 | K1033: =K175+K178+K1032 -> 435900039389 | L1033: =L175+L178+L1032 -> 2364504731911 | M1033: =M175+M178+M1032 -> 422562868787 | N1033: =N175+N178+N1032 -> 1941941863124 | O1033: =O175+O178+O1032 -> 1088606968954 | P1033: =P175+P178+P1032 -> 853334894170 | Q1033: =Q175+Q178+Q1032 -> 833091252847
I1034: 2165863520538 | J1034: 2800404771300 | K1034: 441974002833 | L1034: 2358430768467 | M1034: 430257082800 | N1034: 1928173685667 | O1034: 1100098145323 | P1034: 828075540344 | Q1034: 762076289292
I1035: =I1033-I1034 -> 0 | J1035: =J1033-J1034 -> 0 | K1035: =K1033-K1034 -> -6073963444 | L1035: =L1033-L1034 -> 6073963444 | M1035: =M1033-M1034 -> -7694214013 | N1035: =N1033-N1034 -> 13768177457 | O1035: =O1033-O1034 -> -11491176369 | P1035: =P1033-P1034 -> 25259353826 | Q1035: =Q1033-Q1034 -> 71014963555

Sheet 2-Gastos x Área 16-OCT-2026
A1: EJECUCIÓN PRESUPUESTAL DE GASTOS POR DEPENDENCIA | M1: cifras en pesos
A2: SUBDIRECCIÓN | B2: FUNCIONAMIENTO POR DEPENDENCIA | C2: APROPIACIÓN INICIAL | D2: APROPIACIÓN DEFINITIVA | E2: SALDO EN APROPIACIÓN | F2: DISPONIBILIDADES | G2: SALDO EN DISPONIBILIDADES | H2: COMPROMISOS | I2: SALDO EN COMPROMISOS | J2: OBLIGACIONES | K2: PAGOS | L2: DISPONIBILIDADES / APROPIACIÓN | M2: COMPROMISOS / APROPIACIÓN | N2: OBLIGACIONES / APROPIACIÓN
A3: SGEN - Secretaría General | B3: DTH - Dirección de Talento Humano | C3: 175771796352 | D3: 146565909778 | E3: 578036130 | F3: 145987873648 | G3: 66774877917 | H3: 79212995731 | I3: 4112606951 | J3: 75100388780 | K3: 74768111128 | L3: =IF(D3>0,(F3/D3),"N.A") -> 0.99605614 | M3: =IF(D3>0,(H3/D3),"N.A") -> 0.54045989 | N3: =IF(D3>0,(J3/D3),"N.A") -> 0.51240011
B4: DASC - Dirección Administrativa y de Servicio al Ciudadano | C4: 76035853229 | D4: 78063845225 | E4: 8355981974 | F4: 69707863251 | G4: 4782074136 | H4: 64925789115 | I4: 27539830057 | J4: 37385959058 | K4: 37092436947 | L4: =IF(D4>0,(F4/D4),"N.A") -> 0.89295964 | M4: =IF(D4>0,(H4/D4),"N.A") -> 0.83170114 | N4: =IF(D4>0,(J4/D4),"N.A") -> 0.47891516
B5: DFIN - Dirección Financiera | C5: 24815705728 | D5: 25641757454 | E5: 3946531364 | F5: 21695226090 | G5: 8445179247 | H5: 13250046843 | I5: 2040727778 | J5: 11209319065 | K5: 11040297575 | L5: =IF(D5>0,(F5/D5),"N.A") -> 0.84608967 | M5: =IF(D5>0,(H5/D5),"N.A") -> 0.51673708 | N5: =IF(D5>0,(J5/D5),"N.A") -> 0.43715097
B6: SGEN - Secretaría General | C6: 3301109052 | D6: 3301109052 | E6: 0 | F6: 3301109052 | G6: 292969850 | H6: 3008139202 | I6: 813700030 | J6: 2194439172 | K6: 2175439172 | L6: =IF(D6>0,(F6/D6),"N.A") -> 1 | M6: =IF(D6>0,(H6/D6),"N.A") -> 0.91125108 | N6: =IF(D6>0,(J6/D6),"N.A") -> 0.66475816
B7: DGC - Dirección de Gestión Contractual | C7: 12406605276 | D7: 12406605276 | E7: 61626466 | F7: 12344978810 | G7: 200962110 | H7: 12144016700 | I7: 3134918072 | J7: 9009098628 | K7: 8827338628 | L7: =IF(D7>0,(F7/D7),"N.A") -> 0.99503277 | M7: =IF(D7>0,(H7/D7),"N.A") -> 0.97883478 | N7: =IF(D7>0,(J7/D7),"N.A") -> 0.7261534
B8: TOTAL | C8: =SUM(C3:C7) -> 292331069637 | D8: =SUM(D3:D7) -> 265979226785 | E8: =SUM(E3:E7) -> 12942175934 | F8: =SUM(F3:F7) -> 253037050851 | G8: =SUM(G3:G7) -> 80496063260 | H8: =SUM(H3:H7) -> 172540987591 | I8: =SUM(I3:I7) -> 37641782888 | J8: =SUM(J3:J7) -> 134899204703 | K8: =SUM(K3:K7) -> 133903623450 | L8: =IF(D8>0,(F8/D8),"N.A") -> 0.9513414 | M8: =IF(D8>0,(H8/D8),"N.A") -> 0.64870099 | N8: =IF(D8>0,(J8/D8),"N.A") -> 0.50717948
A9: SGAA - Subdirección General de Autoridad Ambiental | B9: DJA - Dirección Jurídica Ambiental | C9: 10676592532 | D9: 8641716818 | E9: 0 | F9: 8641716818 | G9: 1835856666 | H9: 6805860152 | I9: 5601535120 | J9: 1204325032 | K9: 1168951699 | L9: =IF(D9>0,(F9/D9),"N.A") -> 1 | M9: =IF(D9>0,(H9/D9),"N.A") -> 0.7875588 | N9: =IF(D9>0,(J9/D9),"N.A") -> 0.13936178
B10: DTA - Dirección Técnica Ambiental | C10: 1781678674 | D10: 1781678674 | E10: 28473596 | F10: 1753205078 | G10: 1636448 | H10: 1751568630 | I10: 443566176 | J10: 1308002454 | K10: 1292002454 | L10: =IF(D10>0,(F10/D10),"N.A") -> 0.98401867 | M10: =IF(D10>0,(H10/D10),"N.A") -> 0.98310018 | N10: =IF(D10>0,(J10/D10),"N.A") -> 0.73414049
B11: TOTAL | C11: =SUM(C9:C10) -> 12458271206 | D11: =SUM(D9:D10) -> 10423395492 | E11: =SUM(E9:E10) -> 28473596 | F11: =SUM(F9:F10) -> 10394921896 | G11: =SUM(G9:G10) -> 1837493114 | H11: =SUM(H9:H10) -> 8557428782 | I11: =SUM(I9:I10) -> 6045101296 | J11: =SUM(J9:J10) -> 2512327486 | K11: =SUM(K9:K10) -> 2460954153 | L11: =IF(D11>0,(F11/D11),"N.A") -> 0.9972683 | M11: =IF(D11>0,(H11/D11),"N.A") -> 0.82098284 | N11: =IF(D11>0,(J11/D11),"N.A") -> 0.24102774
A12: OJUR - Oficina Jurídica Corporativa | B12: OJUR - Oficina Jurídica Corporativa | C12: 8218595567 | D12: 141355679174 | E12: 2707877090 | F12: 138647802084 | G12: 355954761 | H12: 138291847323 | I12: 1453921105 | J12: 136837926218 | K12: 136672914551 | L12: =IF(D12>0,(F12/D12),"N.A") -> 0.98084352 | M12: =IF(D12>0,(H12/D12),"N.A") -> 0.97832537 | N12: =IF(D12>0,(J12/D12),"N.A") -> 0.96803982
A13: OCIN - Oficina de Control Interno | B13: OCIN - Oficina de Control Interno | C13: 1882490520 | D13: 1847238743 | E13: 0 | F13: 1847238743 | G13: 0 | H13: 1847238743 | I13: 518517172 | J13: 1328721571 | K13: 1328721571 | L13: =IF(D13>0,(F13/D13),"N.A") -> 1 | M13: =IF(D13>0,(H13/D13),"N.A") -> 1 | N13: =IF(D13>0,(J13/D13),"N.A") -> 0.71930149
A14: DGEN - Dirección General | B14: DGEN - Dirección General | C14: 1510000000 | D14: 1990000000 | E14: 3310833 | F14: 1986689167 | G14: 12750000 | H14: 1973939167 | I14: 595970168 | J14: 1377968999 | K14: 1362468999 | L14: =IF(D14>0,(F14/D14),"N.A") -> 0.99833626 | M14: =IF(D14>0,(H14/D14),"N.A") -> 0.99192923 | N14: =IF(D14>0,(J14/D14),"N.A") -> 0.69244673
A15: SGCGA - Subdirección General de Cultura y Gobernanza Ambiental | B15: DSICA - Dirección Técnica de Sostenibilidad e Innovación para el fortalecimiento de la Cultura Ambiental | C15: 657400000 | D15: 657400000 | E15: 0 | F15: 657400000 | G15: 272500000 | H15: 384900000 | I15: 164200000 | J15: 220700000 | K15: 205700000 | L15: =IF(D15>0,(F15/D15),"N.A") -> 1 | M15: =IF(D15>0,(H15/D15),"N.A") -> 0.58548829 | N15: =IF(D15>0,(J15/D15),"N.A") -> 0.33571646
A16: OCDI - Oficina de Control Disciplinario Interno | B16: OCDI - Oficina de Control Disciplinario Interno | C16: 774912834 | D16: 774912834 | E16: 141993 | F16: 774770841 | G16: 97310335 | H16: 677460506 | I16: 178317529 | J16: 499142977 | K16: 499142977 | L16: =IF(D16>0,(F16/D16),"N.A") -> 0.99981676 | M16: =IF(D16>0,(H16/D16),"N.A") -> 0.87424092 | N16: =IF(D16>0,(J16/D16),"N.A") -> 0.6441279
A17: OGDAD - Oficina de Gobernanza Digital y Analítica de Datos | B17: OGDAD - Oficina de Gobernanza Digital y Analítica de Datos | C17: 0 | D17: 1750000000 | E17: 0 | F17: 1750000000 | G17: 0 | H17: 1750000000 | I17: 1750000000 | J17: 0 | K17: 0 | L17: =IF(D17>0,(F17/D17),"N.A") -> 1 | M17: =IF(D17>0,(H17/D17),"N.A") -> 1 | N17: =IF(D17>0,(J17/D17),"N.A") -> 0
A18: OAP - Oficina Asesora de Planeación | B18: OAP - Oficina Asesora de Planeación | C18: 521000000 | D18: 521000000 | E18: 11000000 | F18: 510000000 | G18: 0 | H18: 510000000 | I18: 151250000 | J18: 358750000 | K18: 358750000 | L18: =IF(D18>0,(F18/D18),"N.A") -> 0.97888676 | M18: =IF(D18>0,(H18/D18),"N.A") -> 0.97888676 | N18: =IF(D18>0,(J18/D18),"N.A") -> 0.68857965
B19: TOTAL | C19: =C8+C11+C12+C13+C14+C15+C16+C17+C18 -> 318353739764 | D19: =D8+D11+D12+D13+D14+D15+D16+D17+D18 -> 425298853028 | E19: =E8+E11+E12+E13+E14+E15+E16+E17+E18 -> 15692979446 | F19: =F8+F11+F12+F13+F14+F15+F16+F17+F18 -> 409605873582 | G19: =G8+G11+G12+G13+G14+G15+G16+G17+G18 -> 83072071470 | H19: =H8+H11+H12+H13+H14+H15+H16+H17+H18 -> 326533802112 | I19: =I8+I11+I12+I13+I14+I15+I16+I17+I18 -> 48499060158 | J19: =J8+J11+J12+J13+J14+J15+J16+J17+J18 -> 278034741954 | K19: =K8+K11+K12+K13+K14+K15+K16+K17+K18 -> 276792275701 | L19: =IF(D19>0,(F19/D19),"N.A") -> 0.96310129 | M19: =IF(D19>0,(H19/D19),"N.A") -> 0.76777494 | N19: =IF(D19>0,(J19/D19),"N.A") -> 0.65373969
C20: ='1-Ejecución Gastos 16-OCT-2026'!I175 -> 318353739764 | D20: ='1-Ejecución Gastos 16-OCT-2026'!J175 -> 425298853028 | E20: ='1-Ejecución Gastos 16-OCT-2026'!K175 -> 15692979446 | F20: ='1-Ejecución Gastos 16-OCT-2026'!L175 -> 409605873582 | G20: ='1-Ejecución Gastos 16-OCT-2026'!M175 -> 83072071470 | H20: ='1-Ejecución Gastos 16-OCT-2026'!N175 -> 326533802112 | I20: ='1-Ejecución Gastos 16-OCT-2026'!O175 -> 48499060158 | J20: ='1-Ejecución Gastos 16-OCT-2026'!P175 -> 278034741954 | K20: ='1-Ejecución Gastos 16-OCT-2026'!Q175 -> 276792275701 | L20: 0 | M20: 0 | N20: 0
C21: =C19-C20 -> 0 | D21: =D19-D20 -> 0 | E21: =E19-E20 -> 0 | F21: =F19-F20 -> 0 | G21: =G19-G20 -> 0 | H21: =H19-H20 -> 0 | I21: =I19-I20 -> 0 | J21: =J19-J20 -> 0 | K21: =K19-K20 -> 0
A22: SUBDIRECCIÓN | B22: INVERSIÓN POR DEPENDENCIA | C22: APROPIACIÓN INICIAL | D22: APROPIACIÓN DEFINITIVA | E22: SALDO EN APROPIACIÓN | F22: DISPONIBILIDADES | G22: SALDO EN DISPONIBILIDADES | H22: COMPROMISOS | I22: SALDO EN COMPROMISOS | J22: OBLIGACIONES | K22: PAGOS | L22: DISPONIBILIDADES / APROPIACIÓN | M22: COMPROMISOS / APROPIACIÓN | N22: OBLIGACIONES / APROPIACIÓN
A23: SGFIA - Subdirección General de Administración del FIAB e Infraestructura Ambiental | B23: DFIAB - Dirección Técnica FIAB | C23: 1135620275174 | D23: 1472425042077 | E23: 338684881770 | F23: 1133740160307 | G23: 273154185580 | H23: 860585974727 | I23: 619843183484 | J23: 240742791243 | K23: 232512098830 | L23: =IF(D23>0,(F23/D23),"N.A") -> 0.76998158 | M23: =IF(D23>0,(H23/D23),"N.A") -> 0.58446845 | N23: =IF(D23>0,(J23/D23),"N.A") -> 0.16350088
B24: DIA - Dirección Técnica de Infraestructura Ambiental | C24: 200452597391 | D24: 316718256168 | E24: 61834526485 | F24: 254883729683 | G24: 15380755799 | H24: 239502973884 | I24: 168460128817 | J24: 71042845067 | K24: 68521803948 | L24: =IF(D24>0,(F24/D24),"N.A") -> 0.80476488 | M24: =IF(D24>0,(H24/D24),"N.A") -> 0.75620198 | N24: =IF(D24>0,(J24/D24),"N.A") -> 0.22430928
B25: TOTAL | C25: =SUM(C23:C24) -> 1336072872565 | D25: =SUM(D23:D24) -> 1789143298245 | E25: =SUM(E23:E24) -> 400519408255 | F25: =SUM(F23:F24) -> 1388623889990 | G25: =SUM(G23:G24) -> 288534941379 | H25: =SUM(H23:H24) -> 1100088948611 | I25: =SUM(I23:I24) -> 788303312301 | J25: =SUM(J23:J24) -> 311785636310 | K25: =SUM(K23:K24) -> 301033902778 | L25: =IF(D25>0,(F25/D25),"N.A") -> 0.776139 | M25: =IF(D25>0,(H25/D25),"N.A") -> 0.61486911 | N25: =IF(D25>0,(J25/D25),"N.A") -> 0.17426532
A26: SGCGA - Subdirección General de Cultura y Gobernanza Ambiental | B26: DSICA - Dirección Técnica de Sostenibilidad e Innovación para el fortalecimiento de la Cultura Ambiental | C26: 132118854860 | D26: 142495131405 | E26: 1038582194 | F26: 141456549211 | G26: 8084608635 | H26: 133371940576 | I26: 68696915259 | J26: 64675025317 | K26: 64288818983 | L26: =IF(D26>0,(F26/D26),"N.A") -> 0.99271145 | M26: =IF(D26>0,(H26/D26),"N.A") -> 0.93597542 | N26: =IF(D26>0,(J26/D26),"N.A") -> 0.45387533
B27: DCGA - Dirección Técnica de Desarrollo de Capacidades para la Gobernanza Ambiental | C27: 83710072229 | D27: 93216961727 | E27: 10771535409 | F27: 82445426318 | G27: 4577238552 | H27: 77868187766 | I27: 45151642355 | J27: 32716545411 | K27: 32403682201 | L27: =IF(D27>0,(F27/D27),"N.A") -> 0.88444662 | M27: =IF(D27>0,(H27/D27),"N.A") -> 0.83534355 | N27: =IF(D27>0,(J27/D27),"N.A") -> 0.35097202
B28: TOTAL | C28: =SUM(C26:C27) -> 215828927089 | D28: =SUM(D26:D27) -> 235712093132 | E28: =SUM(E26:E27) -> 11810117603 | F28: =SUM(F26:F27) -> 223901975529 | G28: =SUM(G26:G27) -> 12661847187 | H28: =SUM(H26:H27) -> 211240128342 | I28: =SUM(I26:I27) -> 113848557614 | J28: =SUM(J26:J27) -> 97391570728 | K28: =SUM(K26:K27) -> 96692501184 | L28: =IF(D28>0,(F28/D28),"N.A") -> 0.949896 | M28: =IF(D28>0,(H28/D28),"N.A") -> 0.89617858 | N28: =IF(D28>0,(J28/D28),"N.A") -> 0.4131802
A29: SGPOA - Subdirección General de Planificación y Ordenamiento Ambiental | B29: DOT - Dirección Técnica de Ordenamiento Territorial | C29: 57802626908 | D29: 55421780348 | E29: 1725136611 | F29: 53696643737 | G29: 5207151232 | H29: 48489492505 | I29: 29372565393 | J29: 19116927112 | K29: 18760716846 | L29: =IF(D29>0,(F29/D29),"N.A") -> 0.96887259 | M29: =IF(D29>0,(H29/D29),"N.A") -> 0.87491763 | N29: =IF(D29>0,(J29/D29),"N.A") -> 0.34493528
B30: DBIO - Dirección Técnica de Biodiversidad | C30: 60985837814 | D30: 72123323524 | E30: 2933679508 | F30: 69189644016 | G30: 5106903418 | H30: 64082740598 | I30: 41909931758 | J30: 22172808840 | K30: 21702594143 | L30: =IF(D30>0,(F30/D30),"N.A") -> 0.95932412 | M30: =IF(D30>0,(H30/D30),"N.A") -> 0.88851619 | N30: =IF(D30>0,(J30/D30),"N.A") -> 0.30742911
B31: DCMA - Dirección Técnica Científica y de Modelamiento Ambiental | C31: 48519836188 | D31: 49490544746 | E31: 986699734 | F31: 48503845012 | G31: 3000319981 | H31: 45503525031 | I31: 20958984969 | J31: 24544540062 | K31: 23800213796 | L31: =IF(D31>0,(F31/D31),"N.A") -> 0.98006286 | M31: =IF(D31>0,(H31/D31),"N.A") -> 0.91943876 | N31: =IF(D31>0,(J31/D31),"N.A") -> 0.49594403
B32: SGPOA - Subdirección General de Planificación y Ordenamiento Ambiental | C32: 0 | D32: 0 | E32: 0 | F32: 0 | G32: 0 | H32: 0 | I32: 0 | J32: 0 | K32: 0 | L32: =IF(D32>0,(F32/D32),"N.A") -> N.A | M32: =IF(D32>0,(H32/D32),"N.A") -> N.A | N32: =IF(D32>0,(J32/D32),"N.A") -> N.A
B33: TOTAL | C33: =SUM(C29:C32) -> 167308300910 | D33: =SUM(D29:D32) -> 177035648618 | E33: =SUM(E29:E32) -> 5645515853 | F33: =SUM(F29:F32) -> 171390132765 | G33: =SUM(G29:G32) -> 13314374631 | H33: =SUM(H29:H32) -> 158075758134 | I33: =SUM(I29:I32) -> 92241482120 | J33: =SUM(J29:J32) -> 65834276014 | K33: =SUM(K29:K32) -> 64263524785 | L33: =IF(D33>0,(F33/D33),"N.A") -> 0.96811085 | M33: =IF(D33>0,(H33/D33),"N.A") -> 0.89290354 | N33: =IF(D33>0,(J33/D33),"N.A") -> 0.37187017
A34: SGAA - Subdirección General de Autoridad Ambiental | B34: DTA - Dirección Técnica Ambiental | C34: 26508320167 | D34: 35776818897 | E34: 1147779828 | F34: 34629039069 | G34: 2228677856 | H34: 32400361213 | I34: 9392873600 | J34: 23007487613 | K34: 22103450559 | L34: =IF(D34>0,(F34/D34),"N.A") -> 0.96791834 | M34: =IF(D34>0,(H34/D34),"N.A") -> 0.90562443 | N34: =IF(D34>0,(J34/D34),"N.A") -> 0.64308366
B35: DJA - Dirección Jurídica Ambiental | C35: 25938457062 | D35: 26630268777 | E35: 752868040 | F35: 25877400737 | G35: 1874503467 | H35: 24002897270 | I35: 8446932095 | J35: 15555965175 | K35: 15060396108 | L35: =IF(D35>0,(F35/D35),"N.A") -> 0.97172886 | M35: =IF(D35>0,(H35/D35),"N.A") -> 0.9013389 | N35: =IF(D35>0,(J35/D35),"N.A") -> 0.58414601
B36: TOTAL | C36: =SUM(C34:C35) -> 52446777229 | D36: =SUM(D34:D35) -> 62407087674 | E36: =SUM(E34:E35) -> 1900647868 | F36: =SUM(F34:F35) -> 60506439806 | G36: =SUM(G34:G35) -> 4103181323 | H36: =SUM(H34:H35) -> 56403258483 | I36: =SUM(I34:I35) -> 17839805695 | J36: =SUM(J34:J35) -> 38563452788 | K36: =SUM(K34:K35) -> 37163846667 | L36: =IF(D36>0,(F36/D36),"N.A") -> 0.96954436 | M36: =IF(D36>0,(H36/D36),"N.A") -> 0.90379572 | N36: =IF(D36>0,(J36/D36),"N.A") -> 0.61793386
A37: OGDAD - Oficina de Gobernanza Digital y Analítica de Datos | B37: OGDAD - Oficina de Gobernanza Digital y Analítica de Datos | C37: 12425189499 | D37: 24232360712 | E37: 240396847 | F37: 23991963865 | G37: 1638037255 | H37: 22353926610 | I37: 9732930777 | J37: 12620995833 | K37: 8277503856 | L37: =IF(D37>0,(F37/D37),"N.A") -> 0.99007951 | M37: =IF(D37>0,(H37/D37),"N.A") -> 0.92248241 | N37: =IF(D37>0,(J37/D37),"N.A") -> 0.52083229
A38: SGEN - Secretaría General | B38: DTH - Dirección de Talento Humano | C38: 391787779 | D38: 325057161 | E38: 0 | F38: 325057161 | G38: 276253460 | H38: 48803701 | I38: 0 | J38: 48803701 | K38: 48803701 | L38: =IF(D38>0,(F38/D38),"N.A") -> 1 | M38: =IF(D38>0,(H38/D38),"N.A") -> 0.15013883 | N38: =IF(D38>0,(J38/D38),"N.A") -> 0.15013883
B39: DASC - Dirección Administrativa y de Servicio al Ciudadano | C39: 11551303442 | D39: 25074711884 | E39: 0 | F39: 25074711884 | G39: 1887348044 | H39: 23187363840 | I39: 13141782813 | J39: 10045581027 | K39: 9936181027
B40: DFIN - Dirección Financiera | C40: 69638800 | D40: 9590388463 | E40: 89782095 | F40: 9500606368 | G40: 7754396583 | H40: 1746209785 | I40: 0 | J40: 1746209785 | K40: 1746209785 | L40: =IF(D40>0,(F40/D40),"N.A") -> 0.99063833 | M40: =IF(D40>0,(H40/D40),"N.A") -> 0.18207915 | N40: =IF(D40>0,(J40/D40),"N.A") -> 0.18207915
B41: TOTAL | C41: =SUM(C38:C40) -> 12012730021 | D41: =SUM(D38:D40) -> 34990157508 | E41: =SUM(E38:E40) -> 89782095 | F41: =SUM(F38:F40) -> 34900375413 | G41: =SUM(G38:G40) -> 9917998087 | H41: =SUM(H38:H40) -> 24982377326 | I41: =SUM(I38:I40) -> 13141782813 | J41: =SUM(J38:J40) -> 11840594513 | K41: =SUM(K38:K40) -> 11731194513 | L41: =IF(D41>0,(F41/D41),"N.A") -> 0.99743408 | M41: =IF(D41>0,(H41/D41),"N.A") -> 0.71398299 | N41: =IF(D41>0,(J41/D41),"N.A") -> 0.33839786
A42: OAC - Oficina Asesora de Comunicaciones | B42: OAC - Oficina Asesora de Comunicaciones | C42: 11335616936 | D42: 13439192965 | E42: 640000 | F42: 13438552965 | G42: 2001628027 | H42: 11436924938 | I42: 2623625993 | J42: 8813298945 | K42: 8803198945 | L42: =IF(D42>0,(F42/D42),"N.A") -> 0.99995238 | M42: =IF(D42>0,(H42/D42),"N.A") -> 0.85101278 | N42: =IF(D42>0,(J42/D42),"N.A") -> 0.65579079
A43: OAP - Oficina Asesora de Planeación | B43: OAP - Oficina Asesora de Planeación | C43: 7524829879 | D43: 5682741432 | E43: 0 | F43: 5682741432 | G43: 0 | H43: 5682741432 | I43: 2108451483 | J43: 3574289949 | K43: 3487467282 | L43: =IF(D43>0,(F43/D43),"N.A") -> 1 | M43: =IF(D43>0,(H43/D43),"N.A") -> 1 | N43: =IF(D43>0,(J43/D43),"N.A") -> 0.62897283
A44: OAI - Oficina de Asuntos Internacionales | B44: OAI - Oficina de Asuntos Internacionales | C44: 1221750082 | D44: 1130551422 | E44: 551422 | F44: 1130000000 | G44: 228477500 | H44: 901522500 | I44: 267960000 | J44: 633562500 | K44: 603362500 | L44: =IF(D44>0,(F44/D44),"N.A") -> 0.99951225 | M44: =IF(D44>0,(H44/D44),"N.A") -> 0.79741839 | N44: =IF(D44>0,(J44/D44),"N.A") -> 0.56040131
A45: OJUR - Oficina Jurídica Corporativa | B45: OJUR - Oficina Jurídica Corporativa | C45: 0 | D45: 0 | E45: 0 | F45: 0 | G45: 0 | H45: 0 | I45: 0 | J45: 0 | K45: 0 | L45: =IF(D45>0,(F45/D45),"N.A") -> N.A | M45: =IF(D45>0,(H45/D45),"N.A") -> N.A | N45: =IF(D45>0,(J45/D45),"N.A") -> N.A
B46: TOTAL | C46: =C25+C28+C33+C36+C37+C41+C42+C43+C44+C45 -> 1816176994210 | D46: =D25+D28+D33+D36+D37+D41+D42+D43+D44+D45 -> 2343773131708 | E46: =E25+E28+E33+E36+E37+E41+E42+E43+E44+E45 -> 420207059943 | F46: =F25+F28+F33+F36+F37+F41+F42+F43+F44+F45 -> 1923566071765 | G46: =G25+G28+G33+G36+G37+G41+G42+G43+G44+G45 -> 332400485389 | H46: =H25+H28+H33+H36+H37+H41+H42+H43+H44+H45 -> 1591165586376 | I46: =I25+I28+I33+I36+I37+I41+I42+I43+I44+I45 -> 1040107908796 | J46: =J25+J28+J33+J36+J37+J41+J42+J43+J44+J45 -> 551057677580 | K46: =K25+K28+K33+K36+K37+K41+K42+K43+K44+K45 -> 532056502510 | L46: =IF(D46>0,(F46/D46),"N.A") -> 0.82071342 | M46: =IF(D46>0,(H46/D46),"N.A") -> 0.67889062 | N46: =IF(D46>0,(J46/D46),"N.A") -> 0.23511562
C47: ='1-Ejecución Gastos 16-OCT-2026'!I1032 -> 1816176994210 | D47: ='1-Ejecución Gastos 16-OCT-2026'!J1032 -> 2343773131708 | E47: ='1-Ejecución Gastos 16-OCT-2026'!K1032 -> 420207059943 | F47: ='1-Ejecución Gastos 16-OCT-2026'!L1032 -> 1923566071765 | G47: ='1-Ejecución Gastos 16-OCT-2026'!M1032 -> 332400485389 | H47: ='1-Ejecución Gastos 16-OCT-2026'!N1032 -> 1591165586376 | I47: ='1-Ejecución Gastos 16-OCT-2026'!O1032 -> 1040107908796 | J47: ='1-Ejecución Gastos 16-OCT-2026'!P1032 -> 551057677580 | K47: ='1-Ejecución Gastos 16-OCT-2026'!Q1032 -> 532056502510
C48: =C46-C47 -> 0 | D48: =D46-D47 -> 0 | E48: =E46-E47 -> 0 | F48: =F46-F47 -> 0 | G48: =G46-G47 -> 0 | H48: =H46-H47 -> 0 | I48: =I46-I47 -> 0 | J48: =J46-J47 -> 0 | K48: =K46-K47 -> 0

Sheet 3-Disponibilidades 16-OCT-2026
A1: SUBDIRECCIÓN | B1: ÁREA EJECUTORA | C1: CÓD RUBRO/PROYECTO | D1: CÓD RESUMIDO | E1: NOMBRE RUBRO/PROYECTO | F1: FUENTE | G1: NOMBRE FUENTE | H1: CÓD SOLICITANTE | I1: ÁREA SOLICITANTE | J1: SOLICITUD | K1: DISPONIBILIDAD PRESUPUESTAL | L1: FECHA | M1: OBJETO | N1: CDP INICIAL | O1: CDP CANCELADO | P1: CDP DEFINITIVO | Q1: CDP COMPROMETIDO | R1: CDP SALDO
A2: DGEN | B2: DGEN | C2: 2-1-2001-02-1111-10-DGEN-0083990-2.1.2.02.02.008. | D2: 73 | E2: SERVICIOS PRESTADOS A LAS EMPRESAS Y SERVICIOS DE PRODUCCION - OTROS SERVICIOS PROFESIONALES TECNICOS Y EMPRESARIALES N C P (73) | F2: 10 | G2: PORCENTAJE Y/O SOBRETASA AMBIENTAL MUNICIPIOS Y BOGOTÁ | H2: 27100 | I2: DGEN Dirección General | J2: VIGENCIAS FUTURAS - 176 DÍAS 80853 DGEN | K2: 26600148 | L2: 46024 | M2: Solicitud de CDP para amparar vigencias futuras del proceso denominado: Adiciones y prórrogas de los contratos de _x000D_prestación de servicios profesionales suscritos por gastos de funcionamiento para ejecutar actividades propias de la_x000D_ Dirección General. | N2: 90933333 | O2: 0 | P2: 90933333 | Q2: 90933333 | R2: 0
A3: DGEN | B3: DGEN | C3: 2-1-2001-02-1111-10-DGEN-0083990-2.1.2.02.02.008. | D3: 73 | E3: SERVICIOS PRESTADOS A LAS EMPRESAS Y SERVICIOS DE PRODUCCION - OTROS SERVICIOS PROFESIONALES TECNICOS Y EMPRESARIALES N C P (73) | F3: 10 | G3: PORCENTAJE Y/O SOBRETASA AMBIENTAL MUNICIPIOS Y BOGOTÁ | H3: 27100 | I3: DGEN Dirección General | J3: VIGENCIAS FUTURAS - 176 DÍAS 80934 DGEN | K3: 26600180 | L3: 46024 | M3: Solicitud de CDP para amparar vigencias futuras del proceso denominado: Adiciones y prórrogas de los contratos de _x000D_prestación de servicios profesionales suscritos por gastos de funcionamiento para ejecutar actividades propias de la_x000D_ Dirección General. | N3: 72746667 | O3: 0 | P3: 72746667 | Q3: 72746667 | R3: 0
A4: DGEN | B4: DGEN | C4: 2-1-2001-02-1111-10-DGEN-0083990-2.1.2.02.02.008. | D4: 73 | E4: SERVICIOS PRESTADOS A LAS EMPRESAS Y SERVICIOS DE PRODUCCION - OTROS SERVICIOS PROFESIONALES TECNICOS Y EMPRESARIALES N C P (73) | F4: 10 | G4: PORCENTAJE Y/O SOBRETASA AMBIENTAL MUNICIPIOS Y BOGOTÁ | H4: 27100 | I4: DGEN Dirección General | J4: VIGENCIAS FUTURAS - 176 DÍAS 80930 DGEN | K4: 26600183 | L4: 46024 | M4: Solicitud de CDP para amparar vigencias futuras del proceso denominado: Adiciones y prórrogas de los contratos de _x000D_prestación de servicios profesionales suscritos por gastos de funcionamiento para ejecutar actividades propias de la_x000D_ Dirección General. | N4: 102666667 | O4: 0 | P4: 102666667 | Q4: 102666667 | R4: 0
A5: DGEN | B5: DGEN | C5: 2-1-2001-02-1111-10-DGEN-0083990-2.1.2.02.02.008. | D5: 73 | E5: SERVICIOS PRESTADOS A LAS EMPRESAS Y SERVICIOS DE PRODUCCION - OTROS SERVICIOS PROFESIONALES TECNICOS Y EMPRESARIALES N C P (73) | F5: 10 | G5: PORCENTAJE Y/O SOBRETASA AMBIENTAL MUNICIPIOS Y BOGOTÁ | H5: 27100 | I5: DGEN Dirección General | J5: VIGENCIAS FUTURAS - 200 DIAS 81268 DGEN | K5: 26600353 | L5: 46024 | M5: Solicitud de CDP para amparar vigencias futuras de los procesos denominados: Contratos de prestación de servicios profesionales y de apoyo a la gestión de la Dirección General | N5: 60000000 | O5: 0 | P5: 60000000 | Q5: 60000000 | R5: 0
A6: DGEN | B6: DGEN | C6: 2-1-2001-02-1111-10-DGEN-0083990-2.1.2.02.02.008. | D6: 73 | E6: SERVICIOS PRESTADOS A LAS EMPRESAS Y SERVICIOS DE PRODUCCION - OTROS SERVICIOS PROFESIONALES TECNICOS Y EMPRESARIALES N C P (73) | F6: 10 | G6: PORCENTAJE Y/O SOBRETASA AMBIENTAL MUNICIPIOS Y BOGOTÁ | H6: 27100 | I6: DGEN Dirección General | J6: VIGENCIAS FUTURAS - 200 DIAS 81276 DGEN | K6: 26600356 | L6: 46024 | M6: Solicitud de CDP para amparar vigencias futuras de los procesos denominados: Contratos de prestación de servicios profesionales y de apoyo a la gestión de la Dirección General | N6: 123600000 | O6: 0 | P6: 123600000 | Q6: 123600000 | R6: 0
A7: DGEN | B7: DGEN | C7: 2-1-2001-02-1111-10-DGEN-0083990-2.1.2.02.02.008. | D7: 73 | E7: SERVICIOS PRESTADOS A LAS EMPRESAS Y SERVICIOS DE PRODUCCION - OTROS SERVICIOS PROFESIONALES TECNICOS Y EMPRESARIALES N C P (73) | F7: 10 | G7: PORCENTAJE Y/O SOBRETASA AMBIENTAL MUNICIPIOS Y BOGOTÁ | H7: 27100 | I7: DGEN Dirección General | J7: VIGENCIAS FUTURAS - 200 DIAS 81285 DGEN | K7: 26600373 | L7: 46024 | M7: Solicitud de CDP para amparar vigencias futuras de los procesos denominados: Contratos de prestación de servicios profesionales y de apoyo a la gestión de la Dirección General | N7: 28800000 | O7: 0 | P7: 28800000 | Q7: 28800000 | R7: 0
A8: DGEN | B8: DGEN | C8: 2-1-2001-02-1111-10-DGEN-0083990-2.1.2.02.02.008. | D8: 73 | E8: SERVICIOS PRESTADOS A LAS EMPRESAS Y SERVICIOS DE PRODUCCION - OTROS SERVICIOS PROFESIONALES TECNICOS Y EMPRESARIALES N C P (73) | F8: 10 | G8: PORCENTAJE Y/O SOBRETASA AMBIENTAL MUNICIPIOS Y BOGOTÁ | H8: 27100 | I8: DGEN Dirección General | J8: VIGENCIAS FUTURAS - 214 DIAS 80449 DGEN | K8: 26600552 | L8: 46024 | M8: Solicitud de CDP para amparar vigencias futuras de los procesos denominados: Contratos de prestación de servicios profesionales y de apoyo a la gestión de la Dirección General | N8: 48000000 | O8: 0 | P8: 48000000 | Q8: 48000000 | R8: 0
A9: DGEN | B9: DGEN | C9: 2-1-2001-02-1111-10-DGEN-0083990-2.1.2.02.02.008. | D9: 73 | E9: SERVICIOS PRESTADOS A LAS EMPRESAS Y SERVICIOS DE PRODUCCION - OTROS SERVICIOS PROFESIONALES TECNICOS Y EMPRESARIALES N C P (73) | F9: 10 | G9: PORCENTAJE Y/O SOBRETASA AMBIENTAL MUNICIPIOS Y BOGOTÁ | H9: 27100 | I9: DGEN Dirección General | J9: 52271-DGEN | K9: 26601565 | L9: 46030.643 | M9: Contratar servicios profesionales y de apoyo a la gestión para el desempeño de las funciones de la Dirección General, de conformidad con lo establecido en el Acuerdo No.27 del 5 de septiembre de 2025. | N9: 618492500 | O9: 0 | P9: 618492500 | Q9: 618492500 | R9: 0
A10: DGEN | B10: DGEN | C10: 2-1-2001-02-1111-10-DGEN-0083990-2.1.2.02.02.008. | D10: 73 | E10: SERVICIOS PRESTADOS A LAS EMPRESAS Y SERVICIOS DE PRODUCCION - OTROS SERVICIOS PROFESIONALES TECNICOS Y EMPRESARIALES N C P (73) | F10: 10 | G10: PORCENTAJE Y/O SOBRETASA AMBIENTAL MUNICIPIOS Y BOGOTÁ | H10: 27100 | I10: DGEN Dirección General | J10: 54065-DGEN | K10: 26601621 | L10: 46050.846 | M10: Contratar servicios profesionales y de apoyo a la gestión para el desempeño de las funciones de la Dirección General, de conformidad con lo establecido en el Acuerdo No.27 del 5 de septiembre de 2025. | N10: 60000000 | O10: 0 | P10: 60000000 | Q10: 60000000 | R10: 0
A11: DGEN | B11: DGEN | C11: 2-1-2001-02-1111-10-DGEN-0083990-2.1.2.02.02.008. | D11: 73 | E11: SERVICIOS PRESTADOS A LAS EMPRESAS Y SERVICIOS DE PRODUCCION - OTROS SERVICIOS PROFESIONALES TECNICOS Y EMPRESARIALES N C P (73) | F11: 10 | G11: PORCENTAJE Y/O SOBRETASA AMBIENTAL MUNICIPIOS Y BOGOTÁ | H11: 27100 | I11: DGEN Dirección General | J11: 54081-DGEN | K11: 26601633 | L11: 46051.856 | M11: Contratar servicios profesionales y de apoyo a la gestión para el_x000D_desempeño de las funciones de la Dirección General, de conformidad con lo establecido en el Acuerdo No.27 del 5 de septiembre de 2025. | N11: 196350000 | O11: 0 | P11: 196350000 | Q11: 196350000 | R11: 0
A12: DGEN | B12: DGEN | C12: 2-1-2001-02-1111-10-DGEN-0083990-2.1.2.02.02.008. | D12: 73 | E12: SERVICIOS PRESTADOS A LAS EMPRESAS Y SERVICIOS DE PRODUCCION - OTROS SERVICIOS PROFESIONALES TECNICOS Y EMPRESARIALES N C P (73) | F12: 10 | G12: PORCENTAJE Y/O SOBRETASA AMBIENTAL MUNICIPIOS Y BOGOTÁ | H12: 10050 | I12: PORCENTAJE AMBIENTAL | J12: 54659-DGEN | K12: 26601950 | L12: 46195.656 | M12: Contratar servicios profesionales y de apoyo a la gestión para el desempeño de las funciones de la Dirección General, de conformidad con lo establecido en el Acuerdo No.27 del 5 de septiembre de 2025, modificado por el Acuerdo 15 de 25 de marzo de 2026. | N12: 385100000 | O12: 0 | P12: 385100000 | Q12: 372350000 | R12: 12750000
A13: DGEN | B13: DGEN | C13: 2-1-2001-02-1111-70-DGEN-0083990-2.1.2.02.02.008. | D13: 932 | E13: SERVICIOS PRESTADOS A LAS EMPRESAS Y SERVICIOS DE PRODUCCION - OTROS SERVICIOS PROFESIONALES TECNICOS Y EMPRESARIALES N C P (932) | F13: 70 | G13: R.B-RENTAS SIN DESTINACIÓN ESPECÍFICA - RECURSOS DEL BALANCE | H13: 10050 | I13: PORCENTAJE AMBIENTAL | J13: 54659-DGEN | K13: 26601950 | L13: 46195.656 | M13: Contratar servicios profesionales y de apoyo a la gestión para el desempeño de las funciones de la Dirección General, de conformidad con lo establecido en el Acuerdo No.27 del 5 de septiembre de 2025, modificado por el Acuerdo 15 de 25 de marzo de 2026. | N13: 200000000 | O13: 0 | P13: 200000000 | Q13: 200000000 | R13: 0
... A3180: SGPOA | B3180: DOT | C3180: 2-3-3206-88-3110-60-0201-0083990-2.3.2.02.02.008. | D3180: 497 | E3180: SERVICIOS PRESTADOS A LAS EMPRESAS Y SERVICIOS DE PRODUCCIÓN - OTROS SERVICIOS PROFESIONALES TECNICOS Y EMPRESARIALES N C P (497) | F3180: 60 | G3180: R.B-PORCENTAJE Y/O SOBRETASA AMBIENTAL MUNICIPIOS Y BOGOTÁ - RECURSOS DEL BALANCE | H3180: 27101 | I3180: OAP Oficina Asesora de Planeación | J3180: 54494 - OAP | K3180: 26601868 | L3180: 46141.493 | M3180: OBJETO DEL CDP DE TRASLADO: CERTIFICAR QUE, EN EL PRESUPUESTO DE GASTOS DE INVERSIÓN PARA LA PRESENTE VIGENCIA, EXISTEN RECURSOS DISPONIBLES Y LIBRES DE AFECTACIÓN, SUSCEPTIBLES DE SER TRASLADADOS A OTROS RUBROS PRESUPUESTALES. | N3180: 30 | O3180: 30 | P3180: 0 | Q3180: 0 | R3180: 0
N3181: 2916725688866 | O3181: 558889470644 | P3181: 2357836218222 | Q3181: 1940871430637 | R3181: 416964787585

Sheet 4-Compromisos 16-OCT-2026
A1: SUBDIRECCIÓN | B1: ÁREA EJECUTORA | C1: CÓD RUBRO/PROYECTO | D1: CÓD RESUMIDO | E1: NOMBRE RUBRO/PROYECTO | F1: FUENTE | G1: NOMBRE FUENTE | H1: CÓD SOLICITANTE | I1: ÁREA SOLICITANTE | J1: SOLICITUD | K1: TIPO DE CONTRATO | L1: NÚMERO DE CONTRATO | M1: REGISTRO PRESUPUESTAL | N1: DISPONIBILIDAD PRESUPUESTAL | O1: FECHA | P1: PLAZO | Q1: OBJETO | R1: NIT | S1: CONTRATISTA | T1: COMPROMISO INICIAL | U1: COMPROMISO CANCELADO | V1: COMPROMISO FINAL | W1: SALDO EN EL COMPROMISO | X1: OBLIGACIONES | Y1: PAGOS
A2: DGEN | B2: DGEN | C2: 2-1-2001-02-1111-10-DGEN-0083990-2.1.2.02.02.008. | D2: 73 | E2: SERVICIOS PRESTADOS A LAS EMPRESAS Y SERVICIOS DE PRODUCCION - OTROS SERVICIOS PROFESIONALES TECNICOS Y EMPRESARIALES N C P (73) | F2: 10 | G2: PORCENTAJE Y/O SOBRETASA AMBIENTAL MUNICIPIOS Y BOGOTÁ | H2: 27100 | I2: DGEN Dirección General | J2: VIGENCIAS FUTURAS - 176 DÍAS 80853 DGEN | K2: CSE - DE PRESTACIÓN DE SERVICIOS | L2: 2025CSE4 | M2: 26800138 | N2: 26600148 | O2: 46024 | P2: 176 DIAS | Q2: Adición 1 y Prórroga 1 al contrato de Prestar servicios profesionales a la Dirección General de la Corporación Autónoma Regional de Cundinamarca - CAR, para asesorar los asuntos sociales, pedagógicos y de cultura ambiental requeridos en la jurisdicción de la CAR. Proceso amparado con vigencias futuras según Resolución DGEN No. 20257000522 de 31 de octubre de 2025. | R2: 1073381365 | S2: ALARCON CANTOR MARIAM ALEJANDRA | T2: 90933333 | U2: 0 | V2: 90933333 | W2: 0 | X2: 90933333 | Y2: 90933333
A3: DGEN | B3: DGEN | C3: 2-1-2001-02-1111-10-DGEN-0083990-2.1.2.02.02.008. | D3: 73 | E3: SERVICIOS PRESTADOS A LAS EMPRESAS Y SERVICIOS DE PRODUCCION - OTROS SERVICIOS PROFESIONALES TECNICOS Y EMPRESARIALES N C P (73) | F3: 10 | G3: PORCENTAJE Y/O SOBRETASA AMBIENTAL MUNICIPIOS Y BOGOTÁ | H3: 27100 | I3: DGEN Dirección General | J3: VIGENCIAS FUTURAS - 176 DÍAS 80934 DGEN | K3: CSE - DE PRESTACIÓN DE SERVICIOS | L3: 2025CSE5 | M3: 26800170 | N3: 26600180 | O3: 46024 | P3: 176 DIAS | Q3: ADICIÓN 1 Y PRÓRROGA 1 AL CONTRATO No 5 DE 2025, CUYO OBJETO ES: PRESTAR SERVICIOS PROFESIONALES A LA DIRECCIÓN GENERAL DE LA CORPORACIÓN AUTÓNOMA REGIONAL DE CUNDINAMARCA, PARA BRINDAR ASESORÍA Y ACOMPAÑAMIENTO EN LA IMPLEMENTACIÓN DE ESTRATEGIAS QUE PERMITAN LA ARTICULACIÓN Y RELACIONAMIENTO CON EL SECTOR PRODUCTIVO, DIRIGIDO AL DESARROLLO DE LOS OBJETIVOS MISIONALES QUE PROMUEVAN LA PRODUCCIÓN SOSTENIBLE Y LA ECONOMÍA CIRCULAR DENTRO DE LA JURISDICCIÓN CAR. PROCESO AMPARADO CON VIGENCIAS FUTURAS SEGÚN RESOLUCIÓN DGEN No. 20257000522 DE 31 DE OCTUBRE DE 2025. | R3: 40436890 | S3: NIETO JARAMILLO MARIA NOHORA ELSY | T3: 72746667 | U3: 0 | V3: 72746667 | W3: 413334 | X3: 72333333 | Y3: 72333333
A4: DGEN | B4: DGEN | C4: 2-1-2001-02-1111-10-DGEN-0083990-2.1.2.02.02.008. | D4: 73 | E4: SERVICIOS PRESTADOS A LAS EMPRESAS Y SERVICIOS DE PRODUCCION - OTROS SERVICIOS PROFESIONALES TECNICOS Y EMPRESARIALES N C P (73) | F4: 10 | G4: PORCENTAJE Y/O SOBRETASA AMBIENTAL MUNICIPIOS Y BOGOTÁ | H4: 27100 | I4: DGEN Dirección General | J4: VIGENCIAS FUTURAS - 176 DÍAS 80930 DGEN | K4: CSE - DE PRESTACIÓN DE SERVICIOS | L4: 2025CSE1 | M4: 26800173 | N4: 26600183 | O4: 46024 | P4: 176 DIAS | Q4: ADICIÓN 1 Y PRÓRROGA 1 AL CONTRATO No 1 DE 2025, CUYO OBJETO ES: PRESTAR SERVICIOS PROFESIONALES A LA DIRECCIÓN GENERAL DE LA CORPORACIÓN AUTÓNOMA REGIONAL DE CUNDINAMARCA - CAR, EN LA ASESORÍA Y ACOMPAÑAMIENTO DE LA GESTIÓN A CARGO DEL DESPACHO. PROCESO AMPARADO CON VIGENCIAS FUTURAS SEGÚN RESOLUCIÓN DGEN No. 20257000522 DE 31 DE OCTUBRE DE 2025. | R4: 39705170 | S4: CARRILLO SILVA MARTHA MERCEDES | T4: 102666667 | U4: 0 | V4: 102666667 | W4: 0 | X4: 102666667 | Y4: 102666667
A5: DGEN | B5: DGEN | C5: 2-1-2001-02-1111-10-DGEN-0083990-2.1.2.02.02.008. | D5: 73 | E5: SERVICIOS PRESTADOS A LAS EMPRESAS Y SERVICIOS DE PRODUCCION - OTROS SERVICIOS PROFESIONALES TECNICOS Y EMPRESARIALES N C P (73) | F5: 10 | G5: PORCENTAJE Y/O SOBRETASA AMBIENTAL MUNICIPIOS Y BOGOTÁ | H5: 27100 | I5: DGEN Dirección General | J5: VIGENCIAS FUTURAS - 200 DIAS 81268 DGEN | K5: CSE - DE PRESTACIÓN DE SERVICIOS | L5: 2025CSE3855 | M5: 26800343 | N5: 26600353 | O5: 46024 | P5: 200 DIAS | Q5: Prestar servicios profesionales a la Dirección General de la Corporación Autónoma Regional de Cundinamarca, para asesorar las acciones jurídicas que se requieran en los asuntos estratégicos con las diversas instituciones publico privadas de la jurisdicción. Proceso amparado con vigencias futuras mediante Resolución DGEN No 20257000522 de 31 de octubre de 2025. | R5: 1069715770 | S5: GUERRERO LOPEZ MICHAEL EDUARDO | T5: 60000000 | U5: 0 | V5: 60000000 | W5: 0 | X5: 60000000 | Y5: 60000000
A6: DGEN | B6: DGEN | C6: 2-1-2001-02-1111-10-DGEN-0083990-2.1.2.02.02.008. | D6: 73 | E6: SERVICIOS PRESTADOS A LAS EMPRESAS Y SERVICIOS DE PRODUCCION - OTROS SERVICIOS PROFESIONALES TECNICOS Y EMPRESARIALES N C P (73) | F6: 10 | G6: PORCENTAJE Y/O SOBRETASA AMBIENTAL MUNICIPIOS Y BOGOTÁ | H6: 27100 | I6: DGEN Dirección General | J6: VIGENCIAS FUTURAS - 200 DIAS 81276 DGEN | K6: CSE - DE PRESTACIÓN DE SERVICIOS | L6: 2025CSE3907 | M6: 26800346 | N6: 26600356 | O6: 46024 | P6: 200 DIAS | Q6: Prestar servicios profesionales a la Dirección General de la Corporación Autónoma Regional de Cundinamarca - CAR, para asesorar las acciones dirigidas al fortalecimiento y consolidación de la gestión sancionatoria ambiental y la atención de asuntos de orden penal en coordinación con otras entidades del estado. Proceso amparado con vigencias futuras mediante Resolución DGEN No 20257000522 de 31 de octubre de 2025. | R6: 11429016 | S6: $HERNANDEZ BARBOSA LUIS ANTONIO | T6: 123600000 | U6: 0 | V6: 123600000 | W6: 0 | X6: 123600000 | Y6: 123600000
A7: DGEN | B7: DGEN | C7: 2-1-2001-02-1111-10-DGEN-0083990-2.1.2.02.02.008. | D7: 73 | E7: SERVICIOS PRESTADOS A LAS EMPRESAS Y SERVICIOS DE PRODUCCION - OTROS SERVICIOS PROFESIONALES TECNICOS Y EMPRESARIALES N C P (73) | F7: 10 | G7: PORCENTAJE Y/O SOBRETASA AMBIENTAL MUNICIPIOS Y BOGOTÁ | H7: 27100 | I7: DGEN Dirección General | J7: VIGENCIAS FUTURAS - 200 DIAS 81285 DGEN | K7: CSE - DE PRESTACIÓN DE SERVICIOS | L7: 2025CSE3840 | M7: 26800363 | N7: 26600373 | O7: 46024 | P7: 200 DIAS | Q7: Prestar servicios profesionales a la dirección general de la corporación autónoma regional de Cundinamarca, para apoyar las gestiones jurídicas y contractuales que se requieran en los diferentes cuerpos colegiados en los que deba participar el despacho de acuerdo con sus funciones. Proceso amparado con vigencias futuras mediante RESOLUCIÓN DGEN No. 20257000522 de 31 de octubre de 2025. | R7: 1020836073 | S7: ROZO ROZO DANIEL FELIPE | T7: 28800000 | U7: 0 | V7: 28800000 | W7: 0 | X7: 28800000 | Y7: 28800000
A8: DGEN | B8: DGEN | C8: 2-1-2001-02-1111-10-DGEN-0083990-2.1.2.02.02.008. | D8: 73 | E8: SERVICIOS PRESTADOS A LAS EMPRESAS Y SERVICIOS DE PRODUCCION - OTROS SERVICIOS PROFESIONALES TECNICOS Y EMPRESARIALES N C P (73) | F8: 10 | G8: PORCENTAJE Y/O SOBRETASA AMBIENTAL MUNICIPIOS Y BOGOTÁ | H8: 27100 | I8: DGEN Dirección General | J8: VIGENCIAS FUTURAS - 214 DIAS 80449 DGEN | K8: CSE - DE PRESTACIÓN DE SERVICIOS | L8: 2025CSE3591 | M8: 26800542 | N8: 26600552 | O8: 46024 | P8: 214 DIAS | Q8: Prestar servicios profesionales a la Dirección General de la Corporación Autónoma Regional de Cundinamarca, para brindar asesoría y acompañamiento en el fortalecimiento de proyectos ambientales con enfoque de género. Proceso amparado con vigencias futuras mediante Resolución DGEN No 20257000522 de 31 de octubre de 2025. | R8: 40039414 | S8: RODRIGUEZ CONTRERAS LUCEIDY YASMITH | T8: 48000000 | U8: 0 | V8: 48000000 | W8: 0 | X8: 48000000 | Y8: 48000000
A9: DGEN | B9: DGEN | C9: 2-1-2001-02-1111-10-DGEN-0083990-2.1.2.02.02.008. | D9: 73 | E9: SERVICIOS PRESTADOS A LAS EMPRESAS Y SERVICIOS DE PRODUCCION - OTROS SERVICIOS PROFESIONALES TECNICOS Y EMPRESARIALES N C P (73) | F9: 10 | G9: PORCENTAJE Y/O SOBRETASA AMBIENTAL MUNICIPIOS Y BOGOTÁ | H9: 27100 | I9: DGEN Dirección General | J9: 345 DIAS 84403 DGEN | K9: CPS - DE SERVICIOS PERSONALES | L9: 2026CPS40 | M9: 26801576 | N9: 26601565 | O9: 46031.901 | P9: 345 DIAS | Q9: Prestar servicios profesionales a la Dirección General de la Corporación Autónoma Regional de Cundinamarca, para brindar asesoría en la revisión, análisis y/o seguimiento a los pronunciamientos de las altas cortes en materia ambiental que involucren a la Entidad. | R9: 21190165 | S9: VELASQUEZ SALCEDO SANDRA ARABELLA | T9: 178250000 | U9: 0 | V9: 178250000 | W9: 45983333 | X9: 132266667 | Y9: 132266667
A10: DGEN | B10: DGEN | C10: 2-1-2001-02-1111-10-DGEN-0083990-2.1.2.02.02.008. | D10: 73 | E10: SERVICIOS PRESTADOS A LAS EMPRESAS Y SERVICIOS DE PRODUCCION - OTROS SERVICIOS PROFESIONALES TECNICOS Y EMPRESARIALES N C P (73) | F10: 10 | G10: PORCENTAJE Y/O SOBRETASA AMBIENTAL MUNICIPIOS Y BOGOTÁ | H10: 27100 | I10: DGEN Dirección General | J10: 345 DIAS 86192 DGEN | K10: CPS - DE SERVICIOS PERSONALES | L10: 2026CPS84 | M10: 26801659 | N10: 26601565 | O10: 46035.914 | P10: 345 DIAS | Q10: Prestar servicios profesionales a la Dirección General de la Corporación Autónoma Regional de Cundinamarca, para asesorar y acompañar las visitas y auditorias que reciba la entidad por parte de los órganos de control, así como el seguimiento a los pronunciamientos del Congreso de la República en temas de competencia de la CAR. | R10: 86069388 | S10: RUIZ RODRIGUEZ JULIAN MAURICIO | T10: 178250000 | U10: 0 | V10: 178250000 | W10: 45983333 | X10: 132266667 | Y10: 132266667
A11: DGEN | B11: DGEN | C11: 2-1-2001-02-1111-10-DGEN-0083990-2.1.2.02.02.008. | D11: 73 | E11: SERVICIOS PRESTADOS A LAS EMPRESAS Y SERVICIOS DE PRODUCCION - OTROS SERVICIOS PROFESIONALES TECNICOS Y EMPRESARIALES N C P (73) | F11: 10 | G11: PORCENTAJE Y/O SOBRETASA AMBIENTAL MUNICIPIOS Y BOGOTÁ | H11: 27100 | I11: DGEN Dirección General | J11: 345 DIAS 84445 DGEN | K11: CPS - DE SERVICIOS PERSONALES | L11: 2026CPS79 | M11: 26801754 | N11: 26601565 | O11: 46036.536 | P11: 345 DIAS | Q11: Prestar servicios profesionales a la Dirección General de la Corporación Autónoma Regional de Cundinamarca, para apoyar la revisión desde el punto de vista jurídico, de los actos administrativos relacionados con el ejercicio de la autoridad ambiental, así como aquellos de competencia del despacho. | R11: 1136888412 | S11: FRANCO CASTRO PAULA JIMENA | T11: 88492500 | U11: 0 | V11: 88492500 | W11: 30523500 | X11: 57969000 | Y11: 57969000
A12: DGEN | B12: DGEN | C12: 2-1-2001-02-1111-10-DGEN-0083990-2.1.2.02.02.008. | D12: 73 | E12: SERVICIOS PRESTADOS A LAS EMPRESAS Y SERVICIOS DE PRODUCCION - OTROS SERVICIOS PROFESIONALES TECNICOS Y EMPRESARIALES N C P (73) | F12: 10 | G12: PORCENTAJE Y/O SOBRETASA AMBIENTAL MUNICIPIOS Y BOGOTÁ | H12: 27100 | I12: DGEN Dirección General | J12: 345 DIAS 86089 DGEN | K12: CPS - DE SERVICIOS PERSONALES | L12: 2026CPS80 | M12: 26801765 | N12: 26601565 | O12: 46036.644 | P12: 345 DIAS | Q12: Prestar servicios profesionales a la Dirección General de la Corporación Autónoma Regional de Cundinamarca, para apoyar las acciones de seguimiento de informes que permitan el cumplimiento del objeto y funciones asignadas al Despacho | R12: 1003826910 | S12: GARNICA CARRION DEISY TATIANA | T12: 80500000 | U12: 0 | V12: 80500000 | W12: 20766667 | X12: 59733333 | Y12: 59733333
A13: DGEN | B13: DGEN | C13: 2-1-2001-02-1111-10-DGEN-0083990-2.1.2.02.02.008. | D13: 73 | E13: SERVICIOS PRESTADOS A LAS EMPRESAS Y SERVICIOS DE PRODUCCION - OTROS SERVICIOS PROFESIONALES TECNICOS Y EMPRESARIALES N C P (73) | F13: 10 | G13: PORCENTAJE Y/O SOBRETASA AMBIENTAL MUNICIPIOS Y BOGOTÁ | H13: 27100 | I13: DGEN Dirección General | J13: 180 DIAS 86964 DGEN | K13: CPS - DE SERVICIOS PERSONALES | L13: 2026CPS964 | M13: 26802359 | N13: 26601565 | O13: 46045.714 | P13: 180 DIAS | Q13: Prestar servicios profesionales a la Dirección General de la Corporación Autónoma Regional de Cundinamarca, para brindar asesoría frente a las actuaciones necesarias relacionadas con pronunciamientos técnicos proferidos por las subdirecciones en cumplimiento de las funciones de la Entidad. | R13: 7218639 | S13: RINCON VARGAS JOSE MIGUEL | T13: 93000000 | U13: 0 | V13: 93000000 | W13: 0 | X13: 93000000 | Y13: 93000000
... A20: DGEN | B20: DGEN | C20: 2-1-2001-02-1111-10-DGEN-0083990-2.1.2.02.02.008. | D20: 73 | E20: SERVICIOS PRESTADOS A LAS EMPRESAS Y SERVICIOS DE PRODUCCION - OTROS SERVICIOS PROFESIONALES TECNICOS Y EMPRESARIALES N C P (73) | F20: 10 | G20: PORCENTAJE Y/O SOBRETASA AMBIENTAL MUNICIPIOS Y BOGOTÁ | H20: 10050 | I20: PORCENTAJE AMBIENTAL | J20: 150 DIAS 90605 DGEN | K20: CPS - DE SERVICIOS PERSONALES | L20: 2026CPS3187 | M20: 26805354 | N20: 26601950 | O20: 46231.476 | P20: 150 DIAS | Q20: Prestar servicios profesionales a la Dirección General de la Corporación Autónoma Regional de Cundinamarca, para brindar asesoría técnica en el análisis, seguimiento y evaluación de los pronunciamientos técnicos emitidos por las subdirecciones, con el fin de apoyar la toma de decisiones y el cumplimiento de las funciones institucionales. | R20: 7218639 | S20: RINCON VARGAS JOSE MIGUEL | T20: 1100000 | U20: 0 | V20: 1100000 | W20: 1100000 | X20: 0 | Y20: 0
A21: DGEN | B21: DGEN | C21: 2-1-2001-02-1111-10-DGEN-0083990-2.1.2.02.02.008. | D21: 73 | E21: SERVICIOS PRESTADOS A LAS EMPRESAS Y SERVICIOS DE PRODUCCION - OTROS SERVICIOS PROFESIONALES TECNICOS Y EMPRESARIALES N C P (73) | F21: 10 | G21: PORCENTAJE Y/O SOBRETASA AMBIENTAL MUNICIPIOS Y BOGOTÁ | H21: 10050 | I21: PORCENTAJE AMBIENTAL | J21: 119 DIAS 91910 DGEN | K21: CPS - DE SERVICIOS PERSONALES | L21: 2026CPS4051 | M21: 26806448 | N21: 26601950 | O21: 46267.545 | P21: 119 DIAS | Q21: Prestar servicios profesionales a la Dirección General de la Corporación Autónoma Regional de Cundinamarca – CAR, para brindar asesoría especializada en el análisis, gestión y acompañamiento de procesos y actuaciones jurídicas que se requieran, en coordinación con las dependencias competentes de la Entidad. | R21: 901844400 | S21: $ INGESCONS I.C. S.A.S. | T21: 40000000 | U21: 0 | V21: 40000000 | W21: 40000000 | X21: 0
A22: DGEN | B22: DGEN | C22: 2-1-2001-02-1111-70-DGEN-0083990-2.1.2.02.02.008. | D22: 932 | E22: SERVICIOS PRESTADOS A LAS EMPRESAS Y SERVICIOS DE PRODUCCION - OTROS SERVICIOS PROFESIONALES TECNICOS Y EMPRESARIALES N C P (932) | F22: 70 | G22: R.B-RENTAS SIN DESTINACIÓN ESPECÍFICA - RECURSOS DEL BALANCE | H22: 10050 | I22: PORCENTAJE AMBIENTAL | J22: 175 DIAS 89199 DGEN | K22: CPS - DE SERVICIOS PERSONALES | L22: 2026CPS1951 | M22: 26804106 | N22: 26601950 | O22: 46209.856 | P22: 175 DIAS | Q22: Prestar servicios profesionales a la Dirección General de la Corporación Autónoma Regional de Cundinamarca – CAR para brindar asesoría en el seguimiento y fortalecimiento de la gestión sancionatoria ambiental y en la articulación interinstitucional para la atención de los asuntos de naturaleza penal relacionados con el ejercicio de la autoridad ambiental. | R22: 11429016 | S22: $HERNANDEZ BARBOSA LUIS ANTONIO | T22: 123600000 | U22: 0 | V22: 123600000 | W22: 87206667 | X22: 36393333 | Y22: 36393333
A23: DGEN | B23: DGEN | C23: 2-1-2001-02-1111-70-DGEN-0083990-2.1.2.02.02.008. | D23: 932 | E23: SERVICIOS PRESTADOS A LAS EMPRESAS Y SERVICIOS DE PRODUCCION - OTROS SERVICIOS PROFESIONALES TECNICOS Y EMPRESARIALES N C P (932) | F23: 70 | G23: R.B-RENTAS SIN DESTINACIÓN ESPECÍFICA - RECURSOS DEL BALANCE | H23: 10050 | I23: PORCENTAJE AMBIENTAL | J23: 150 DIAS 90605 DGEN | K23: CPS - DE SERVICIOS PERSONALES | L23: 2026CPS3187 | M23: 26805354 | N23: 26601950 | O23: 46231.476 | P23: 150 DIAS | Q23: Prestar servicios profesionales a la Dirección General de la Corporación Autónoma Regional de Cundinamarca, para brindar asesoría técnica en el análisis, seguimiento y evaluación de los pronunciamientos técnicos emitidos por las subdirecciones, con el fin de apoyar la toma de decisiones y el cumplimiento de las funciones institucionales. | R23: 7218639 | S23: RINCON VARGAS JOSE MIGUEL | T23: 76400000 | U23: 0 | V23: 76400000 | W23: 43850000 | X23: 32550000 | Y23: 17050000
A24: OAC | B24: OAC | C24: 2-3-3299-88-3118-10-0501-0085999-2.3.2.02.02.008. | D24: 577 | E24: SERVICIOS PRESTADOS A LAS EMPRESAS Y SERVICIOS DE PRODUCCIÓN - OTROS SERVICIOS DE APOYO N C P (577) | F24: 10 | G24: PORCENTAJE Y/O SOBRETASA AMBIENTAL MUNICIPIOS Y BOGOTÁ | H24: 10008 | I24: ** ANTERIOR ** ÁE. OAC | J24: VIGENCIAS FUTURAS - 165 DIAS 81440 OAC - BPPI - 2025100100021 | K24: CSE - DE PRESTACIÓN DE SERVICIOS | L24: 2025CSE724 | M24: 26800384 | N24: 26600394 | O24: 46024 | P24: 165 DIAS | Q24: Adición 1 y prórroga 1 al contrato No 0724 de 2025 cuyo objeto es: Prestar servicios profesionales a la Oficina Asesora de Comunicaciones de la Corporación Autónoma Regional de Cundinamarca - CAR, para acompañar la realización de contenidos audiovisuales, en especial en los procesos de la animación 2D Y 3D de los mismos. Proceso amparado con vigencias futuras mediante Resolución DGEN No 20257000426 de 21 de octubre de 2025. | R24: 80657649 | S24: RAMIREZ SANCHEZ JHON FREDY | T24: 30673902 | U24: 0 | V24: 30673902 | W24: 0 | X24: 30673902 | Y24: 30673902
A25: OAC | B25: OAC | C25: 2-3-3299-88-3118-10-0501-0085999-2.3.2.02.02.008. | D25: 577 | E25: SERVICIOS PRESTADOS A LAS EMPRESAS Y SERVICIOS DE PRODUCCIÓN - OTROS SERVICIOS DE APOYO N C P (577) | F25: 10 | G25: PORCENTAJE Y/O SOBRETASA AMBIENTAL MUNICIPIOS Y BOGOTÁ | H25: 10008 | I25: ** ANTERIOR ** ÁE. OAC | J25: VIGENCIAS FUTURAS - 168 DIAS 81518 OAC - BPPI - 2025100100021 | K25: CSE - DE PRESTACIÓN DE SERVICIOS | L25: 2025CSE488 | M25: 26800441 | N25: 26600451 | O25: 46024 | P25: 168 DIAS | Q25: ADICIÓN 1 PRÓRROGA 1 AL CONTRATO NO 0488 DE 2025 CUYO OBJETO ES: PRESTAR SERVICIOS PROFESIONALES A LA OFICINA ASESORA DE COMUNICACIONES DE LA CORPORACIÓN AUTÓNOMA REGIONAL DE CUNDINAMARCA-CAR EN LA FORMULACIÓN Y EJECUCIÓN DE LA ESTRATEGIA DE COMUNICACIÓN INTERNA. PROCESO AMPARADO CON VIGENCIAS FUTURAS MEDIANTE RESOLUCIÓN DGEN NO. 20257000426 DE 21 OCT 2025 | R25: 1073502323 | S25: CHAPARRO OSPINA LINNA ESPERANZA | T25: 45920000 | U25: 0 | V25: 45920000 | W25: 0 | X25: 45920000 | Y25: 45920000
A26: OAC | B26: OAC | C26: 2-3-3299-88-3118-10-0501-0085999-2.3.2.02.02.008. | D26: 577 | E26: SERVICIOS PRESTADOS A LAS EMPRESAS Y SERVICIOS DE PRODUCCIÓN - OTROS SERVICIOS DE APOYO N C P (577) | F26: 10 | G26: PORCENTAJE Y/O SOBRETASA AMBIENTAL MUNICIPIOS Y BOGOTÁ | H26: 10008 | I26: ** ANTERIOR ** ÁE. OAC | J26: VIGENCIAS FUTURAS - 175 DIAS 81423 OAC BPPI 2025100100021 | K26: CSE - DE PRESTACIÓN DE SERVICIOS | L26: 2025CSE9 | M26: 26800484 | N26: 26600494 | O26: 46024 | P26: 175 DIAS | Q26: ADICIÓN 1 Y PRÓRROGA 1 AL CONTRATO No. 0009 DE 2025, CUYO OBJETO ES: PRESTAR SERVICIOS PROFESIONALES A LA OFICINA ASESORA DE COMUNICACIONES-CAR, PARA GUIAR EL DESARROLLO DE ACTIVIDADES RELACIONADAS CON PLANEACIÓN ESTRATÉGICA, ADMINISTRATIVA Y CONTRACTUAL QUE PERMITA OPTIMIZAR LOS DIFERENTES PROCESOS LIDERADOS POR LA DEPENDENCIA. PROCESO AMPARADO CON VIGENCIAS FUTURAS SEGÚN RESOLUCIÓN DGEN No. 20257000426 DEL 21 DE OCTUBRE DE 2025. | R26: 1020757822 | S26: MARTIN LESMES CRISTIAN FERNANDO | T26: 75833333 | U26: 0 | V26: 75833333 | W26: 0 | X26: 75833333 | Y26: 75833333
A27: OAC | B27: OAC | C27: 2-3-3299-88-3118-10-0501-0085999-2.3.2.02.02.008. | D27: 577 | E27: SERVICIOS PRESTADOS A LAS EMPRESAS Y SERVICIOS DE PRODUCCIÓN - OTROS SERVICIOS DE APOYO N C P (577) | F27: 10 | G27: PORCENTAJE Y/O SOBRETASA AMBIENTAL MUNICIPIOS Y BOGOTÁ | H27: 10008 | I27: ** ANTERIOR ** ÁE. OAC | J27: VIGENCIAS FUTURAS - 166 DIAS 81575 OAC - BPPI 2025100100021 | K27: CSE - DE PRESTACIÓN DE SERVICIOS | L27: 2025CSE598 | M27: 26800486 | N27: 26600496 | O27: 46024 | P27: 166 DIAS | Q27: ADICIÓN 1 PRÓRROGA 1 CTO 0598 DE 2025 CUYO OBJETO ES: PRESTAR SERVICIOS PROFESIONALES A LA OFICINA ASESORA DE COMUNICACIONES DE LA CORPORACIÓN AUTÓNOMA REGIONAL DE CUNDINAMARCA-CAR EN LA CREACIÓN DE CONTENIDOS PARA EL CUMPLIMIENTO Y DESARROLLO DE LA ESTRATEGIA DE COMUNICACIÓN DIGITAL. PROCESO AMPARADO CON VIGENCIAS FUTURAS MEDIANTE RESOLUCIÓN DGEN No. 20257000426 de 21 OCT 2025 | R27: 1144090572 | S27: CUELLAR CORREA LAURA PAOLA | T27: 27888000 | U27: 0 | V27: 27888000 | W27: 0 | X27: 27888000 | Y27: 27888000
A28: OAC | B28: OAC | C28: 2-3-3299-88-3118-10-0501-0085999-2.3.2.02.02.008. | D28: 577 | E28: SERVICIOS PRESTADOS A LAS EMPRESAS Y SERVICIOS DE PRODUCCIÓN - OTROS SERVICIOS DE APOYO N C P (577) | F28: 10 | G28: PORCENTAJE Y/O SOBRETASA AMBIENTAL MUNICIPIOS Y BOGOTÁ | H28: 10008 | I28: ** ANTERIOR ** ÁE. OAC | J28: VIGENCIAS FUTURAS - 163 DIAS 81480 OAC - BPPI - 2025100100021 | K28: CSE - DE PRESTACIÓN DE SERVICIOS | L28: 2025CSE883 | M28: 26800487 | N28: 26600497 | O28: 46024 | P28: 163 DIAS | Q28: Adición 1 y prórroga 1 al contrato No 0883 de 2025 cuyo objeto es: Prestar servicios profesionales a la Oficina Asesora de Comunicaciones de la Corporación Autónoma Regional de Cundinamarca – CAR como periodista para el cubrimiento de las actividades y acciones realizadas en la estrategia de comunicación regional. Proceso amparado con vigencias futuras mediante Resolución DGEN No 20257000426 de 21 de octubre de 2025. | R28: 11510360 | S28: PULIDO GOMEZ NESTOR ENRIQUE | T28: 27384000 | U28: 0 | V28: 27384000 | W28: 0 | X28: 27384000 | Y28: 27384000
A29: OAC | B29: OAC | C29: 2-3-3299-88-3118-10-0501-0085999-2.3.2.02.02.008. | D29: 577 | E29: SERVICIOS PRESTADOS A LAS EMPRESAS Y SERVICIOS DE PRODUCCIÓN - OTROS SERVICIOS DE APOYO N C P (577) | F29: 10 | G29: PORCENTAJE Y/O SOBRETASA AMBIENTAL MUNICIPIOS Y BOGOTÁ | H29: 10008 | I29: ** ANTERIOR ** ÁE. OAC | J29: VIGENCIAS FUTURAS - 166 DIAS 81580 OAC - BPPI 2025100100021 | K29: CSE - DE PRESTACIÓN DE SERVICIOS | L29: 2025CSE600 | M29: 26800623 | N29: 26600633 | O29: 46024 | P29: 166 DIAS | Q29: ADICIÓN 1 PRÓRROGA 1 CTO 0600 DE 2025 CUYO OBJETO ES: PRESTAR SERVICIOS PROFESIONALES A LA OFICINA ASESORA DE COMUNICACIONES DE LA CORPORACIÓN AUTÓNOMA REGIONAL DE CUNDINAMARCA-CAR COMO PERIODISTA PARA EL CUBRIMIENTO DE LAS ACTIVIDADES Y ACCIONES REALIZADAS EN LA ESTRATEGIA DE COMUNICACIÓN REGIONAL. PROCESO AMPARADO CON VIGENCIAS FUTURAS MEDIANTE RESOLUCIÓN DGEN No. 20257000426 DE 21 OCT 2025 | R29: 1049647052 | S29: JIMENEZ SIERRA LINNA FERNANDA | T29: 31955000 | U29: 0 | V29: 31955000 | W29: 0 | X29: 31955000 | Y29: 31955000
A30: OAC | B30: OAC | C30: 2-3-3299-88-3118-10-0501-0085999-2.3.2.02.02.008. | D30: 577 | E30: SERVICIOS PRESTADOS A LAS EMPRESAS Y SERVICIOS DE PRODUCCIÓN - OTROS SERVICIOS DE APOYO N C P (577) | F30: 10 | G30: PORCENTAJE Y/O SOBRETASA AMBIENTAL MUNICIPIOS Y BOGOTÁ | H30: 10008 | I30: ** ANTERIOR ** ÁE. OAC | J30: VIGENCIAS FUTURAS - 167 DIAS 81588 OAC - BPPI 2025100100021 | K30: CSE - DE PRESTACIÓN DE SERVICIOS | L30: 2025CSE602 | M30: 26800626 | N30: 26600636 | O30: 46024 | P30: 167 DIAS | Q30: ADICIÓN 1 PRÓRROGA 1 CTO 0602 DE 2025 CUYO OBJETO ES: PRESTAR SERVICIOS PROFESIONALES A LA OFICINA ASESORA DE COMUNICACIONES DE LA CORPORACIÓN AUTÓNOMA REGIONAL DE CUNDINAMARCA-CAR COMO PERIODISTA PARA EL CUBRIMIENTO DE LAS ACTIVIDADES Y ACCIONES REALIZADAS EN LA ESTRATEGIA DE COMUNICACIÓN REGIONAL. PROCESO AMPARADO CON VIGENCIAS FUTURAS MEDIANTE RESOLUCIÓN DGEN No. 20257000426 DE 21 OCT 2025 | R30: 1020802507 | S30: FERNANDEZ RODRIGUEZ DIANA FERNANDA | T30: 28056000 | U30: 0 | V30: 28056000 | W30: 0 | X30: 28056000 | Y30: 28056000
A31: OAC | B31: OAC | C31: 2-3-3299-88-3118-10-0501-0085999-2.3.2.02.02.008. | D31: 577 | E31: SERVICIOS PRESTADOS A LAS EMPRESAS Y SERVICIOS DE PRODUCCIÓN - OTROS SERVICIOS DE APOYO N C P (577) | F31: 10 | G31: PORCENTAJE Y/O SOBRETASA AMBIENTAL MUNICIPIOS Y BOGOTÁ | H31: 10008 | I31: ** ANTERIOR ** ÁE. OAC | J31: VIGENCIAS FUTURAS - 170 DIAS 81664 OAC - BPPI - 2025100100021 | K31: CSE - DE PRESTACIÓN DE SERVICIOS | L31: 2025CSE217 | M31: 26800672 | N31: 26600682 | O31: 46024 | P31: 170 DIAS | Q31: Adición 1 y prórroga 1 al contrato No 0217 de 2025 cuyo objeto es: Prestar servicios profesionales a la Oficina Asesora de Comunicaciones de la Corporación Autónoma Regional de Cundinamarca-CAR para el acompañamiento y cubrimiento de actividades contempladas dentro de la estrategia de comunicación externa. Proceso amparado con vigencias futuras mediante Resolución DGEN No 20257000426 de 21 de octubre de 2025. | R31: 1014283765 | S31: SANCHEZ PICO LAURA MARIA | T31: 35700000 | U31: 0 | V31: 35700000 | W31: 0 | X31: 35700000 | Y31: 35700000
A32: OAC | B32: OAC | C32: 2-3-3299-88-3118-10-0501-0085999-2.3.2.02.02.008. | D32: 577 | E32: SERVICIOS PRESTADOS A LAS EMPRESAS Y SERVICIOS DE PRODUCCIÓN - OTROS SERVICIOS DE APOYO N C P (577) | F32: 10 | G32: PORCENTAJE Y/O SOBRETASA AMBIENTAL MUNICIPIOS Y BOGOTÁ | H32: 10008 | I32: ** ANTERIOR ** ÁE. OAC | J32: VIGENCIAS FUTURAS - 330 DÍAS 79009 OAC - BPPI- 2025100100009 | K32: CSE - DE PRESTACIÓN DE SERVICIOS | L32: 2025CSE3052 | M32: 26800688 | N32: 26600698 | O32: 46024 | P32: 330 DIAS | Q32: PRESTAR LOS SERVICIOS PARA LA PROMOCIÓN, DIVULGACIÓN, PRODUCCIÓN Y MONITOREO DE LAS ACTIVIDADES DEL PLAN DE COMUNICACIONES DE LA CORPORACIÓN AUTÓNOMA REGIONAL DE CUNDINAMARCA; MEDIANTE LA ORDENACIÓN, SEGUIMIENTO Y COMPRA DE ESPACIOS EN DIVERSOS MEDIOS, ASÍ COMO LA DEFINICIÓN ESTRATÉGICA DE CAMPAÑAS Y COMUNICACIONES A TRAVÉS DE LOS MEDIOS AUDIOVISUALES TRADICIONALES, DIGITALES, REDES SOCIALES, Y OTROS MEDIOS ALTERNATIVOS. PROCESO AMPARADO CON VIGENCIAS FUTURAS SEGÚN RESOLUCIÓN DGEN No. 20257000302 de 4 AGO. 2025. | R32: 830005370 | S32: & CANAL REGIONAL DE TELEVISION TEVEANDINA S.A.S | T32: 2191294502 | U32: 0 | V32: 2191294502 | W32: 0 | X32: 2191294502 | Y32: 2191294502
A33: OAC | B33: OAC | C33: 2-3-3299-88-3118-10-0501-0085999-2.3.2.02.02.008. | D33: 577 | E33: SERVICIOS PRESTADOS A LAS EMPRESAS Y SERVICIOS DE PRODUCCIÓN - OTROS SERVICIOS DE APOYO N C P (577) | F33: 10 | G33: PORCENTAJE Y/O SOBRETASA AMBIENTAL MUNICIPIOS Y BOGOTÁ | H33: 10008 | I33: ** ANTERIOR ** ÁE. OAC | J33: VIGENCIAS FUTURAS - 163 DIAS 81687 OAC - BPPI - 2025100100021 | K33: CSE - DE PRESTACIÓN DE SERVICIOS | L33: 2025CSE1080 | M33: 26800742 | N33: 26600752 | O33: 46024 | P33: 163 DIAS | Q33: Adición 1 y prórroga 1 al contrato No 1080 de 2025 cuyo objeto es: Prestación de servicios de apoyo a la gestión en la Oficina Asesora de Comunicaciones para la creación de contenidos en el desarrollo de la estrategia de imagen y marca de la Corporación Autónoma Regional de Cundinamarca - CAR para la vigencia 2025. Proceso amparado con vigencias futuras mediante Resolución DGEN No 20257000426 de 21 de octubre de 2025. | R33: 1031128248 | S33: TRUJILLO NUÑEZ JUAN DAVID | T33: 26080000 | U33: 0 | V33: 26080000 | W33: 0 | X33: 26080000 | Y33: 26080000
... A67: OAC | B67: OAC | C67: 2-3-3299-88-3118-10-0501-0085999-2.3.2.02.02.008. | D67: 577 | E67: SERVICIOS PRESTADOS A LAS EMPRESAS Y SERVICIOS DE PRODUCCIÓN - OTROS SERVICIOS DE APOYO N C P (577) | F67: 10 | G67: PORCENTAJE Y/O SOBRETASA AMBIENTAL MUNICIPIOS Y BOGOTÁ | H67: 27103 | I67: OAC Oficina Asesora de Comunicaciones | J67: 348 DIAS 86085 OAC BPPI 2025100100021 | K67: CPS - DE SERVICIOS PERSONALES | L67: 2026CPS126 | M67: 26801633 | N67: 26601562 | O67: 46035.783 | P67: 348 DIAS | Q67: Prestación de servicios profesionales para apoyar el desarrollo, implementación y fortalecimiento de la estrategia de comunicación regional de la Corporación, mediante la creación, recopilación y difusión de contenidos periodísticos que visibilicen las acciones institucionales en el territorio. | R67: 1076220768 | S67: AVILA CANO NURY STEPHANIE | T67: 60000000 | U67: 2333333 | V67: 57666667 | W67: 15000000 | X67: 42666667 | Y67: 37666667
A68: OAC | B68: OAC | C68: 2-3-3299-88-3118-10-0501-0085999-2.3.2.02.02.008. | D68: 577 | E68: SERVICIOS PRESTADOS A LAS EMPRESAS Y SERVICIOS DE PRODUCCIÓN - OTROS SERVICIOS DE APOYO N C P (577) | F68: 10 | G68: PORCENTAJE Y/O SOBRETASA AMBIENTAL MUNICIPIOS Y BOGOTÁ | H68: 27103 | I68: OAC Oficina Asesora de Comunicaciones | J68: 168 DIAS 86190 OAC - BPPI - 2025100100021 | K68: CSE - DE PRESTACIÓN DE SERVICIOS | L68: 2026CSE136 | M68: 26801697 | N68: 26601562 | O68: 46036.021 | P68: 168 DIAS | Q68: Prestación de servicios profesionales a la Oficina Asesora de Comunicaciones, para apoyar las actividades relacionadas con la estrategia de eventos institucionales, de conformidad con lo establecido en el Plan de Comunicaciones para la vigencia 2026, mediante el fortalecimiento de acciones de mercadeo y publicidad que contribuyan a la planeación, posicionamiento, promoción y visibilidad de la agenda institucional de la Corporación. | R68: 1068976383 | S68: NAVARRETE JARA DUVAN FELIPE | T68: 30000000 | U68: 30000000 | V68: 0 | W68: 0 | X68: 0
A69: OAC | B69: OAC | C69: 2-3-3299-88-3118-10-0501-0085999-2.3.2.02.02.008. | D69: 577 | E69: SERVICIOS PRESTADOS A LAS EMPRESAS Y SERVICIOS DE PRODUCCIÓN - OTROS SERVICIOS DE APOYO N C P (577) | F69: 10 | G69: PORCENTAJE Y/O SOBRETASA AMBIENTAL MUNICIPIOS Y BOGOTÁ | H69: 27103 | I69: OAC Oficina Asesora de Comunicaciones | J69: 168 DIAS 86120 OAC BPPI 2025100100021 | K69: CPS - DE SERVICIOS PERSONALES | L69: 2026CPS69 | M69: 26801699 | N69: 26601562 | O69: 46036.388 | P69: 168 DIAS | Q69: Prestación de servicios profesionales para apoyar el desarrollo, implementación y fortalecimiento de la estrategia de comunicación regional de la Corporación, mediante la creación, recopilación y difusión de contenidos periodísticos que visibilicen las acciones institucionales en el territorio. | R69: 1069435390 | S69: FONSECA MOLINA JULIAN ARTURO | T69: 30240000 | U69: 2352000 | V69: 27888000 | W69: 0 | X69: 27888000 | Y69: 27888000
A70: OAC | B70: OAC | C70: 2-3-3299-88-3118-10-0501-0085999-2.3.2.02.02.008. | D70: 577 | E70: SERVICIOS PRESTADOS A LAS EMPRESAS Y SERVICIOS DE PRODUCCIÓN - OTROS SERVICIOS DE APOYO N C P (577) | F70: 10 | G70: PORCENTAJE Y/O SOBRETASA AMBIENTAL MUNICIPIOS Y BOGOTÁ | H70: 27103 | I70: OAC Oficina Asesora de Comunicaciones | J70: 168 DIAS 86149 OAC BPPI 2025100100021 | K70: CPS - DE SERVICIOS PERSONALES | L70: 2026CPS113 | M70: 26801714 | N70: 26601562 | O70: 46036.42 | P70: 168 DIAS | Q70: Prestación de servicios profesionales para apoyar el desarrollo, implementación y fortalecimiento de la estrategia de comunicación regional de la corporación, mediante la creación, recopilación y difusión de contenidos periodísticos que visibilicen las acciones institucionales en el territorio. | R70: 1053344139 | S70: MARTINEZ JIMENEZ IVAN FELIPE | T70: 30000000 | U70: 2333333 | V70: 27666667 | W70: 0 | X70: 27666667 | Y70: 27666667
A71: OAC | B71: OAC | C71: 2-3-3299-88-3118-10-0501-0085999-2.3.2.02.02.008. | D71: 577 | E71: SERVICIOS PRESTADOS A LAS EMPRESAS Y SERVICIOS DE PRODUCCIÓN - OTROS SERVICIOS DE APOYO N C P (577) | F71: 10 | G71: PORCENTAJE Y/O SOBRETASA AMBIENTAL MUNICIPIOS Y BOGOTÁ | H71: 27103 | I71: OAC Oficina Asesora de Comunicaciones | J71: 348 DIAS 86182 OAC BPPI 2025100100021 | K71: CPS - DE SERVICIOS PERSONALES | L71: 2026CPS163 | M71: 26801717 | N71: 26601562 | O71: 46036.428 | P71: 348 DIAS | Q71: Prestación de servicios profesionales como comunicadora social para apoyar la implementación, fortalecimiento y seguimiento de la estrategia de comunicación interna de la Corporación durante la vigencia 2026, mediante el desarrollo de acciones, contenidos y dinámicas que promuevan la circulación de información institucional, el posicionamiento de campañas internas y el fortalecimiento de la cultura organizacional, en concordancia con el Plan de Comunicaciones vigente. | R71: 1016090300 | S71: ANGULO MADERO JUANITA | T71: 60000000 | U71: 3000000 | V71: 57000000 | W71: 15000000 | X71: 42000000 | Y71: 42000000
A72: OAC | B72: OAC | C72: 2-3-3299-88-3118-10-0501-0085999-2.3.2.02.02.008. | D72: 577 | E72: SERVICIOS PRESTADOS A LAS EMPRESAS Y SERVICIOS DE PRODUCCIÓN - OTROS SERVICIOS DE APOYO N C P (577) | F72: 10 | G72: PORCENTAJE Y/O SOBRETASA AMBIENTAL MUNICIPIOS Y BOGOTÁ | H72: 27103 | I72: OAC Oficina Asesora de Comunicaciones | J72: 348 DIAS 86154 OAC BPPI 2025100100021 | K72: CPS - DE SERVICIOS PERSONALES | L72: 2026CPS109 | M72: 26801718 | N72: 26601562 | O72: 46036.428 | P72: 348 DIAS | Q72: Prestación de servicios profesionales como comunicador(a) social para apoyar la implementación y fortalecimiento de la estrategia de comunicación externa de la Corporación, mediante la creación, redacción y producción de contenidos informativos orientados a divulgar las acciones institucionales, promover la relación con los diferentes públicos y fortalecer la visibilidad externa de la entidad, en coherencia con los lineamientos establecidos en el Plan de Comunicaciones vigente. | R72: 1000271191 | S72: MONTES HERRERA VALENTINA | T72: 68400000 | U72: 45600000 | V72: 22800000 | W72: 0 | X72: 22800000 | Y72: 22800000
A73: OAC | B73: OAC | C73: 2-3-3299-88-3118-10-0501-0085999-2.3.2.02.02.008. | D73: 577 | E73: SERVICIOS PRESTADOS A LAS EMPRESAS Y SERVICIOS DE PRODUCCIÓN - OTROS SERVICIOS DE APOYO N C P (577) | F73: 10 | G73: PORCENTAJE Y/O SOBRETASA AMBIENTAL MUNICIPIOS Y BOGOTÁ | H73: 27103 | I73: OAC Oficina Asesora de Comunicaciones | J73: 168 DIAS 86062 OAC BPPI - 2025100100021 | K73: CPS - DE SERVICIOS PERSONALES | L73: 2026CPS110 | M73: 26801779 | N73: 26601562 | O73: 46036.695 | P73: 168 DIAS | Q73: Prestación de servicios profesionales para apoyar el desarrollo, implementación y fortalecimiento de la estrategia de comunicación regional de la Corporación, mediante la creación, recopilación y difusión de contenidos periodísticos que visibilicen las acciones institucionales en el territorio. | R73: 1075687786 | S73: AGUILAR RUBIANO PAULA LIZETH | T73: 30240000 | U73: 2352000 | V73: 27888000 | W73: 0 | X73: 27888000 | Y73: 27888000
A74: OAC | B74: OAC | C74: 2-3-3299-88-3118-10-0501-0085999-2.3.2.02.02.008. | D74: 577 | E74: SERVICIOS PRESTADOS A LAS EMPRESAS Y SERVICIOS DE PRODUCCIÓN - OTROS SERVICIOS DE APOYO N C P (577) | F74: 10 | G74: PORCENTAJE Y/O SOBRETASA AMBIENTAL MUNICIPIOS Y BOGOTÁ | H74: 27103 | I74: OAC Oficina Asesora de Comunicaciones | J74: 347 DIAS 86241 OAC BPPI 2025100100021 | K74: CPS - DE SERVICIOS PERSONALES | L74: 2026CPS164 | M74: 26801786 | N74: 26601562 | O74: 46036.732 | P74: 347 DIAS | Q74: Prestación de servicios profesionales como realizador audiovisual para apoyar la producción, desarrollo y entrega de contenidos audiovisuales requeridos por la Oficina Asesora de Comunicaciones, en concordancia con las metas, líneas estratégicas y necesidades definidas en el Plan de Comunicaciones para la vigencia 2026, garantizando la calidad técnica, narrativa y estética de las piezas institucionales. | R74: 1020772881 | S74: RASSA JACOME MELISSA | T74: 90000000 | U74: 4000000 | V74: 86000000 | W74: 22500000 | X74: 63500000 | Y74: 63500000
A75: OAC | B75: OAC | C75: 2-3-3299-88-3118-10-0501-0085999-2.3.2.02.02.008. | D75: 577 | E75: SERVICIOS PRESTADOS A LAS EMPRESAS Y SERVICIOS DE PRODUCCIÓN - OTROS SERVICIOS DE APOYO N C P (577) | F75: 10 | G75: PORCENTAJE Y/O SOBRETASA AMBIENTAL MUNICIPIOS Y BOGOTÁ | H75: 27103 | I75: OAC Oficina Asesora de Comunicaciones | J75: 346 DIAS 86309 OAC - BPPI 2025100100021 | K75: CPS - DE SERVICIOS PERSONALES | L75: 2026CPS223 | M75: 26801878 | N75: 26601562 | O75: 46038.478 | P75: 346 DIAS | Q75: Prestación de servicios profesionales para apoyar el desarrollo, implementación y fortalecimiento de la estrategia de comunicación regional de la Corporación, mediante la creación, recopilación y difusión de contenidos periodísticos que visibilicen las acciones institucionales en el territorio. | R75: 1070022197 | S75: RUGE ROZO ANA MARIA | T75: 60000000 | U75: 2666667 | V75: 57333333 | W75: 15000000 | X75: 42333333 | Y75: 42333333
A76: OAC | B76: OAC | C76: 2-3-3299-88-3118-10-0501-0085999-2.3.2.02.02.008. | D76: 577 | E76: SERVICIOS PRESTADOS A LAS EMPRESAS Y SERVICIOS DE PRODUCCIÓN - OTROS SERVICIOS DE APOYO N C P (577) | F76: 10 | G76: PORCENTAJE Y/O SOBRETASA AMBIENTAL MUNICIPIOS Y BOGOTÁ | H76: 27103 | I76: OAC Oficina Asesora de Comunicaciones | J76: 155 DIAS 87339 OAC BPPI - 2025100100021 | K76: CPS - DE SERVICIOS PERSONALES | L76: 2026CPS1110 | M76: 26802578 | N76: 26601562 | O76: 46048.987 | P76: 155 DIAS | Q76: Prestar servicios profesionales como Comunicador Social – Periodista para diseñar, desarrollar e implementar piezas y contenidos de comunicación estratégica, innovadores y multiformato, que fortalezcan las estrategias de comunicación interna o externa de la Corporación, contribuyendo a la apropiación, visibilización y posicionamiento de su gestión y acciones misionales ante los diferentes públicos objetivos, durante la vigencia 2026. | R76: 80825787 | S76: DIAZ BAEZ EDWIN ALBERTO | T76: 33000000 | U76: 2600000 | V76: 30400000 | W76: 0 | X76: 30400000 | Y76: 30400000
A77: OAC | B77: OAC | C77: 2-3-3299-88-3118-10-0501-0085999-2.3.2.02.02.008. | D77: 577 | E77: SERVICIOS PRESTADOS A LAS EMPRESAS Y SERVICIOS DE PRODUCCIÓN - OTROS SERVICIOS DE APOYO N C P (577) | F77: 10 | G77: PORCENTAJE Y/O SOBRETASA AMBIENTAL MUNICIPIOS Y BOGOTÁ | H77: 27103 | I77: OAC Oficina Asesora de Comunicaciones | J77: 155 DIAS 87291 OAC BPPI 2025100100021 | K77: CPS - DE SERVICIOS PERSONALES | L77: 2026CPS1044 | M77: 26802688 | N77: 26601562 | O77: 46049.642 | P77: 155 DIAS | Q77: Prestar servicios de apoyo a la gestión para el desarrollo de la estrategia de eventos de la Corporación, mediante la elaboración, adaptación y ajuste de piezas comunicativas y materiales de apoyo, así como el acompañamiento operativo al equipo de eventos, con el fin de contribuir a la correcta implementación, identidad visual y posicionamiento institucional de los eventos durante la vigencia 2026. | R77: 1032421088 | S77: VALENZUELA GUTIERREZ SINDY MADELYN | T77: 24750000 | U77: 1800000 | V77: 22950000 | W77: 0 | X77: 22950000 | Y77: 22950000
A78: OAC | B78: OAC | C78: 2-3-3299-88-3118-10-0501-0085999-2.3.2.02.02.008. | D78: 577 | E78: SERVICIOS PRESTADOS A LAS EMPRESAS Y SERVICIOS DE PRODUCCIÓN - OTROS SERVICIOS DE APOYO N C P (577) | F78: 10 | G78: PORCENTAJE Y/O SOBRETASA AMBIENTAL MUNICIPIOS Y BOGOTÁ | H78: 27103 | I78: OAC Oficina Asesora de Comunicaciones | J78: 155 DIAS 87336 OAC BPPI 2025100100021 | K78: CPS - DE SERVICIOS PERSONALES | L78: 2026CPS1170 | M78: 26802803 | N78: 26601562 | O78: 46050.396 | P78: 155 DIAS | Q78: Prestación de servicios de apoyo a la gestión para la creación de ilustraciones, recursos visuales y piezas gráficas aptas para web y demás formatos necesarios para el desarrollo integral de las estrategias contempladas en el Plan de Comunicaciones 2026 | R78: 1002525164 | S78: FORERO UMAÑA KAROL VANESSA | T78: 27000000 | U78: 4050000 | V78: 22950000 | W78: 0 | X78: 22950000 | Y78: 22950000
A79: OAC | B79: OAC | C79: 2-3-3299-88-3118-10-0501-0085999-2.3.2.02.02.008. | D79: 577 | E79: SERVICIOS PRESTADOS A LAS EMPRESAS Y SERVICIOS DE PRODUCCIÓN - OTROS SERVICIOS DE APOYO N C P (577) | F79: 10 | G79: PORCENTAJE Y/O SOBRETASA AMBIENTAL MUNICIPIOS Y BOGOTÁ | H79: 27103 | I79: OAC Oficina Asesora de Comunicaciones | J79: 167 DÍAS 87992 OAC - BPPI 2025100100021 | K79: CSE - DE PRESTACIÓN DE SERVICIOS | L79: 2025CSE562 | M79: 26803109 | N79: 26601631 | O79: 46052.796 | P79: 155 DIAS | Q79: Adición 1 y prorroga 1 al contrato 562 de 2025 cuyo objeto es: Prestar servicios profesionales a la Oficina Asesora de Comunicaciones de la Corporación Autónoma Regional de Cundinamarca-CAR en la creación de diseños gráficos que permitan el cumplimiento de las actividades contempladas en la estrategia de comunicación regional. Proceso amparado con vigencias futuras mediante Resolución DGEN No. 20257000426 de 21 de octubre 2025. | R79: 1070608696 | S79: RICO LOPEZ JOAN STEVEN | T79: 43837500 | U79: 0 | V79: 43837500 | W79: 0 | X79: 43837500 | Y79: 43837500
A80: OAC | B80: OAC | C80: 2-3-3299-88-3118-10-0501-0085999-2.3.2.02.02.008. | D80: 577 | E80: SERVICIOS PRESTADOS A LAS EMPRESAS Y SERVICIOS DE PRODUCCIÓN - OTROS SERVICIOS DE APOYO N C P (577) | F80: 10 | G80: PORCENTAJE Y/O SOBRETASA AMBIENTAL MUNICIPIOS Y BOGOTÁ | H80: 27103 | I80: OAC Oficina Asesora de Comunicaciones | J80: 318 DÍAS 88115 OAC - BPPI 2025100100024 | K80: CSE - DE PRESTACIÓN DE SERVICIOS | L80: 2026CSE1643 | M80: 26803282 | N80: 26601625 | O80: 46066.67 | P80: 318 DIAS | Q80: PRESTACIÓN DE SERVICIOS DE OPERACIÓN LOGÍSTICA, RELACIONADOS CON LA ORGANIZACIÓN, EJECUCIÓN Y DEMÁS ACCIONES NECESARIAS PARA LA REALIZACIÓN DE EVENTOS Y ACTIVIDADES QUE SE DESARROLLEN EN LA JURISDICCIÓN DE LA CORPORACIÓN AUTÓNOMA REGIONAL DE CUNDINAMARCA CAR. PROCESO AMPARADO CON VIGENCIAS FUTURAS EXCEPCIONALES MEDIANTE EL ACUERDO No. 48 DEL 22 DE OCTUBRE DE 2025. | R80: 900391059 | S80: QUINTA GENERACIÓN S.A.S | T80: 2999177190 | U80: 0 | V80: 2999177190 | W80: 1039627957 | X80: 1959549233 | Y80: 1959549233
A81: OAC | B81: OAC | C81: 2-3-3299-88-3118-10-0501-0085999-2.3.2.02.02.008. | D81: 577 | E81: SERVICIOS PRESTADOS A LAS EMPRESAS Y SERVICIOS DE PRODUCCIÓN - OTROS SERVICIOS DE APOYO N C P (577) | F81: 10 | G81: PORCENTAJE Y/O SOBRETASA AMBIENTAL MUNICIPIOS Y BOGOTÁ | H81: 27103 | I81: OAC Oficina Asesora de Comunicaciones | J81: 2 DÍAS 88767 - OAC - BPPI 2025100100021 | K81: CPS - DE SERVICIOS PERSONALES | L81: 2026CPS109 | M81: 26803773 | N81: 26601562 | O81: 46176.468 | P81: 2 DIAS | Q81: Prestación de servicios profesionales como comunicador(a) social para apoyar la implementación y fortalecimiento de la estrategia de comunicación externa de la Corporación, mediante la creación, redacción y producción de contenidos informativos orientados a divulgar las acciones institucionales, promover la relación con los diferentes públicos y fortalecer la visibilidad externa de la entidad, en coherencia con los lineamientos establecidos en el Plan de Comunicaciones vigente | R81: 1000271191 | S81: MONTES HERRERA VALENTINA | T81: 2850000 | U81: 0 | V81: 2850000 | W81: 0 | X81: 2850000 | Y81: 2850000
A82: OAC | B82: OAC | C82: 2-3-3299-88-3118-10-0501-0085999-2.3.2.02.02.008. | D82: 577 | E82: SERVICIOS PRESTADOS A LAS EMPRESAS Y SERVICIOS DE PRODUCCIÓN - OTROS SERVICIOS DE APOYO N C P (577) | F82: 10 | G82: PORCENTAJE Y/O SOBRETASA AMBIENTAL MUNICIPIOS Y BOGOTÁ | H82: 27103 | I82: OAC Oficina Asesora de Comunicaciones | J82: 84 DIAS 92316 OAC - BPPI - 2025100100024 | K82: CSE - DE PRESTACIÓN DE SERVICIOS | L82: 2026CSE1643 | M82: 26806634 | N82: 26602095 | O82: 46303.378 | P82: 84 DIAS | Q82: Adición No 1 al contrato No 1643 de 2026 cuyo objeto es: Prestación de servicios de operación logística, relacionados con la organización, ejecución y demás acciones necesarias para la realización de eventos y actividades que se desarrollen en la jurisdicción de la Corporación Autónoma Regional de Cundinamarca CAR. | R82: 900391059 | S82: QUINTA GENERACIÓN S.A.S | T82: 46042423 | U82: 0 | V82: 46042423 | W82: 46042423 | X82: 0
A83: OAC | B83: OAC | C83: 2-3-3299-88-3118-20-0501-0083990-2.3.2.02.02.008. | D83: 909 | E83: SERVICIOS PRESTADOS A LAS EMPRESAS Y SERVICIOS DE PRODUCCIÓN - OTROS SERVICIOS PROFESIONALES TECNICOS Y EMPRESARIALES N C P (909) | F83: 20 | G83: RENTAS SIN DESTINACIÓN ESPECÍFICA | H83: 27103 | I83: OAC Oficina Asesora de Comunicaciones | J83: 185 DIAS 88892 OAC - BPPI- 2025100100021 | K83: CPS - DE SERVICIOS PERSONALES | L83: 2026CPS1720 | M83: 26803872 | N83: 26601947 | O83: 46199.843 | P83: 185 DIAS | Q83: Prestar servicios profesionales a la Oficina Asesora de Comunicaciones de la CAR para brindar acompañamiento técnico en el desarrollo de actividades relacionadas con la planeación estratégica, administrativa y contractual de la dependencia, mediante la formulación de insumos, seguimiento a la gestión y apoyo a la articulación de acciones orientadas al fortalecimiento y mejoramiento de los procesos institucionales a su cargo. | R83: 1020757822 | S83: MARTIN LESMES CRISTIAN FERNANDO | T83: 80600000 | U83: 2600000 | V83: 78000000 | W83: 39000000 | X83: 39000000 | Y83: 39000000
A84: OAC | B84: OAC | C84: 2-3-3299-88-3118-20-0501-0083990-2.3.2.02.02.008. | D84: 909 | E84: SERVICIOS PRESTADOS A LAS EMPRESAS Y SERVICIOS DE PRODUCCIÓN - OTROS SERVICIOS PROFESIONALES TECNICOS Y EMPRESARIALES N C P (909) | F84: 20 | G84: RENTAS SIN DESTINACIÓN ESPECÍFICA | H84: 27103 | I84: OAC Oficina Asesora de Comunicaciones | J84: 180 DIAS 88904 OAC - BPPI - 2025100100021 | K84: CPS - DE SERVICIOS PERSONALES | L84: 2026CPS1708 | M84: 26803880 | N84: 26601947 | O84: 46199.876 | P84: 180 DIAS | Q84: Prestar servicios profesionales a la Oficina Asesora de Comunicaciones de la Corporación Autónoma Regional de Cundinamarca – CAR para brindar apoyo técnico en la implementación de estrategias de comunicación y divulgación institucional, mediante la generación de contenidos, cubrimiento de actividades, producción de insumos informativos y demás acciones orientadas al fortalecimiento de la comunicación externa de la entidad. | R84: 51853749 | S84: SERRATO JIMENEZ DIANA CRISTINA | T84: 63000000 | U84: 0 | V84: 63000000 | W84: 31500000 | X84: 31500000 | Y84: 31500000
A85: OAC | B85: OAC | C85: 2-3-3299-88-3118-20-0501-0083990-2.3.2.02.02.008. | D85: 909 | E85: SERVICIOS PRESTADOS A LAS EMPRESAS Y SERVICIOS DE PRODUCCIÓN - OTROS SERVICIOS PROFESIONALES TECNICOS Y EMPRESARIALES N C P (909) | F85: 20 | G85: RENTAS SIN DESTINACIÓN ESPECÍFICA | H85: 27103 | I85: OAC Oficina Asesora de Comunicaciones | J85: 180 DIAS 88924 OAC - BPPI - 2025100100021 | K85: CPS - DE SERVICIOS PERSONALES | L85: 2026CPS1741 | M85: 26803896 | N85: 26601947 | O85: 46203.788 | P85: 180 DIAS | Q85: Prestar servicios profesionales a la Oficina Asesora de Comunicaciones de la Corporación Autónoma Regional de Cundinamarca – CAR para apoyar el desarrollo de estrategias de comunicación institucional, mediante la ejecución de actividades, campañas, eventos y acciones de divulgación orientadas al fortalecimiento de la comunicación interna y al posicionamiento de iniciativas institucionales dirigidas a los diferentes públicos de interés de la Entidad. | R85: 1015424082 | S85: CELEMIN BONILLA JULIAN DAVID | T85: 42000000 | U85: 0 | V85: 42000000 | W85: 21000000 | X85: 21000000 | Y85: 21000000
A86: OAC | B86: OAC | C86: 2-3-3299-88-3118-20-0501-0083990-2.3.2.02.02.008. | D86: 909 | E86: SERVICIOS PRESTADOS A LAS EMPRESAS Y SERVICIOS DE PRODUCCIÓN - OTROS SERVICIOS PROFESIONALES TECNICOS Y EMPRESARIALES N C P (909) | F86: 20 | G86: RENTAS SIN DESTINACIÓN ESPECÍFICA | H86: 27103 | I86: OAC Oficina Asesora de Comunicaciones | J86: 180 DIAS 88916 OAC - BPPI - 2025100100021 | K86: CPS - DE SERVICIOS PERSONALES | L86: 2026CPS1723 | M86: 26803900 | N86: 26601947 | O86: 46203.797 | P86: 180 DIAS | Q86: Prestar servicios profesionales a la Oficina Asesora de Comunicaciones de la Corporación Autónoma Regional de Cundinamarca–CAR para brindar apoyo jurídico y contractual en el desarrollo de las actividades a cargo de la dependencia, mediante la elaboración, revisión, y seguimiento de los documentos, tramites y actuaciones requeridas de conformidad con la normatividad vigente y los procedimientos institucionales. | R86: 52451364 | S86: RODRIGUEZ SUAREZ ANGELICA | T86: 48000000 | U86: 0 | V86: 48000000 | W86: 24000000 | X86: 24000000 | Y86: 24000000
A87: OAC | B87: OAC | C87: 2-3-3299-88-3118-20-0501-0083990-2.3.2.02.02.008. | D87: 909 | E87: SERVICIOS PRESTADOS A LAS EMPRESAS Y SERVICIOS DE PRODUCCIÓN - OTROS SERVICIOS PROFESIONALES TECNICOS Y EMPRESARIALES N C P (909) | F87: 20 | G87: RENTAS SIN DESTINACIÓN ESPECÍFICA | H87: 27103 | I87: OAC Oficina Asesora de Comunicaciones | J87: 180 DIAS 88920 OAC - BPPI- 2025100100021 | K87: CPS - DE SERVICIOS PERSONALES | L87: 2026CPS1731 | M87: 26803901 | N87: 26601947 | O87: 46203.798 | P87: 180 DIAS | Q87: Prestar servicios profesionales a la Oficina Asesora de Comunicaciones de la Corporación Autónoma Regional de Cundinamarca – CAR para apoyar el seguimiento, organización y gestión de los procesos de producción asociados a las estrategias de diseño gráfico y producción audiovisual de la dependencia. | R87: 52196646 | S87: SEGURA PEREZ ELIANA PATRICIA | T87: 44400000 | U87: 0 | V87: 44400000 | W87: 22200000 | X87: 22200000 | Y87: 22200000
A88: OAC | B88: OAC | C88: 2-3-3299-88-3118-20-0501-0083990-2.3.2.02.02.008. | D88: 909 | E88: SERVICIOS PRESTADOS A LAS EMPRESAS Y SERVICIOS DE PRODUCCIÓN - OTROS SERVICIOS PROFESIONALES TECNICOS Y EMPRESARIALES N C P (909) | F88: 20 | G88: RENTAS SIN DESTINACIÓN ESPECÍFICA | H88: 27103 | I88: OAC Oficina Asesora de Comunicaciones | J88: 180 DIAS 88921 OAC - BPPI - 2025100100021 | K88: CPS - DE SERVICIOS PERSONALES | L88: 2026CPS1735 | M88: 26803909 | N88: 26601947 | O88: 46204.014 | P88: 180 DIAS | Q88: Prestar servicios profesionales a la Oficina Asesora de Comunicaciones de la Corporación Autónoma Regional de Cundinamarca – CAR para apoyar la gestión y el seguimiento de los trámites administrativos, operativos y documentales requeridos para el desarrollo de las acciones contempladas en el Plan Estratégico de Comunicaciones, mediante la elaboración de insumos, consolidación de información y seguimiento a las actividades asociadas al cumplimiento de las metas establecidas en el Plan de Acción Cuatrienal vigente. | R88: 1048848939 | S88: ALGARRA LEGUIZAMON JOHAN ESTEBAN | T88: 42000000 | U88: 0 | V88: 42000000 | W88: 21000000 | X88: 21000000 | Y88: 21000000
A89: OAC | B89: OAC | C89: 2-3-3299-88-3118-20-0501-0083990-2.3.2.02.02.008. | D89: 909 | E89: SERVICIOS PRESTADOS A LAS EMPRESAS Y SERVICIOS DE PRODUCCIÓN - OTROS SERVICIOS PROFESIONALES TECNICOS Y EMPRESARIALES N C P (909) | F89: 20 | G89: RENTAS SIN DESTINACIÓN ESPECÍFICA | H89: 27103 | I89: OAC Oficina Asesora de Comunicaciones | J89: 180 DIAS 88989 OAC - BPPI- 2025100100021 | K89: CPS - DE SERVICIOS PERSONALES | L89: 2026CPS1744 | M89: 26803952 | N89: 26601947 | O89: 46204 | P89: 180 DIAS | Q89: Prestar servicios profesionales a la Oficina Asesora de Comunicaciones de la Corporación Autónoma Regional de Cundinamarca – CAR para brindar apoyo técnico en el desarrollo de la estrategia de comunicación regional, mediante la generación de contenidos, la articulación de acciones de divulgación y el seguimiento a las actividades comunicacionales adelantadas en las diferentes regionales de la Entidad. | R89: 80233457 | S89: HERRERA ROMERO JORGE | T89: 39600000 | U89: 220000 | V89: 39380000 | W89: 19800000 | X89: 19580000 | Y89: 19580000
A90: OAC | B90: OAC | C90: 2-3-3299-88-3118-20-0501-0083990-2.3.2.02.02.008. | D90: 909 | E90: SERVICIOS PRESTADOS A LAS EMPRESAS Y SERVICIOS DE PRODUCCIÓN - OTROS SERVICIOS PROFESIONALES TECNICOS Y EMPRESARIALES N C P (909) | F90: 20 | G90: RENTAS SIN DESTINACIÓN ESPECÍFICA | H90: 27103 | I90: OAC Oficina Asesora de Comunicaciones | J90: 180 DIAS 88988 OAC - BPPI- 2025100100021 | K90: CPS - DE SERVICIOS PERSONALES | L90: 2026CPS1755 | M90: 26803953 | N90: 26601947 | O90: 46204 | P90: 180 DIAS | Q90: Prestar servicios profesionales a la Oficina Asesora de Comunicaciones de la Corporación Autónoma Regional de Cundinamarca — CAR para apoyar el desarrollo de las acciones de comunicación institucional mediante la producción de contenidos audiovisuales orientados a la divulgación de la gestión, programas, proyectos y actividades desarrolladas por la Entidad. | R90: 1070944870 | S90: RIVERA LEON WILSON DARIO | T90: 44400000 | U90: 493333 | V90: 43906667 | W90: 22200000 | X90: 21706667 | Y90: 21706667
A91: OAC | B91: OAC | C91: 2-3-3299-88-3118-20-0501-0083990-2.3.2.02.02.008. | D91: 909 | E91: SERVICIOS PRESTADOS A LAS EMPRESAS Y SERVICIOS DE PRODUCCIÓN - OTROS SERVICIOS PROFESIONALES TECNICOS Y EMPRESARIALES N C P (909) | F91: 20 | G91: RENTAS SIN DESTINACIÓN ESPECÍFICA | H91: 27103 | I91: OAC Oficina Asesora de Comunicaciones | J91: 180 DIAS 88996 OAC - BPPI - 2025100100021 | K91: CPS - DE SERVICIOS PERSONALES | L91: 2026CPS1774 | M91: 26803955 | N91: 26601947 | O91: 46204 | P91: 180 DIAS | Q91: Prestar servicios profesionales a la Oficina Asesora de Comunicaciones de la Corporación Autónoma Regional de Cundinamarca – CAR para apoyar la gestión administrativa y presupuestal de la dependencia, mediante la elaboración de insumos técnicos, seguimiento a la ejecución de los recursos asignados, consolidación de información financiera y generación de reportes que contribuyan a la planeación y seguimiento de las actividades a cargo de la Oficina. | R91: 1048851533 | S91: GÓMEZ CASTILLO JULIÁN CAMILO | T91: 42000000 | U91: 0 | V91: 42000000 | W91: 21000000 | X91: 21000000 | Y91: 21000000
A92: OAC | B92: OAC | C92: 2-3-3299-88-3118-20-0501-0083990-2.3.2.02.02.008. | D92: 909 | E92: SERVICIOS PRESTADOS A LAS EMPRESAS Y SERVICIOS DE PRODUCCIÓN - OTROS SERVICIOS PROFESIONALES TECNICOS Y EMPRESARIALES N C P (909) | F92: 20 | G92: RENTAS SIN DESTINACIÓN ESPECÍFICA | H92: 27103 | I92: OAC Oficina Asesora de Comunicaciones | J92: 180 DIAS 88995 OAC - BPPI- 2025100100021 | K92: CPS - DE SERVICIOS PERSONALES | L92: 2026CPS1753 | M92: 26803970 | N92: 26601947 | O92: 46205.65 | P92: 180 DIAS | Q92: Prestar servicios profesionales a la Oficina Asesora de Comunicaciones de la Corporación Autónoma Regional de Cundinamarca – CAR para brindar apoyo técnico en la formulación, implementación, seguimiento y fortalecimiento de las estrategias de comunicación digital de la Entidad, contribuyendo a la divulgación de la gestión institucional y al posicionamiento de sus contenidos en canales digitales. | R92: 1032461103 | S92: BAUTISTA SAFAR TATIANA PAOLA | T92: 66000000 | U92: 733333 | V92: 65266667 | W92: 33000000 | X92: 32266667 | Y92: 32266667
A93: OAC | B93: OAC | C93: 2-3-3299-88-3118-20-0501-0083990-2.3.2.02.02.008. | D93: 909 | E93: SERVICIOS PRESTADOS A LAS EMPRESAS Y SERVICIOS DE PRODUCCIÓN - OTROS SERVICIOS PROFESIONALES TECNICOS Y EMPRESARIALES N C P (909) | F93: 20 | G93: RENTAS SIN DESTINACIÓN ESPECÍFICA | H93: 27103 | I93: OAC Oficina Asesora de Comunicaciones | J93: 179 DIAS 89048 OAC - BPPI- 2025100100021 | K93: CPS - DE SERVICIOS PERSONALES | L93: 2026CPS1830 | M93: 26803998 | N93: 26601947 | O93: 46205.813 | P93: 179 DIAS | Q93: Prestar servicios profesionales a la Oficina Asesora de Comunicaciones de la Corporación Autónoma Regional de Cundinamarca – CAR para apoyar el desarrollo de las acciones de comunicación institucional mediante la conceptualización, diseño y producción de piezas gráficas requeridas para la divulgación de programas, proyectos, actividades y campañas de la Entidad. | R93: 1072660968 | S93: TORRES MAURERA ANDRES ALFONSO | T93: 49200000 | U93: 546667 | V93: 48653333 | W93: 24600000 | X93: 24053333 | Y93: 24053333
A94: OAC | B94: OAC | C94: 2-3-3299-88-3118-20-0501-0083990-2.3.2.02.02.008. | D94: 909 | E94: SERVICIOS PRESTADOS A LAS EMPRESAS Y SERVICIOS DE PRODUCCIÓN - OTROS SERVICIOS PROFESIONALES TECNICOS Y EMPRESARIALES N C P (909) | F94: 20 | G94: RENTAS SIN DESTINACIÓN ESPECÍFICA | H94: 27103 | I94: OAC Oficina Asesora de Comunicaciones | J94: 178 DIAS 89045 OAC - BPPI - 2025100100021 | K94: CPS - DE SERVICIOS PERSONALES | L94: 2026CPS1846 | M94: 26804002 | N94: 26601947 | O94: 46206.427 | P94: 178 DIAS | Q94: Prestar servicios profesionales a la Oficina Asesora de Comunicaciones de la Corporación Autónoma Regional de Cundinamarca – CAR para brindar apoyo técnico en la ejecución de las estrategias de comunicación institucional, mediante la planeación operativa, seguimiento y articulación de las actividades requeridas para el desarrollo de eventos, campañas y acciones de divulgación contempladas en el Plan de Comunicaciones de la Entidad. | R94: 80074287 | S94: CARVAJA RIVEROS ANDRES GUILLERMO_x000D_ | T94: 42000000 | U94: 466667 | V94: 41533333 | W94: 21000000 | X94: 20533333 | Y94: 20533333
... A125: OAC | B125: OAC | C125: 2-3-3299-88-3118-20-0501-0083990-2.3.2.02.02.008. | D125: 909 | E125: SERVICIOS PRESTADOS A LAS EMPRESAS Y SERVICIOS DE PRODUCCIÓN - OTROS SERVICIOS PROFESIONALES TECNICOS Y EMPRESARIALES N C P (909) | F125: 20 | G125: RENTAS SIN DESTINACIÓN ESPECÍFICA | H125: 27103 | I125: OAC Oficina Asesora de Comunicaciones | J125: 120 DIAS 91789 OAC - BPPI - 2025100100021 | K125: CPS - DE SERVICIOS PERSONALES | L125: 2026CPS4013 | M125: 26806378 | N125: 26602040 | O125: 46259.553 | P125: 120 DIAS | Q125: Prestar servicios profesionales a la Oficina Asesora de Comunicaciones de la Corporación Autónoma Regional de Cundinamarca – CAR para apoyar la implementación de la estrategia de comunicación interna, contribuyendo al fortalecimiento de los procesos de comunicación institucional mediante la generación de contenidos y el desarrollo de acciones comunicacionales. | R125: 1144090572 | S125: CUELLAR CORREA LAURA PAOLA | T125: 17950000 | U125: 0 | V125: 17950000 | W125: 12000000 | X125: 5950000 | Y125: 5950000
A126: OAC | B126: OAC | C126: 2-3-3299-88-3118-20-0501-0083990-2.3.2.02.02.008. | D126: 909 | E126: SERVICIOS PRESTADOS A LAS EMPRESAS Y SERVICIOS DE PRODUCCIÓN - OTROS SERVICIOS PROFESIONALES TECNICOS Y EMPRESARIALES N C P (909) | F126: 20 | G126: RENTAS SIN DESTINACIÓN ESPECÍFICA | H126: 27103 | I126: OAC Oficina Asesora de Comunicaciones | J126: 84 DIAS 92316 OAC - BPPI - 2025100100024 | K126: CSE - DE PRESTACIÓN DE SERVICIOS | L126: 2026CSE1643 | M126: 26806634 | N126: 26602095 | O126: 46303.378 | P126: 84 DIAS | Q126: Adición No 1 al contrato No 1643 de 2026 cuyo objeto es: Prestación de servicios de operación logística, relacionados con la organización, ejecución y demás acciones necesarias para la realización de eventos y actividades que se desarrollen en la jurisdicción de la Corporación Autónoma Regional de Cundinamarca CAR. | R126: 900391059 | S126: QUINTA GENERACIÓN S.A.S | T126: 58711973 | U126: 0 | V126: 58711973 | W126: 58711973 | X126: 0
A127: OAC | B127: OAC | C127: 2-3-3299-88-3118-20-0501-0085999-2.3.2.02.02.008. | D127: 910 | E127: SERVICIOS PRESTADOS A LAS EMPRESAS Y SERVICIOS DE PRODUCCIÓN - OTROS SERVICIOS DE APOYO N C P (910) | F127: 20 | G127: RENTAS SIN DESTINACIÓN ESPECÍFICA | H127: 27103 | I127: OAC Oficina Asesora de Comunicaciones | J127: 11 DIAS 90043 OAC - BPPI - 2025100100009 | K127: CSE - DE PRESTACIÓN DE SERVICIOS | L127: 2025CSE3052 | M127: 26804866 | N127: 26601961 | O127: 46224.584 | P127: 11 DIAS | Q127: Adición No 1, modificatorio No 1 al contrato interadministrativo No 3052 de 2025 cuyo objeto es: Prestar los servicios para la promoción, divulgación, producción y monitoreo de las actividades del Plan de Comunicaciones de la Corporación Autónoma Regional de Cundinamarca; mediante la ordenación, seguimiento y compra de espacios en diversos medios, así como la definición estratégica de campañas y comunicaciones a través de los medios audiovisuales tradicionales, digitales, redes sociales, y otros medios alternativos. | R127: 830005370 | S127: & CANAL REGIONAL DE TELEVISION TEVEANDINA S.A.S | T127: 333200000 | U127: 0 | V127: 333200000 | W127: 0 | X127: 333200000 | Y127: 333200000
A128: OAC | B128: OAC | C128: 2-3-3299-88-3118-20-0501-0085999-2.3.2.02.02.008. | D128: 910 | E128: SERVICIOS PRESTADOS A LAS EMPRESAS Y SERVICIOS DE PRODUCCIÓN - OTROS SERVICIOS DE APOYO N C P (910) | F128: 20 | G128: RENTAS SIN DESTINACIÓN ESPECÍFICA | H128: 27103 | I128: OAC Oficina Asesora de Comunicaciones | J128: 84 DIAS 92316 OAC - BPPI - 2025100100024 | K128: CSE - DE PRESTACIÓN DE SERVICIOS | L128: 2026CSE1643 | M128: 26806634 | N128: 26602095 | O128: 46303.378 | P128: 84 DIAS | Q128: Adición No 1 al contrato No 1643 de 2026 cuyo objeto es: Prestación de servicios de operación logística, relacionados con la organización, ejecución y demás acciones necesarias para la realización de eventos y actividades que se desarrollen en la jurisdicción de la Corporación Autónoma Regional de Cundinamarca CAR. | R128: 900391059 | S128: QUINTA GENERACIÓN S.A.S | T128: 321183640 | U128: 0 | V128: 321183640 | W128: 321183640 | X128: 0
A129: OAC | B129: OAC | C129: 2-3-3299-88-3118-40-0501-0083118-2.3.2.02.02.008. | D129: 959 | E129: SERVICIOS PRESTADOS A LAS EMPRESAS Y SERVICIOS DE PRODUCCIÓN - SERVICIOS DE GESTION Y ADMINISTRACION EMPRESARIAL OFICINA CENTRAL (959) | F129: 40 | G129: RENDIMIENTOS FINANCIEROS - PORCENTAJE Y/O SOBRETASA AMBIENTAL MUNICIPIOS Y BOGOTÁ | H129: 27103 | I129: OAC Oficina Asesora de Comunicaciones | J129: 130 DIAS 91745 OAC - BPPI - 2025100100021 | K129: CPS - DE SERVICIOS PERSONALES | L129: 2026CPS3975 | M129: 26806352 | N129: 26602040 | O129: 46258.4 | P129: 130 DIAS | Q129: Prestar los servicios profesionales para el diseño, desarrollo y producción de productos gráficos y creativos requeridos para la implementación de las campañas institucionales y las estrategias contempladas en el Plan Estratégico de Comunicaciones de la Oficina Asesora de Comunicaciones de la Corporación Autónoma Regional de Cundinamarca – CAR. | R129: 1022445922 | S129: VALDIRI TAMAYO LAURA VERÓNICA | T129: 20000000 | U129: 0 | V129: 20000000 | W129: 15300000 | X129: 4700000 | Y129: 0
A130: OAC | B130: OAC | C130: 2-3-3299-88-3118-40-0501-0083118-2.3.2.02.02.008. | D130: 959 | E130: SERVICIOS PRESTADOS A LAS EMPRESAS Y SERVICIOS DE PRODUCCIÓN - SERVICIOS DE GESTION Y ADMINISTRACION EMPRESARIAL OFICINA CENTRAL (959) | F130: 40 | G130: RENDIMIENTOS FINANCIEROS - PORCENTAJE Y/O SOBRETASA AMBIENTAL MUNICIPIOS Y BOGOTÁ | H130: 27103 | I130: OAC Oficina Asesora de Comunicaciones | J130: 120 DIAS 91789 OAC - BPPI - 2025100100021 | K130: CPS - DE SERVICIOS PERSONALES | L130: 2026CPS4013 | M130: 26806378 | N130: 26602040 | O130: 46259.553 | P130: 120 DIAS | Q130: Prestar servicios profesionales a la Oficina Asesora de Comunicaciones de la Corporación Autónoma Regional de Cundinamarca – CAR para apoyar la implementación de la estrategia de comunicación interna, contribuyendo al fortalecimiento de los procesos de comunicación institucional mediante la generación de contenidos y el desarrollo de acciones comunicacionales. | R130: 1144090572 | S130: CUELLAR CORREA LAURA PAOLA | T130: 2450000 | U130: 0 | V130: 2450000 | W130: 2450000 | X130: 0 | Y130: 0
A131: OAC | B131: OAC | C131: 2-3-3299-88-3118-40-0501-0085999-2.3.2.02.02.008. | D131: 997 | E131: SERVICIOS PRESTADOS A LAS EMPRESAS Y SERVICIOS DE PRODUCCIÓN - OTROS SERVICIOS DE APOYO N C P (997) | F131: 40 | G131: RENDIMIENTOS FINANCIEROS - PORCENTAJE Y/O SOBRETASA AMBIENTAL MUNICIPIOS Y BOGOTÁ | H131: 27103 | I131: OAC Oficina Asesora de Comunicaciones | J131: 84 DIAS 92316 OAC - BPPI - 2025100100024 | K131: CSE - DE PRESTACIÓN DE SERVICIOS | L131: 2026CSE1643 | M131: 26806634 | N131: 26602095 | O131: 46303.378 | P131: 84 DIAS | Q131: Adición No 1 al contrato No 1643 de 2026 cuyo objeto es: Prestación de servicios de operación logística, relacionados con la organización, ejecución y demás acciones necesarias para la realización de eventos y actividades que se desarrollen en la jurisdicción de la Corporación Autónoma Regional de Cundinamarca CAR. | R131: 900391059 | S131: QUINTA GENERACIÓN S.A.S | T131: 136910000 | U131: 0 | V131: 136910000 | W131: 136910000 | X131: 0
A132: OAC | B132: OAC | C132: 2-3-3299-88-3118-60-0501-0085999-2.3.2.02.02.008. | D132: 595 | E132: SERVICIOS PRESTADOS A LAS EMPRESAS Y SERVICIOS DE PRODUCCIÓN - OTROS SERVICIOS DE APOYO N C P (595) | F132: 60 | G132: R.B-PORCENTAJE Y/O SOBRETASA AMBIENTAL MUNICIPIOS Y BOGOTÁ - RECURSOS DEL BALANCE | H132: 10008 | I132: ** ANTERIOR ** ÁE. OAC | J132: VIGENCIAS FUTURAS - 330 DÍAS 79009 OAC - BPPI- 2025100100009 | K132: CSE - DE PRESTACIÓN DE SERVICIOS | L132: 2025CSE3052 | M132: 26800688 | N132: 26600698 | O132: 46024 | P132: 330 DIAS | Q132: PRESTAR LOS SERVICIOS PARA LA PROMOCIÓN, DIVULGACIÓN, PRODUCCIÓN Y MONITOREO DE LAS ACTIVIDADES DEL PLAN DE COMUNICACIONES DE LA CORPORACIÓN AUTÓNOMA REGIONAL DE CUNDINAMARCA; MEDIANTE LA ORDENACIÓN, SEGUIMIENTO Y COMPRA DE ESPACIOS EN DIVERSOS MEDIOS, ASÍ COMO LA DEFINICIÓN ESTRATÉGICA DE CAMPAÑAS Y COMUNICACIONES A TRAVÉS DE LOS MEDIOS AUDIOVISUALES TRADICIONALES, DIGITALES, REDES SOCIALES, Y OTROS MEDIOS ALTERNATIVOS. PROCESO AMPARADO CON VIGENCIAS FUTURAS SEGÚN RESOLUCIÓN DGEN No. 20257000302 de 4 AGO. 2025. | R132: 830005370 | S132: & CANAL REGIONAL DE TELEVISION TEVEANDINA S.A.S | T132: 1406178755 | U132: 0 | V132: 1406178755 | W132: 0 | X132: 1406178755 | Y132: 1406178755
A133: OAI | B133: OAI | C133: 2-3-3299-88-3118-10-0703-0083118-2.3.2.02.02.008. | D133: 582 | E133: SERVICIOS PRESTADOS A LAS EMPRESAS Y SERVICIOS DE PRODUCCIÓN - SERVICIOS DE GESTION Y ADMINISTRACION EMPRESARIAL OFICINA CENTRAL (582) | F133: 10 | G133: PORCENTAJE Y/O SOBRETASA AMBIENTAL MUNICIPIOS Y BOGOTÁ | H133: 27105 | I133: OAI Oficina de Asuntos Internacionales | J133: 175 DIAS 89210 OAI - BPPI 202630010000 | K133: CPS - DE SERVICIOS PERSONALES | L133: 2026CPS1999 | M133: 26804163 | N133: 26601964 | O133: 46210.48 | P133: 175 DIAS | Q133: Contrato No 1999 de 2026 cuyo objeto es: Prestar servicios profesionales de apoyo a la gestión jurídica, administrativa y operativa de la Oficina de Asuntos Internacionales de la Corporación Autónoma Regional de Cundinamarca- CAR. | R133: 1098775460 | S133: CAMARGO CAMPO VICTOR EZEQUIEL_x000D_ | T133: 45000000 | U133: 0 | V133: 45000000 | W133: 24000000 | X133: 21000000 | Y133: 21000000
A134: OAI | B134: OAI | C134: 2-3-3299-88-3118-10-0703-0083118-2.3.2.02.02.008. | D134: 582 | E134: SERVICIOS PRESTADOS A LAS EMPRESAS Y SERVICIOS DE PRODUCCIÓN - SERVICIOS DE GESTION Y ADMINISTRACION EMPRESARIAL OFICINA CENTRAL (582) | F134: 10 | G134: PORCENTAJE Y/O SOBRETASA AMBIENTAL MUNICIPIOS Y BOGOTÁ | H134: 27105 | I134: OAI Oficina de Asuntos Internacionales | J134: 174 DIAS 89336 OAI - BPPI - 2026300100001 | K134: CPS - DE SERVICIOS PERSONALES | L134: 2026CPS2088 | M134: 26804253 | N134: 26601964 | O134: 46211.56 | P134: 174 DIAS | Q134: Prestación de servicios de apoyo a la gestión, consistentes en la ejecución de actividades administrativas, operativas y de soporte, orientadas a contribuir al adecuado funcionamiento de los procesos de la OAI. | R134: 1032939143 | S134: CUELLAR GUTIERREZ MARIANA ALEJANDRA | T134: 21000000 | U134: 0 | V134: 21000000 | W134: 11433333 | X134: 9566667 | Y134: 9566667
A135: OAI | B135: OAI | C135: 2-3-3299-88-3118-10-0703-0083118-2.3.2.02.02.008. | D135: 582 | E135: SERVICIOS PRESTADOS A LAS EMPRESAS Y SERVICIOS DE PRODUCCIÓN - SERVICIOS DE GESTION Y ADMINISTRACION EMPRESARIAL OFICINA CENTRAL (582) | F135: 10 | G135: PORCENTAJE Y/O SOBRETASA AMBIENTAL MUNICIPIOS Y BOGOTÁ | H135: 27105 | I135: OAI Oficina de Asuntos Internacionales | J135: 150 DIAS 89769 OAI - BPPI - 2026300100001 | K135: CPS - DE SERVICIOS PERSONALES | L135: 2026CPS2448 | M135: 26804607 | N135: 26601964 | O135: 46218.673 | P135: 150 DIAS | Q135: Prestar servicios profesionales de apoyo a la Oficina de Asuntos Internacionales de la Corporación Autónoma Regional de Cundinamarca, contribuyendo a la articulación de la oferta y demanda de cooperación, favoreciendo el desarrollo de los objetivos misionales de la Corporación. | R135: 1065134365 | S135: HENRIQUEZ SALCEDO ELSA CAROLINA | T135: 24500000 | U135: 0 | V135: 24500000 | W135: 12086667 | X135: 12413333 | Y135: 12413333
A136: OAI | B136: OAI | C136: 2-3-3299-88-3118-10-0703-0083118-2.3.2.02.02.008. | D136: 582 | E136: SERVICIOS PRESTADOS A LAS EMPRESAS Y SERVICIOS DE PRODUCCIÓN - SERVICIOS DE GESTION Y ADMINISTRACION EMPRESARIAL OFICINA CENTRAL (582) | F136: 10 | G136: PORCENTAJE Y/O SOBRETASA AMBIENTAL MUNICIPIOS Y BOGOTÁ | H136: 27105 | I136: OAI Oficina de Asuntos Internacionales | J136: 150 DIAS 89853 OAI - BPPI - 2026300100001 | K136: CPS - DE SERVICIOS PERSONALES | L136: 2026CPS2370 | M136: 26804683 | N136: 26601964 | O136: 46219.611 | P136: 150 DIAS | Q136: Prestar servicios profesionales a la Oficina de Asuntos Internacionales de la Corporación Autónoma Regional de Cundinamarca, para brindar asesoría jurídica en la implementación de estrategias de visibilización, reconocimiento y posicionamiento dirigido al desarrollo de los objetivos misionales de la Corporación. | R136: 40436890 | S136: NIETO JARAMILLO MARIA NOHORA ELSY | T136: 62000000 | U136: 0 | V136: 62000000 | W136: 31413333 | X136: 30586667 | Y136: 18186667
A137: OAI | B137: OAI | C137: 2-3-3299-88-3118-10-0703-0083118-2.3.2.02.02.008. | D137: 582 | E137: SERVICIOS PRESTADOS A LAS EMPRESAS Y SERVICIOS DE PRODUCCIÓN - SERVICIOS DE GESTION Y ADMINISTRACION EMPRESARIAL OFICINA CENTRAL (582) | F137: 10 | G137: PORCENTAJE Y/O SOBRETASA AMBIENTAL MUNICIPIOS Y BOGOTÁ | H137: 27105 | I137: OAI Oficina de Asuntos Internacionales | J137: 150 DIAS 89932 OAI - BPPI - 2026300100001 | K137: CPS - DE SERVICIOS PERSONALES | L137: 2026CPS2479 | M137: 26804727 | N137: 26601964 | O137: 46220.095 | P137: 150 DIAS | Q137: Prestar servicios profesionales a la Oficina de Asuntos Internacionales de la Corporación Autónoma Regional de Cundinamarca, para fortalecer la estructuración de iniciativas y proyectos de Cooperación que contribuyan al cumplimiento de los objetivos misionales. | R137: 1019020377 | S137: * DELGADILLO MURCIA LINA PAOLA | T137: 40000000 | U137: 0 | V137: 40000000 | W137: 20266667 | X137: 19733333 | Y137: 19733333
A138: OAI | B138: OAI | C138: 2-3-3299-88-3118-10-0706-0083118-2.3.2.02.02.008. | D138: 955 | E138: SERVICIOS PRESTADOS A LAS EMPRESAS Y SERVICIOS DE PRODUCCIÓN - SERVICIOS DE GESTION Y ADMINISTRACION EMPRESARIAL OFICINA CENTRAL (955) | F138: 10 | G138: PORCENTAJE Y/O SOBRETASA AMBIENTAL MUNICIPIOS Y BOGOTÁ | H138: 27105 | I138: OAI Oficina de Asuntos Internacionales | J138: 150 DIAS 89861 OAI - BPPI - 2026300100001 | K138: CPS - DE SERVICIOS PERSONALES | L138: 2026CPS2409 | M138: 26804713 | N138: 26601978 | O138: 46219.94 | P138: 150 DIAS | Q138: Prestar servicios profesionales a la Oficina de Asuntos Internacionales de la Corporación Autónoma Regional de Cundinamarca, para brindar apoyo especializado en la implementación de la agenda interinstitucional de articulación de actores nacionales (SINA) e internacionales para el fortalecimiento de la Integración Regional. | R138: 1026258747 | S138: VILLA ROJAS RAFAEL RICARDO | T138: 45000000 | U138: 0 | V138: 45000000 | W138: 22800000 | X138: 22200000 | Y138: 22200000
A139: OAI | B139: OAI | C139: 2-3-3299-88-3118-70-0703-0083118-2.3.2.02.02.008. | D139: 598 | E139: SERVICIOS PRESTADOS A LAS EMPRESAS Y SERVICIOS DE PRODUCCIÓN - SERVICIOS DE GESTION Y ADMINISTRACION EMPRESARIAL OFICINA CENTRAL (598) | F139: 70 | G139: R.B-RENTAS SIN DESTINACIÓN ESPECÍFICA - RECURSOS DEL BALANCE | H139: 27105 | I139: OAI Oficina de Asuntos Internacionales | J139: 345 DIAS 86367 OAI - BPPI - 2026300100001 | K139: CSE - DE PRESTACIÓN DE SERVICIOS | L139: 2026CSE406 | M139: 26801864 | N139: 26601594 | O139: 46038.455 | P139: 345 DIAS | Q139: Prestar servicios profesionales a la Oficina de Asuntos Internacionales de la Corporación Autónoma Regional de Cundinamarca (CAR), brindando asesoría para el fortalecimiento de relaciones estratégicas y de políticas, iniciativas, proyectos y asuntos relacionados con la misionalidad de la corporación. | R139: 901364245 | S139: GERENCIA DEL PODER COLOMBIA SAS | T139: 213600000 | U139: 0 | V139: 213600000 | W139: 62893333 | X139: 150706667 | Y139: 132906667
A140: OAI | B140: OAI | C140: 2-3-3299-88-3118-70-0703-0083118-2.3.2.02.02.008. | D140: 598 | E140: SERVICIOS PRESTADOS A LAS EMPRESAS Y SERVICIOS DE PRODUCCIÓN - SERVICIOS DE GESTION Y ADMINISTRACION EMPRESARIAL OFICINA CENTRAL (598) | F140: 70 | G140: R.B-RENTAS SIN DESTINACIÓN ESPECÍFICA - RECURSOS DEL BALANCE | H140: 27105 | I140: OAI Oficina de Asuntos Internacionales | J140: 345 DIAS 86369 OAI - BPPI - 2026300100001 | K140: CPS - DE SERVICIOS PERSONALES | L140: 2026CPS399 | M140: 26801872 | N140: 26601594 | O140: 46038.47 | P140: 345 DIAS | Q140: Prestar servicios profesionales a la Oficina de Asuntos Internacionales de la Corporación Autónoma Regional de Cundinamarca - CAR, en la articulación y relacionamiento con los aliados estratégicos para el fortalecimiento de las capacidades técnicas, científicas, tecnológicas y financieras de la Corporación. | R140: 1136883199 | S140: GALVEZ BERMUDEZ LAURA JEANNETTE | T140: 168000000 | U140: 0 | V140: 168000000 | W140: 63000000 | X140: 105000000 | Y140: 105000000
A141: OAI | B141: OAI | C141: 2-3-3299-88-3118-70-0703-0083118-2.3.2.02.02.008. | D141: 598 | E141: SERVICIOS PRESTADOS A LAS EMPRESAS Y SERVICIOS DE PRODUCCIÓN - SERVICIOS DE GESTION Y ADMINISTRACION EMPRESARIAL OFICINA CENTRAL (598) | F141: 70 | G141: R.B-RENTAS SIN DESTINACIÓN ESPECÍFICA - RECURSOS DEL BALANCE | H141: 27105 | I141: OAI Oficina de Asuntos Internacionales | J141: 162 DIAS 86547 OAI - BPPI - 2026300100001 | K141: CPS - DE SERVICIOS PERSONALES | L141: 2026CPS505 | M141: 26802041 | N141: 26601594 | O141: 46041.638 | P141: 162 DIAS | Q141: Prestar servicios profesionales de apoyo a la gestión jurídica, administrativa y operativa de la Oficina de Asuntos Internacionales de la Corporación Autónoma Regional de Cundinamarca- CAR. | R141: 1098775460 | S141: CAMARGO CAMPO VICTOR EZEQUIEL_x000D_ | T141: 45000000 | U141: 4500000 | V141: 40500000 | W141: 0 | X141: 40500000 | Y141: 40500000
A142: OAI | B142: OAI | C142: 2-3-3299-88-3118-70-0703-0083118-2.3.2.02.02.008. | D142: 598 | E142: SERVICIOS PRESTADOS A LAS EMPRESAS Y SERVICIOS DE PRODUCCIÓN - SERVICIOS DE GESTION Y ADMINISTRACION EMPRESARIAL OFICINA CENTRAL (598) | F142: 70 | G142: R.B-RENTAS SIN DESTINACIÓN ESPECÍFICA - RECURSOS DEL BALANCE | H142: 27105 | I142: OAI Oficina de Asuntos Internacionales | J142: 162 DIAS 86566 OAI - BPPI - 2026300100001 | K142: CPS - DE SERVICIOS PERSONALES | L142: 2026CPS480 | M142: 26802047 | N142: 26601594 | O142: 46041.655 | P142: 162 DIAS | Q142: Prestación de servicios de apoyo a la gestión, consistentes en la ejecución de actividades administrativas, operativas y de soporte, orientadas a contribuir al adecuado funcionamiento de los procesos internos de la OAI. | R142: 1032939143 | S142: CUELLAR GUTIERREZ MARIANA ALEJANDRA | T142: 21000000 | U142: 2216667 | V142: 18783333 | W142: 0 | X142: 18783333 | Y142: 18783333
A143: OAI | B143: OAI | C143: 2-3-3299-88-3118-70-0703-0083118-2.3.2.02.02.008. | D143: 598 | E143: SERVICIOS PRESTADOS A LAS EMPRESAS Y SERVICIOS DE PRODUCCIÓN - SERVICIOS DE GESTION Y ADMINISTRACION EMPRESARIAL OFICINA CENTRAL (598) | F143: 70 | G143: R.B-RENTAS SIN DESTINACIÓN ESPECÍFICA - RECURSOS DEL BALANCE | H143: 27105 | I143: OAI Oficina de Asuntos Internacionales | J143: 161 DIAS 86773 OAI BPPI - 2026300100001 | K143: CPS - DE SERVICIOS PERSONALES | L143: 2026CPS694 | M143: 26802193 | N143: 26601594 | O143: 46042.775 | P143: 161 DIAS | Q143: Prestar servicios profesionales a la Oficina de Asuntos Internacionales de la Corporación Autónoma Regional de Cundinamarca - CAR, en el acompañamiento a la estructuración, seguimiento y control de diferentes instrumentos de cooperación interinstitucional e internacional de la Corporación. | R143: 1045686865 | S143: CEPEDA EMILIANI ANDRES IGNACIO | T143: 48000000 | U143: 6933333 | V143: 41066667 | W143: 0 | X143: 41066667 | Y143: 41066667
... A193: OAP | B193: OAP | C193: 2-3-3299-88-3118-20-0701-0083118-2.3.2.02.02.008. | D193: 912 | E193: SERVICIOS PRESTADOS A LAS EMPRESAS Y SERVICIOS DE PRODUCCIÓN - SERVICIOS DE GESTION Y ADMINISTRACION EMPRESARIAL OFICINA CENTRAL (912) | F193: 20 | G193: RENTAS SIN DESTINACIÓN ESPECÍFICA | H193: 27101 | I193: OAP Oficina Asesora de Planeación | J193: 127 DIAS 91754 OAP - BPPI - 2024110100015 | K193: CPS - DE SERVICIOS PERSONALES | L193: 2026CPS4006 | M193: 26806369 | N193: 26601916 | O193: 46259.468 | P193: 127 DIAS | Q193: Prestar sus servicios profesionales a la Oficina Asesora de Planeación de la Corporación Autónoma Regional de Cundinamarca – CAR, para realizar actividades de gestión de información como insumo al seguimiento de los instrumentos de planeación ambiental PGAR 2024-2035 y PAC 2024-2027 en las herramientas dispuestas para tal fin. | R193: 1003825066 | S193: SALGADO RODRIGUEZ NICOLAS FELIPE | T193: 27000000 | U193: 0 | V193: 27000000 | W193: 20700000 | X193: 6300000 | Y193: 900000
A194: OAP | B194: OAP | C194: 2-3-3299-88-3118-20-0701-0083118-2.3.2.02.02.008. | D194: 912 | E194: SERVICIOS PRESTADOS A LAS EMPRESAS Y SERVICIOS DE PRODUCCIÓN - SERVICIOS DE GESTION Y ADMINISTRACION EMPRESARIAL OFICINA CENTRAL (912) | F194: 20 | G194: RENTAS SIN DESTINACIÓN ESPECÍFICA | H194: 27101 | I194: OAP Oficina Asesora de Planeación | J194: 127 DIAS 91757 OAP - BPPI - 2024110100015 | K194: CPS - DE SERVICIOS PERSONALES | L194: 2026CPS3865 | M194: 26806370 | N194: 26601916 | O194: 46259.47 | P194: 127 DIAS | Q194: Prestar sus servicios de apoyo a la gestión a la Oficina Asesora de Planeación de la Corporación Autónoma Regional de Cundinamarca – CAR, para apoyar la gestión, seguimiento, monitoreo, consolidación y reporte de la información relacionada con la gestión administrativa y seguimiento contractual, así como de reporte a proyectos de inversión incluidos en el Plan de Acción Cuatrienal PAC 2024- 2027. | R194: 1070979473 | S194: PEREZ CASTELLANOS BRAYAN HERNAN | T194: 17500000 | U194: 0 | V194: 17500000 | W194: 13533333 | X194: 3966667
A195: OAP | B195: OAP | C195: 2-3-3299-88-3118-20-0702-0083118-2.3.2.02.02.008. | D195: 913 | E195: SERVICIOS PRESTADOS A LAS EMPRESAS Y SERVICIOS DE PRODUCCIÓN - SERVICIOS DE GESTION Y ADMINISTRACION EMPRESARIAL OFICINA CENTRAL (913) | F195: 20 | G195: RENTAS SIN DESTINACIÓN ESPECÍFICA | H195: 27101 | I195: OAP Oficina Asesora de Planeación | J195: 179 DIAS 89021 OAP - BPPI - 2024110100015 | K195: CPS - DE SERVICIOS PERSONALES | L195: 2026CPS1750 | M195: 26803978 | N195: 26601916 | O195: 46205 | P195: 179 DIAS | Q195: Prestar servicios profesionales a la Oficina Asesora de Planeación de la Corporación Autónoma Regional de Cundinamarca- CAR, para brindar acompañamiento en las actividades del banco de programas y proyectos BPPI - CAR. | R195: 1144032764 | S195: LANDAZURI SUAREZ KAREN NATHALIA | T195: 42000000 | U195: 0 | V195: 42000000 | W195: 21466667 | X195: 20533333 | Y195: 20533333
A196: OAP | B196: OAP | C196: 2-3-3299-88-3118-20-0702-0083118-2.3.2.02.02.008. | D196: 913 | E196: SERVICIOS PRESTADOS A LAS EMPRESAS Y SERVICIOS DE PRODUCCIÓN - SERVICIOS DE GESTION Y ADMINISTRACION EMPRESARIAL OFICINA CENTRAL (913) | F196: 20 | G196: RENTAS SIN DESTINACIÓN ESPECÍFICA | H196: 27101 | I196: OAP Oficina Asesora de Planeación | J196: 179 DIAS 89022 OAP - BPPI - 2024110100015 | K196: CPS - DE SERVICIOS PERSONALES | L196: 2026CPS1806 | M196: 26803979 | N196: 26601916 | O196: 46205 | P196: 179 DIAS | Q196: Prestar servicios profesionales a la Oficina Asesora de Planeación de la Corporación Autónoma Regional de Cundinamarca – CAR, para apoyar la gestión integral del Banco de Programas y Proyectos de Inversión – BPPI-CAR en las etapas de formulación, viabilidad, registro, seguimiento y ajuste de proyectos de inversión, conforme a los procedimientos vigentes. | R196: 79710203 | S196: * VARGAS ROJAS JAIRO ALEXANDER | T196: 60000000 | U196: 0 | V196: 60000000 | W196: 30666667 | X196: 29333333 | Y196: 29333333
A197: OAP | B197: OAP | C197: 2-3-3299-88-3118-20-0702-0083118-2.3.2.02.02.008. | D197: 913 | E197: SERVICIOS PRESTADOS A LAS EMPRESAS Y SERVICIOS DE PRODUCCIÓN - SERVICIOS DE GESTION Y ADMINISTRACION EMPRESARIAL OFICINA CENTRAL (913) | F197: 20 | G197: RENTAS SIN DESTINACIÓN ESPECÍFICA | H197: 27101 | I197: OAP Oficina Asesora de Planeación | J197: 175 DIAS 89174 OAP - BPPI - 2024110100015 | K197: CPS - DE SERVICIOS PERSONALES | L197: 2026CPS1945 | M197: 26804079 | N197: 26601916 | O197: 46209.795 | P197: 175 DIAS | Q197: Prestar servicios profesionales a la Oficina Asesora de Planeación de la Corporación Autónoma Regional de Cundinamarca –CAR para acompañar la estructuración, seguimiento y evaluación de los proyectos de inversión en sus diferentes etapas. | R197: 1071630064 | S197: * ALMANZA TORRES KELLY JOHANA | T197: 54000000 | U197: 0 | V197: 54000000 | W197: 28800000 | X197: 25200000 | Y197: 25200000
A198: OAP | B198: OAP | C198: 2-3-3299-88-3118-20-0702-0083118-2.3.2.02.02.008. | D198: 913 | E198: SERVICIOS PRESTADOS A LAS EMPRESAS Y SERVICIOS DE PRODUCCIÓN - SERVICIOS DE GESTION Y ADMINISTRACION EMPRESARIAL OFICINA CENTRAL (913) | F198: 20 | G198: RENTAS SIN DESTINACIÓN ESPECÍFICA | H198: 27101 | I198: OAP Oficina Asesora de Planeación | J198: 175 DIAS 89202 OAP - BPPI - 2024110100015 | K198: CPS - DE SERVICIOS PERSONALES | L198: 2026CPS1955 | M198: 26804103 | N198: 26601916 | O198: 46209.853 | P198: 175 DIAS | Q198: Prestar sus servicios profesionales para apoyar la formulación de los proyectos de inversión de la Corporación Autónoma Regional de Cundinamarca - CAR, verificando el cumplimiento de requisitos para su registro en el Banco de Programas y Proyectos de Inversión – BPPI; así como en la consolidación y validación de informes de seguimiento y evaluación, atención de PQRSD y en el seguimiento de planes de mejoramiento derivados del banco de proyectos, conforme los lineamientos y normativa vigente en la entidad. | R198: 1083455714 | S198: * SALAS CORREA PILAR VANESSA | T198: 53910000 | U198: 0 | V198: 53910000 | W198: 28752000 | X198: 25158000 | Y198: 25158000
A199: OAP | B199: OAP | C199: 2-3-3299-88-3118-20-0702-0083118-2.3.2.02.02.008. | D199: 913 | E199: SERVICIOS PRESTADOS A LAS EMPRESAS Y SERVICIOS DE PRODUCCIÓN - SERVICIOS DE GESTION Y ADMINISTRACION EMPRESARIAL OFICINA CENTRAL (913) | F199: 20 | G199: RENTAS SIN DESTINACIÓN ESPECÍFICA | H199: 27101 | I199: OAP Oficina Asesora de Planeación | J199: 175 DIAS 89204 OAP - BPPI - 2024110100015 | K199: CPS - DE SERVICIOS PERSONALES | L199: 2026CPS1964 | M199: 26804105 | N199: 26601916 | O199: 46209.855 | P199: 175 DIAS | Q199: Prestar sus servicios profesionales para apoyar la estructuración, revisión técnica y normativa de proyectos de inversión de la Corporación Autónoma Regional de Cundinamarca- CAR, garantizando el cumplimiento de requisitos para su registro en el Banco de Programas y Proyectos– BPPI, y contribuir al seguimiento y elaboración de informes de gestión conforme a los lineamientos institucionales. | R199: 1073506411 | S199: * TORRES BARRANTES DIEGO ARMANDO | T199: 45000000 | U199: 0 | V199: 45000000 | W199: 24000000 | X199: 21000000 | Y199: 21000000
A200: OAP | B200: OAP | C200: 2-3-3299-88-3118-20-0702-0083118-2.3.2.02.02.008. | D200: 913 | E200: SERVICIOS PRESTADOS A LAS EMPRESAS Y SERVICIOS DE PRODUCCIÓN - SERVICIOS DE GESTION Y ADMINISTRACION EMPRESARIAL OFICINA CENTRAL (913) | F200: 20 | G200: RENTAS SIN DESTINACIÓN ESPECÍFICA | H200: 27101 | I200: OAP Oficina Asesora de Planeación | J200: 160 DIAS 90075 OAP BPPI-2024110100015 | K200: CPS - DE SERVICIOS PERSONALES | L200: 2026CPS2535 | M200: 26804912 | N200: 26601916 | O200: 46225.492 | P200: 160 DIAS | Q200: Prestar sus servicios profesionales para brindar asistencia técnica en el ciclo de vida de los proyectos de inversión, la consolidación de resultados y la socialización de la normatividad y procedimientos aplicables al BPPI ante los diferentes actores institucionales. | R200: 1073381865 | S200: PAEZ TRIANA YAER ALIRIO | T200: 45660000 | U200: 0 | V200: 45660000 | W200: 28410667 | X200: 17249333 | Y200: 17249333
A201: OAP | B201: OAP | C201: 2-3-3299-88-3118-20-0702-0083118-2.3.2.02.02.008. | D201: 913 | E201: SERVICIOS PRESTADOS A LAS EMPRESAS Y SERVICIOS DE PRODUCCIÓN - SERVICIOS DE GESTION Y ADMINISTRACION EMPRESARIAL OFICINA CENTRAL (913) | F201: 20 | G201: RENTAS SIN DESTINACIÓN ESPECÍFICA | H201: 27101 | I201: OAP Oficina Asesora de Planeación | J201: 158 DIAS 90347 OAP - BPPI - 2024110100015 | K201: CPS - DE SERVICIOS PERSONALES | L201: 2026CPS2829 | M201: 26805113 | N201: 26601916 | O201: 46226.882 | P201: 158 DIAS | Q201: Prestar sus servicios profesionales para desarrollar el seguimiento técnico u operativo a las actividades asociadas al ciclo de gestión de las iniciativas y proyectos de inversión pública presentados y registrados en el Banco de Programas y Proyectos de Inversión - BPPI de la Corporación Autónoma Regional de Cundinamarca - CAR, así como para apoyar la gestión y el control de los avances frente a los compromisos y requerimientos del BPPI. | R201: 1121954116 | S201: * ALVAREZ HOYOS ANGIE CAMILA | T201: 45000000 | U201: 0 | V201: 45000000 | W201: 29000000 | X201: 16000000 | Y201: 16000000
A202: OAP | B202: OAP | C202: 2-3-3299-88-3118-20-0702-0083118-2.3.2.02.02.008. | D202: 913 | E202: SERVICIOS PRESTADOS A LAS EMPRESAS Y SERVICIOS DE PRODUCCIÓN - SERVICIOS DE GESTION Y ADMINISTRACION EMPRESARIAL OFICINA CENTRAL (913) | F202: 20 | G202: RENTAS SIN DESTINACIÓN ESPECÍFICA | H202: 27101 | I202: OAP Oficina Asesora de Planeación | J202: 158 DIAS 90386 OAP - BPPI - 2024110100015 | K202: CPS - DE SERVICIOS PERSONALES | L202: 2026CPS2950 | M202: 26805164 | N202: 26601916 | O202: 46227.464 | P202: 158 DIAS | Q202: Prestar sus servicios profesionales para brindar asistencia técnica y acompañamiento metodológico a la Corporación Autónoma Regional de Cundinamarca - CAR y a los municipios de su jurisdicción, para la formulación y ajuste de proyectos de inversión, así como al apoyo en la estandarización de herramientas y lineamientos definidos por la Oficina Asesora de Planeación - OAP, conforme a la normatividad vigente. | R202: 74362510 | S202: NIÑO SIERRA DARIO DE JESUS | T202: 48000000 | U202: 0 | V202: 48000000 | W202: 30133333 | X202: 17866667 | Y202: 17866667
A203: OAP | B203: OAP | C203: 2-3-3299-88-3118-20-0702-0083118-2.3.2.02.02.008. | D203: 913 | E203: SERVICIOS PRESTADOS A LAS EMPRESAS Y SERVICIOS DE PRODUCCIÓN - SERVICIOS DE GESTION Y ADMINISTRACION EMPRESARIAL OFICINA CENTRAL (913) | F203: 20 | G203: RENTAS SIN DESTINACIÓN ESPECÍFICA | H203: 27101 | I203: OAP Oficina Asesora de Planeación | J203: 159 DIAS 90157 OAP BPPI-2024110100015 | K203: CPS - DE SERVICIOS PERSONALES | L203: 2026CPS2710 | M203: 26805190 | N203: 26601916 | O203: 46227.6 | P203: 159 DIAS | Q203: Prestar sus servicios profesionales a la Oficina Asesora de Planeación de la Corporación Autónoma Regional de Cundinamarca – CAR, para apoyar la gestión, seguimiento, monitoreo, consolidación y reporte de la información relacionada con convenios, memorandos de entendimiento, alianzas estratégicas y demás instrumentos de gestión institucional a cargo de la dependencia, así como la elaboración de informes e insumos para la articulación y seguimiento de compromisos interinstitucionales. | R203: 11221286 | S203: MONTES TELLEZ GILBERTO | T203: 48000000 | U203: 0 | V203: 48000000 | W203: 30933333 | X203: 17066667 | Y203: 17066667
A204: OAP | B204: OAP | C204: 2-3-3299-88-3118-20-0702-0083118-2.3.2.02.02.008. | D204: 913 | E204: SERVICIOS PRESTADOS A LAS EMPRESAS Y SERVICIOS DE PRODUCCIÓN - SERVICIOS DE GESTION Y ADMINISTRACION EMPRESARIAL OFICINA CENTRAL (913) | F204: 20 | G204: RENTAS SIN DESTINACIÓN ESPECÍFICA | H204: 27101 | I204: OAP Oficina Asesora de Planeación | J204: 157 DIAS 90439 OAP - BPPI - 2024110100015 | K204: CPS - DE SERVICIOS PERSONALES | L204: 2026CPS2966 | M204: 26805285 | N204: 26601916 | O204: 46230.643 | P204: 157 DIAS | Q204: Prestar sus servicios profesionales a la Oficina Asesora de Planeación de la Corporación Autónoma Regional de Cundinamarca - CAR, para apoyar, desarrollar y articular las actividades de verificación y seguimiento de los proyectos de inversión de la Entidad, así como la implementación y consolidación de la estrategia de estructuración, seguimiento e informes de las herramientas de planeación estratégica y de los planes de mejoramiento asociados al Banco de Programas y Proyectos de Inversión - BPPI. | R204: 79419969 | S204: * ALMONACID BARRIGA JORGE ALEJANDRO | T204: 68750000 | U204: 0 | V204: 68750000 | W204: 43750000 | X204: 25000000 | Y204: 25000000
A205: OAP | B205: OAP | C205: 2-3-3299-88-3118-20-0702-0083118-2.3.2.02.02.008. | D205: 913 | E205: SERVICIOS PRESTADOS A LAS EMPRESAS Y SERVICIOS DE PRODUCCIÓN - SERVICIOS DE GESTION Y ADMINISTRACION EMPRESARIAL OFICINA CENTRAL (913) | F205: 20 | G205: RENTAS SIN DESTINACIÓN ESPECÍFICA | H205: 27101 | I205: OAP Oficina Asesora de Planeación | J205: 157 DIAS 90472 OAP BPPI-2024110100015 | K205: CPS - DE SERVICIOS PERSONALES | L205: 2026CPS3010 | M205: 26805300 | N205: 26601916 | O205: 46230.743 | P205: 157 DIAS | Q205: Prestar sus servicios profesionales a la Corporación Autónoma Regional de Cundinamarca- CAR para realizar el monitoreo, seguimiento y control de la ejecución de los proyectos de inversión registrados en el BPPI de la entidad; así como en el seguimiento de los planes de mejoramiento a cargo de la Oficina Asesora de Planeación. | R205: 1070781691 | S205: URQUIJO BERNAL DANIEL FERNANDO | T205: 48000000 | U205: 0 | V205: 48000000 | W205: 31466667 | X205: 16533333 | Y205: 16533333
A206: OAP | B206: OAP | C206: 2-3-3299-88-3118-20-0704-0083118-2.3.2.02.02.008. | D206: 914 | E206: SERVICIOS PRESTADOS A LAS EMPRESAS Y SERVICIOS DE PRODUCCIÓN - SERVICIOS DE GESTION Y ADMINISTRACION EMPRESARIAL OFICINA CENTRAL (914) | F206: 20 | G206: RENTAS SIN DESTINACIÓN ESPECÍFICA | H206: 27101 | I206: OAP Oficina Asesora de Planeación | J206: 180 DIAS 88897 OAP - BPPI - 2024110100015 | K206: CPS - DE SERVICIOS PERSONALES | L206: 2026CPS1715 | M206: 26803885 | N206: 26601916 | O206: 46199.927 | P206: 180 DIAS | Q206: Prestar sus servicios profesionales a la Oficina Asesora de Planeación de la Corporación Autónoma Regional de Cundinamarca– CAR para apoyar el monitoreo, seguimiento, análisis y reporte de resultados de los planes de mejoramiento institucional; así como la elaboración de informes de gestión, recolección, consolidación, depuración, procesamiento, modelamiento y analítica de datos del Sistema Integrado de Gestión Pública (SIGESPU). | R206: 1070919467 | S206: TRIANA PEREZ DORYN DAYAN | T206: 42000000 | U206: 0 | V206: 42000000 | W206: 21000000 | X206: 21000000 | Y206: 21000000
... A234: OAP | B234: OAP | C234: 2-3-3299-88-3118-40-0701-0083118-2.3.2.02.02.008. | D234: 591 | E234: SERVICIOS PRESTADOS A LAS EMPRESAS Y SERVICIOS DE PRODUCCIÓN - SERVICIOS DE GESTION Y ADMINISTRACION EMPRESARIAL OFICINA CENTRAL (591) | F234: 40 | G234: RENDIMIENTOS FINANCIEROS - PORCENTAJE Y/O SOBRETASA AMBIENTAL MUNICIPIOS Y BOGOTÁ | H234: 27101 | I234: OAP Oficina Asesora de Planeación | J234: 154 DIAS 87575 OAP -BPPI-2024110100015 | K234: CPS - DE SERVICIOS PERSONALES | L234: 2026CPS1366 | M234: 26802886 | N234: 26601574 | O234: 46050.874 | P234: 154 DIAS | Q234: Prestar sus servicios profesionales a la Oficina Asesora de Planeación - OAP- de la Corporación Autónoma Regional de Cundinamarca -CAR- para la optimización funcional de la gestión de información operativa y estratégica de los instrumentos de planeación ambiental PGAR 2024-2036 y PAC 2024-2027 mediante el uso de las herramientas tecnológicas disponibles y los lineamientos institucionales. | R234: 79642897 | S234: ROZO TORRES MAURICIO | T234: 47280000 | U234: 0 | V234: 47280000 | W234: 7617333 | X234: 39662667 | Y234: 39662667
A235: OAP | B235: OAP | C235: 2-3-3299-88-3118-40-0701-0083118-2.3.2.02.02.008. | D235: 591 | E235: SERVICIOS PRESTADOS A LAS EMPRESAS Y SERVICIOS DE PRODUCCIÓN - SERVICIOS DE GESTION Y ADMINISTRACION EMPRESARIAL OFICINA CENTRAL (591) | F235: 40 | G235: RENDIMIENTOS FINANCIEROS - PORCENTAJE Y/O SOBRETASA AMBIENTAL MUNICIPIOS Y BOGOTÁ | H235: 27101 | I235: OAP Oficina Asesora de Planeación | J235: 153 DIAS 87672 OAP - BPPI - 2024110100015 | K235: CSE - DE PRESTACIÓN DE SERVICIOS | L235: 2026CSE1248 | M235: 26803028 | N235: 26601574 | O235: 46051.78 | P235: 153 DIAS | Q235: Brindar sus servicios profesionales a la Oficina Asesora de Planeación de la Corporación Autónoma Regional de Cundinamarca – CAR, para apoyar el seguimiento, análisis y reporte de los instrumentos de planeación institucional, incluyendo el Plan de Acción Cuatrienal 2024–2027 y el Plan de Acción por Procesos, garantizando su adecuada articulación, actualización y cumplimiento conforme a los lineamientos establecidos por la Entidad. | R235: 40776426 | S235: DUQUE GONZALEZ LILIANA | T235: 48000000 | U235: 48000000 | V235: 0 | W235: 0 | X235: 0
A236: OAP | B236: OAP | C236: 2-3-3299-88-3118-40-0701-0083118-2.3.2.02.02.008. | D236: 591 | E236: SERVICIOS PRESTADOS A LAS EMPRESAS Y SERVICIOS DE PRODUCCIÓN - SERVICIOS DE GESTION Y ADMINISTRACION EMPRESARIAL OFICINA CENTRAL (591) | F236: 40 | G236: RENDIMIENTOS FINANCIEROS - PORCENTAJE Y/O SOBRETASA AMBIENTAL MUNICIPIOS Y BOGOTÁ | H236: 27101 | I236: OAP Oficina Asesora de Planeación | J236: 151 DIAS 87948 OAP - BPPI - 2024110100015 | K236: CPS - DE SERVICIOS PERSONALES | L236: 2026CPS1248 | M236: 26803140 | N236: 26601574 | O236: 46052.903 | P236: 151 DIAS | Q236: Brindar sus servicios profesionales a la Oficina Asesora de Planeación de la Corporación Autónoma Regional de Cundinamarca – CAR, para apoyar el seguimiento, análisis y reporte de los instrumentos de planeación institucional, incluyendo el Plan de Acción Cuatrienal 2024–2027 y el Plan de Acción por Procesos, garantizando su adecuada articulación, actualización y cumplimiento conforme a los lineamientos establecidos por la Entidad. | R236: 40776426 | S236: DUQUE GONZALEZ LILIANA | T236: 48000000 | U236: 0 | V236: 48000000 | W236: 8533333 | X236: 39466667 | Y236: 39466667
A237: OAP | B237: OAP | C237: 2-3-3299-88-3118-40-0701-0083118-2.3.2.02.02.008. | D237: 591 | E237: SERVICIOS PRESTADOS A LAS EMPRESAS Y SERVICIOS DE PRODUCCIÓN - SERVICIOS DE GESTION Y ADMINISTRACION EMPRESARIAL OFICINA CENTRAL (591) | F237: 40 | G237: RENDIMIENTOS FINANCIEROS - PORCENTAJE Y/O SOBRETASA AMBIENTAL MUNICIPIOS Y BOGOTÁ | H237: 27101 | I237: OAP Oficina Asesora de Planeación | J237: 154 DIAS 90519 OAP - BPPI - 2024110100015 | K237: CPS - DE SERVICIOS PERSONALES | L237: 2026CPS3135 | M237: 26805294 | N237: 26601916 | O237: 46230.691 | P237: 154 DIAS | Q237: Prestación de servicios de apoyo a la gestión a la Corporación Autónoma Regional de Cundinamarca- CAR, para realizar las actividades de gestión administrativa, operativa y documental requeridas por la Oficina Asesora de Planeación. | R237: 1002579559 | S237: SARMIENTO CACERES PERLA ALEXANDRA | T237: 21000000 | U237: 0 | V237: 21000000 | W237: 13650000 | X237: 7350000 | Y237: 7350000
A238: OAP | B238: OAP | C238: 2-3-3299-88-3118-40-0702-0083118-2.3.2.02.02.008. | D238: 592 | E238: SERVICIOS PRESTADOS A LAS EMPRESAS Y SERVICIOS DE PRODUCCIÓN - SERVICIOS DE GESTION Y ADMINISTRACION EMPRESARIAL OFICINA CENTRAL (592) | F238: 40 | G238: RENDIMIENTOS FINANCIEROS - PORCENTAJE Y/O SOBRETASA AMBIENTAL MUNICIPIOS Y BOGOTÁ | H238: 27101 | I238: OAP Oficina Asesora de Planeación | J238: 166 DIAS 86306 OAP BPPI - 2024110100015 | K238: CPS - DE SERVICIOS PERSONALES | L238: 2026CPS322 | M238: 26801874 | N238: 26601575 | O238: 46038.475 | P238: 166 DIAS | Q238: Prestar sus servicios profesionales para apoyar la formulación de los proyectos de inversión de la Corporación Autónoma Regional de Cundinamarca - CAR, verificando el cumplimiento de requisitos para su registro en el Banco de Programas y Proyectos de Inversión – BPPI; así como en la consolidación y validación de informes de seguimiento y evaluación, atención de PQRSD y en el seguimiento de planes de mejoramiento derivados del banco de proyectos, conforme los lineamientos y normativa vigente en la entidad. | R238: 1083455714 | S238: * SALAS CORREA PILAR VANESSA | T238: 53910000 | U238: 0 | V238: 53910000 | W238: 5391000 | X238: 48519000 | Y238: 48519000
A239: OAP | B239: OAP | C239: 2-3-3299-88-3118-40-0702-0083118-2.3.2.02.02.008. | D239: 592 | E239: SERVICIOS PRESTADOS A LAS EMPRESAS Y SERVICIOS DE PRODUCCIÓN - SERVICIOS DE GESTION Y ADMINISTRACION EMPRESARIAL OFICINA CENTRAL (592) | F239: 40 | G239: RENDIMIENTOS FINANCIEROS - PORCENTAJE Y/O SOBRETASA AMBIENTAL MUNICIPIOS Y BOGOTÁ | H239: 27101 | I239: OAP Oficina Asesora de Planeación | J239: 346 DIAS 86314 OAP BPPI-2024110100015 | K239: CPS - DE SERVICIOS PERSONALES | L239: 2026CPS277 | M239: 26801885 | N239: 26601575 | O239: 46038.499 | P239: 346 DIAS | Q239: Prestar sus servicios profesionales para apoyar y realizar actividades asociadas con la gestión de iniciativas y proyectos de inversión pública presentados y registrados en el BPPI de la Corporación Autónoma Regional de Cundinamarca– CAR, así como a las iniciativas y proyectos financiados con recursos del Sistema General de Regalías. | R239: 1024540296 | S239: PUENTES VASQUEZ JORDY EMILIO | T239: 120000000 | U239: 0 | V239: 120000000 | W239: 36000000 | X239: 84000000 | Y239: 84000000
A240: OAP | B240: OAP | C240: 2-3-3299-88-3118-40-0702-0083118-2.3.2.02.02.008. | D240: 592 | E240: SERVICIOS PRESTADOS A LAS EMPRESAS Y SERVICIOS DE PRODUCCIÓN - SERVICIOS DE GESTION Y ADMINISTRACION EMPRESARIAL OFICINA CENTRAL (592) | F240: 40 | G240: RENDIMIENTOS FINANCIEROS - PORCENTAJE Y/O SOBRETASA AMBIENTAL MUNICIPIOS Y BOGOTÁ | H240: 27101 | I240: OAP Oficina Asesora de Planeación | J240: 346 DIAS 86303 OAP BPPI - 2024110100015 | K240: CPS - DE SERVICIOS PERSONALES | L240: 2026CPS276 | M240: 26801896 | N240: 26601575 | O240: 46038.555 | P240: 346 DIAS | Q240: PRESTAR SUS SERVICIOS PROFESIONALES PARA APOYAR LA ESTRUCTURACIÓN, VERIFICACIÓN, SEGUIMIENTO Y CONSOLIDACIÓN DE INFORMACIÓN TÉCNICA Y ADMINISTRATIVA RELACIONADA CON LOS PROYECTOS REGISTRADOS EN EL BANCO DE PROGRAMAS Y PROYECTOS DE INVERSIÓN– BPPI DE LA CORPORACIÓN AUTÓNOMA REGIONAL DE CUNDINAMARCA, INCLUYENDO LA ATENCIÓN DE REQUERIMIENTOS Y LA ELABORACIÓN DE INFORMES DE GESTIÓN CONFORME A LOS LINEAMIENTOS INSTITUCIONALES. | R240: 1032496596 | S240: * ALFONSO BONILLA LIYUGETH MARITZA | T240: 96000000 | U240: 0 | V240: 96000000 | W240: 28000000 | X240: 68000000 | Y240: 68000000
A241: OAP | B241: OAP | C241: 2-3-3299-88-3118-40-0702-0083118-2.3.2.02.02.008. | D241: 592 | E241: SERVICIOS PRESTADOS A LAS EMPRESAS Y SERVICIOS DE PRODUCCIÓN - SERVICIOS DE GESTION Y ADMINISTRACION EMPRESARIAL OFICINA CENTRAL (592) | F241: 40 | G241: RENDIMIENTOS FINANCIEROS - PORCENTAJE Y/O SOBRETASA AMBIENTAL MUNICIPIOS Y BOGOTÁ | H241: 27101 | I241: OAP Oficina Asesora de Planeación | J241: 165 DIAS 86445 OAP - BPPI - 2024110100015 | K241: CPS - DE SERVICIOS PERSONALES | L241: 2026CPS441 | M241: 26801959 | N241: 26601575 | O241: 46038.94 | P241: 165 DIAS | Q241: Prestar sus servicios profesionales para apoyar la estructuración, revisión técnica y normativa de proyectos de inversión de la corporación autónoma regional de Cundinamarca- car, garantizando el cumplimiento de requisitos para su registro en el banco de programas y proyectos– BPPI, y contribuir al seguimiento y elaboración de informes de gestión conforme a los lineamientos institucionales. | R241: 1073506411 | S241: * TORRES BARRANTES DIEGO ARMANDO | T241: 45000000 | U241: 0 | V241: 45000000 | W241: 4500000 | X241: 40500000 | Y241: 40500000
A242: OAP | B242: OAP | C242: 2-3-3299-88-3118-40-0702-0083118-2.3.2.02.02.008. | D242: 592 | E242: SERVICIOS PRESTADOS A LAS EMPRESAS Y SERVICIOS DE PRODUCCIÓN - SERVICIOS DE GESTION Y ADMINISTRACION EMPRESARIAL OFICINA CENTRAL (592) | F242: 40 | G242: RENDIMIENTOS FINANCIEROS - PORCENTAJE Y/O SOBRETASA AMBIENTAL MUNICIPIOS Y BOGOTÁ | H242: 27101 | I242: OAP Oficina Asesora de Planeación | J242: 162 DIAS 86636 OAP - BPPI - 2024110100015 | K242: CPS - DE SERVICIOS PERSONALES | L242: 2026CPS514 | M242: 26802098 | N242: 26601575 | O242: 46041.931 | P242: 162 DIAS | Q242: Prestar sus servicios profesionales para brindar asistencia técnica en el ciclo de vida de los proyectos de inversión, la consolidación de resultados y la socialización de la normatividad y procedimientos aplicables al BPPI ante los diferentes actores institucionales. | R242: 1073381865 | S242: PAEZ TRIANA YAER ALIRIO | T242: 45660000 | U242: 0 | V242: 45660000 | W242: 5073333 | X242: 40586667 | Y242: 40586667
A243: OAP | B243: OAP | C243: 2-3-3299-88-3118-40-0702-0083118-2.3.2.02.02.008. | D243: 592 | E243: SERVICIOS PRESTADOS A LAS EMPRESAS Y SERVICIOS DE PRODUCCIÓN - SERVICIOS DE GESTION Y ADMINISTRACION EMPRESARIAL OFICINA CENTRAL (592) | F243: 40 | G243: RENDIMIENTOS FINANCIEROS - PORCENTAJE Y/O SOBRETASA AMBIENTAL MUNICIPIOS Y BOGOTÁ | H243: 27101 | I243: OAP Oficina Asesora de Planeación | J243: 158 DIAS 87051 OAP BPPI-2024110100015 | K243: CPS - DE SERVICIOS PERSONALES | L243: 2026CPS945 | M243: 26802476 | N243: 26601575 | O243: 46048.532 | P243: 158 DIAS | Q243: Prestar sus servicios profesionales para desarrollar el seguimiento técnico u operativo a las actividades asociadas al ciclo de gestión de las iniciativas y proyectos de inversión pública presentados y registrados en el Banco de Programas y Proyectos de Inversión– BPPI de la Corporación Autónoma Regional de Cundinamarca – CAR, así como para apoyar la gestión y el control de los avances frente a los compromisos y requerimientos del BPPI. | R243: 1121954116 | S243: * ALVAREZ HOYOS ANGIE CAMILA | T243: 45000000 | U243: 0 | V243: 45000000 | W243: 6750000 | X243: 38250000 | Y243: 38250000
A244: OAP | B244: OAP | C244: 2-3-3299-88-3118-40-0702-0083118-2.3.2.02.02.008. | D244: 592 | E244: SERVICIOS PRESTADOS A LAS EMPRESAS Y SERVICIOS DE PRODUCCIÓN - SERVICIOS DE GESTION Y ADMINISTRACION EMPRESARIAL OFICINA CENTRAL (592) | F244: 40 | G244: RENDIMIENTOS FINANCIEROS - PORCENTAJE Y/O SOBRETASA AMBIENTAL MUNICIPIOS Y BOGOTÁ | H244: 27101 | I244: OAP Oficina Asesora de Planeación | J244: 155 DIAS 87076 OAP - BPPI - 2024110100015 | K244: CPS - DE SERVICIOS PERSONALES | L244: 2026CPS754 | M244: 26802524 | N244: 26601575 | O244: 46048.719 | P244: 155 DIAS | Q244: Prestar sus servicios profesionales a la Corporación Autónoma Regional de Cundinamarca- CAR para realizar el monitoreo, seguimiento y control de la ejecución de los proyectos de inversión registrados en el BPPI de la entidad; así como en el seguimiento de los planes de mejoramiento a cargo de la Oficina Asesora de Planeación. | R244: 1070781691 | S244: URQUIJO BERNAL DANIEL FERNANDO | T244: 48000000 | U244: 1480000 | V244: 46520000 | W244: 6786667 | X244: 39733333 | Y244: 39733333
A245: OAP | B245: OAP | C245: 2-3-3299-88-3118-40-0702-0083118-2.3.2.02.02.008. | D245: 592 | E245: SERVICIOS PRESTADOS A LAS EMPRESAS Y SERVICIOS DE PRODUCCIÓN - SERVICIOS DE GESTION Y ADMINISTRACION EMPRESARIAL OFICINA CENTRAL (592) | F245: 40 | G245: RENDIMIENTOS FINANCIEROS - PORCENTAJE Y/O SOBRETASA AMBIENTAL MUNICIPIOS Y BOGOTÁ | H245: 27101 | I245: OAP Oficina Asesora de Planeación | J245: 155 DIAS 87150 OAP BPPI - 2024110100015 | K245: CPS - DE SERVICIOS PERSONALES | L245: 2026CPS1013 | M245: 26802599 | N245: 26601575 | O245: 46049.305 | P245: 155 DIAS | Q245: Prestar sus servicios profesionales a la Oficina Asesora de Planeación para apoyar, desarrollar y articular las actividades propias de la gestión de las iniciativas y proyectos de inversión pública que se encuentren en proceso de registro o hayan sido registrados en el Banco de Programas y Proyectos de la Corporación Autónoma Regional de Cundinamarca – CAR, así como de las iniciativas y proyectos financiados con recursos del Sistema General de Regalías. | R245: 79419969 | S245: * ALMONACID BARRIGA JORGE ALEJANDRO | T245: 75000000 | U245: 0 | V245: 75000000 | W245: 12083333 | X245: 62916667 | Y245: 62916667
...

Sheet 5-RP-SGR 16-OCT-2026
A1: Listado de compromisos a 31 de diciembre de 2025
A2: Numero Documento | B2: Fecha de Registro | C2: Fecha de Creacion | D2: Estado | E2: Dependencia | F2: Dependencia Descripcion | G2: Rubro | H2: Descripcion | I2: Fuente | J2: Recurso | K2: Situacion | L2: Valor Inicial | M2: Valor Operaciones | N2: Valor Actual | O2: Saldo por Utilizar | P2: Tipo Identificacion | Q2: Identificacion | R2: Nombre Razon Social | S2: Medio de Pago | T2: Tipo Cuenta | U2: Numero Cuenta | V2: Estado Cuenta | W2: Entidad Nit | X2: Entidad Descripcion | Y2: Solicitud CDP | Z2: CDP | AA2: Compromisos | AB2: Cuentas por Pagar | AC2: Obligaciones | AD2: Ordenes de Pago | AE2: Reintegros | AF2: Fecha Documento Soporte | AG2: Tipo Documento Soporte | AH2: Numero Documento Soporte | AI2: Observaciones
A3: 125 | B3: 2025-01-14 00:00:00 | C3: 2025-01-14 19:43:35 | D3: Generado | E3: 01-320600 | F3: CORPORACION AUTONOMA REGIONAL DE CUNDINAMARCA - CAR | G3: 00AR-3202-0904-2017-00005-0063 | H3: RECUPERACIÓN HIDRÁULICA Y AMBIENTAL DEL COMPLEJO LAGUNAR FÚQUENE | I3: Nación | J3: AIR - CUNDINAMARCA | K3: CSF | L3: 110811476 | M3: 0 | N3: 110811476 | O3: 110811476 | P3: NIT | Q3: 900781798 | R3: BIHAO SOCIEDAD POR ACCIONES SIMPLIFICADA | S3: Abono en cuenta | T3: Ahorro | U3: 03432687936 | V3: Activa | W3: 890903938 | X3: BANCOLOMBIA S.A. | Y3: 125 | Z3: 125 | AA3: 125 | AF3: 2021-09-09 00:00:00 | AG3: CONTRATO | AH3: 2429 de 2021 | AI3: Montaje y puesta en marcha de una planta piloto de valorización de material vegetal extraído del complejo lagunar Fúquene, para la obtención de carbono orgánico.
A4: 225 | B4: 2025-01-14 00:00:00 | C4: 2025-01-14 19:43:35 | D4: Generado | E4: 01-320600 | F4: CORPORACION AUTONOMA REGIONAL DE CUNDINAMARCA - CAR | G4: 00AR-3202-0904-2017-00005-0063 | H4: RECUPERACIÓN HIDRÁULICA Y AMBIENTAL DEL COMPLEJO LAGUNAR FÚQUENE | I4: Nación | J4: AIR - CUNDINAMARCA | K4: CSF | L4: 3417407 | M4: 0 | N4: 3417407 | O4: 3417407 | P4: NIT | Q4: 811009788 | R4: DISTRACOM S.A. | S4: Abono en cuenta | T4: Corriente | U4: 559106273 | V4: Activa | W4: 860003020 | X4: BANCO BILBAO VIZCAYA ARGENTARIA COLOMBIA S.A. BBVA | Y4: 225 | Z4: 225 | AA4: 225 | AF4: 2022-12-14 00:00:00 | AG4: CONTRATO | AH4: 3665 | AI4: contratar el suministro por el sistema de precios unitarios de combustible (gasolina corriente motor, acpm), de acuerdo con las especificaciones técnicas exigidas para los vehículos, maquinaria y equipos de propiedad de la corporación y por los que es responsable.
A5: 325 | B5: 2025-01-15 00:00:00 | C5: 2025-01-15 12:35:25 | D5: Con Obligacion | E5: 01-320600 | F5: CORPORACION AUTONOMA REGIONAL DE CUNDINAMARCA - CAR | G5: 00AR-3202-0904-2017-00005-0063 | H5: RECUPERACIÓN HIDRÁULICA Y AMBIENTAL DEL COMPLEJO LAGUNAR FÚQUENE | I5: Nación | J5: AIR - CUNDINAMARCA | K5: CSF | L5: 263767284 | M5: 0 | N5: 263767284 | O5: 0 | P5: NIT | Q5: 900781798 | R5: BIHAO SOCIEDAD POR ACCIONES SIMPLIFICADA | S5: Abono en cuenta | T5: Ahorro | U5: 03432687936 | V5: Activa | W5: 890903938 | X5: BANCOLOMBIA S.A. | Y5: 325 | Z5: 325 | AA5: 325 | AB5: 125 | AC5: 125 | AD5: 191199225 | AF5: 2021-09-09 00:00:00 | AG5: CONTRATO | AH5: 2429 de 2021 | AI5: Montaje y puesta en marcha de una planta piloto de valorización de material vegetal extraído del complejo lagunar Fúquene, para la obtención de carbono orgánico.
A6: 425 | B6: 2025-01-15 00:00:00 | C6: 2025-01-15 12:35:26 | D6: Con Obligacion | E6: 01-320600 | F6: CORPORACION AUTONOMA REGIONAL DE CUNDINAMARCA - CAR | G6: 00AR-3202-0904-2017-00005-0063 | H6: RECUPERACIÓN HIDRÁULICA Y AMBIENTAL DEL COMPLEJO LAGUNAR FÚQUENE | I6: Nación | J6: AIR - CUNDINAMARCA | K6: CSF | L6: 692436320 | M6: 0 | N6: 692436320 | O6: 0 | P6: NIT | Q6: 900781798 | R6: BIHAO SOCIEDAD POR ACCIONES SIMPLIFICADA | S6: Abono en cuenta | T6: Ahorro | U6: 03432687936 | V6: Activa | W6: 890903938 | X6: BANCOLOMBIA S.A. | Y6: 425 | Z6: 425 | AA6: 425 | AB6: 225 | AC6: 225 | AD6: 191199325 | AF6: 2021-09-09 00:00:00 | AG6: CONTRATO | AH6: 2429 de 2021 | AI6: Montaje y puesta en marcha de una planta piloto de valorización de material vegetal extraído del complejo lagunar Fúquene, para la obtención de carbono orgánico.
L7: =SUM(L3:L6) -> 1070432487 | M7: =SUM(M3:M6) -> 0 | N7: =SUM(N3:N6) -> 1070432487 | O7: =SUM(O3:O6) -> 114228883

Sheet 6-Ejec. Res. 2025 16-OCT-2026
A1: VIGENCIA | B1: SUBDIRECCIÓN | C1: ÁREA EJECUTORA | D1: CÓD RUBRO/PROYECTO | E1: CÓD RESUMIDO | F1: NOMBRE RUBRO/PROYECTO | G1: FUENTE | H1: NOMBRE FUENTE | I1: APROPIACIÓN INICIAL | J1: APROPIACIÓN DEFINITIVA | K1: APROPIACIÓN DISPONIBLE | L1: TOTAL DISPONIBILIDADES | M1: SALDO EN DISPONIBILIDADES | N1: TOTAL COMPROMISOS | O1: SALDO EN COMPROMISOS | P1: OBLIGACIONES | Q1: PAGOS
A2: 2026 | B2: SGEN | C2: DTH | D2: 2-1-1001-01-1111-10-OTH1-0000000-2.1.1.01.01.001.01. | E2: 1 | F2: SUELDO BASICO - SIN CPC (1) | G2: 10 | H2: PORCENTAJE Y/O SOBRETASA AMBIENTAL MUNICIPIOS Y BOGOTÁ | I2: 1846389 | J2: 1846389 | K2: 0 | L2: 1846389 | M2: 0 | N2: 1846389 | O2: 0 | P2: 1846389 | Q2: 1846389
A3: 2026 | B3: SGEN | C3: DTH | D3: 2-1-1001-01-1111-10-OTH1-0000000-2.1.1.01.01.001.06. | E3: 5 | F3: PRIMA DE SERVICIO - SIN CPC (5) | G3: 10 | H3: PORCENTAJE Y/O SOBRETASA AMBIENTAL MUNICIPIOS Y BOGOTÁ | I3: 13785329 | J3: 13785329 | K3: 0 | L3: 13785329 | M3: 0 | N3: 13785329 | O3: 0 | P3: 13785329 | Q3: 13785329
A4: 2026 | B4: SGEN | C4: DTH | D4: 2-1-1001-01-1111-10-OTH1-0000000-2.1.1.01.01.001.07. | E4: 6 | F4: BONIFICACION POR SERVICIOS PRESTADOS - SIN CPC (6) | G4: 10 | H4: PORCENTAJE Y/O SOBRETASA AMBIENTAL MUNICIPIOS Y BOGOTÁ | I4: 716543 | J4: 716543 | K4: 0 | L4: 716543 | M4: 0 | N4: 716543 | O4: 0 | P4: 716543 | Q4: 716543
A5: 2026 | B5: SGEN | C5: DTH | D5: 2-1-1001-01-1111-10-OTH1-0000000-2.1.1.01.01.001.08.01. | E5: 7 | F5: PRIMA DE NAVIDAD - SIN CPC (7) | G5: 10 | H5: PORCENTAJE Y/O SOBRETASA AMBIENTAL MUNICIPIOS Y BOGOTÁ | I5: 36384384 | J5: 36384384 | K5: 0 | L5: 36384384 | M5: 0 | N5: 36384384 | O5: 0 | P5: 36384384 | Q5: 36384384
A6: 2026 | B6: SGEN | C6: DTH | D6: 2-1-1001-01-1111-10-OTH1-0000000-2.1.1.01.01.001.08.02. | E6: 8 | F6: PRIMA DE VACACIONES - SIN CPC (8) | G6: 10 | H6: PORCENTAJE Y/O SOBRETASA AMBIENTAL MUNICIPIOS Y BOGOTÁ | I6: 49291949 | J6: 49291949 | K6: 0 | L6: 49291949 | M6: 0 | N6: 49291949 | O6: 0 | P6: 49291949 | Q6: 49291949
A7: 2026 | B7: SGEN | C7: DTH | D7: 2-1-1001-01-1111-10-OTH1-0000000-2.1.1.01.01.001.09. | E7: 9 | F7: PRIMA TECNICA SALARIAL - SIN CPC (9) | G7: 10 | H7: PORCENTAJE Y/O SOBRETASA AMBIENTAL MUNICIPIOS Y BOGOTÁ | I7: 817568 | J7: 817568 | K7: 0 | L7: 817568 | M7: 0 | N7: 817568 | O7: 0 | P7: 817568 | Q7: 817568
A8: 2026 | B8: SGEN | C8: DTH | D8: 2-1-1001-01-1111-10-OTH1-0000000-2.1.1.01.03.001.02. | E8: 18 | F8: INDEMNIZACION POR VACACIONES - SIN CPC (18) | G8: 10 | H8: PORCENTAJE Y/O SOBRETASA AMBIENTAL MUNICIPIOS Y BOGOTÁ | I8: 74238239 | J8: 74238239 | K8: 0 | L8: 74238239 | M8: 0 | N8: 74238239 | O8: 0 | P8: 74238239 | Q8: 74238239
A9: 2026 | B9: SGEN | C9: DTH | D9: 2-1-1001-01-1111-10-OTH1-0000000-2.1.1.01.03.001.03. | E9: 19 | F9: BONIFICACION ESPECIAL DE RECREACION - SIN CPC (19) | G9: 10 | H9: PORCENTAJE Y/O SOBRETASA AMBIENTAL MUNICIPIOS Y BOGOTÁ | I9: 4027240 | J9: 4027240 | K9: 0 | L9: 4027240 | M9: 0 | N9: 4027240 | O9: 0 | P9: 4027240 | Q9: 4027240
A10: 2026 | B10: SGEN | C10: DASC | D10: 2-1-2001-02-1111-10-DAF1-0062291-2.1.2.02.02.006. | E10: 33 | F10: COMERCIO Y DISTRIBUCIÓN; ALOJAMIENTO; SERVICIOS DE SUMINISTRO DE COMIDAS Y BEBIDAS; SERVICIOS DE TRANSPORTE; Y SERVICIOS DE DISTRIBUCIÓN DE ELECTRICIDAD, GAS Y AGUA - COMERCIO AL POR MENOR DE COMBUSTIBLES PARA VEHICULOS AUTOMOTORES ACEITES Y GRASAS LUBRICANTES Y PRODUCTOS RELACIONADOS EN ESTABLECIMIENTOS ESPECIALIZADOS (33) | G10: 10 | H10: PORCENTAJE Y/O SOBRETASA AMBIENTAL MUNICIPIOS Y BOGOTÁ | I10: 3108388 | J10: 3108388 | K10: 0 | L10: 3108388 | M10: 0 | N10: 3108388 | O10: 0 | P10: 3108388 | Q10: 3108388
A11: 2026 | B11: SGEN | C11: DASC | D11: 2-1-2001-02-1111-10-DAF1-0064116-2.1.2.02.02.006. | E11: 34 | F11: COMERCIO Y DISTRIBUCIÓN; ALOJAMIENTO; SERVICIOS DE SUMINISTRO DE COMIDAS Y BEBIDAS; SERVICIOS DE TRANSPORTE; Y SERVICIOS DE DISTRIBUCIÓN DE ELECTRICIDAD, GAS Y AGUA - SERVICIOS DE ALQUILER DE AUTOMOVILES CON CONDUCTOR (34) | G11: 10 | H11: PORCENTAJE Y/O SOBRETASA AMBIENTAL MUNICIPIOS Y BOGOTÁ | I11: 118747678 | J11: 118747678 | K11: 0 | L11: 118747678 | M11: 0 | N11: 118747678 | O11: 0 | P11: 118747678 | Q11: 118747678
A12: 2026 | B12: SGEN | C12: DASC | D12: 2-1-2001-02-1111-10-DAF1-0068021-2.1.2.02.02.006. | E12: 35 | F12: COMERCIO Y DISTRIBUCIÓN; ALOJAMIENTO; SERVICIOS DE SUMINISTRO DE COMIDAS Y BEBIDAS; SERVICIOS DE TRANSPORTE; Y SERVICIOS DE DISTRIBUCIÓN DE ELECTRICIDAD, GAS Y AGUA - SERVICIOS LOCALES DE MENSAJERIA NACIONAL (35) | G12: 10 | H12: PORCENTAJE Y/O SOBRETASA AMBIENTAL MUNICIPIOS Y BOGOTÁ | I12: 265829551 | J12: 265829551 | K12: 0 | L12: 265829551 | M12: 0 | N12: 265829551 | O12: 0 | P12: 265829551 | Q12: 265829551
A13: 2026 | B13: SGEN | C13: DASC | D13: 2-1-2001-02-1111-10-DAF1-0071347-2.1.2.02.02.007. | E13: 41 | F13: SERVICIOS FINANCIEROS Y SERVICIOS CONEXOS, SERVICIOS INMOBILIARIOS Y SERVICIOS DE LEASING - SERVICIO DE SEGURO OBLIGATORIO DE ACCIDENTES DE TRANSITO SOAT (41) | G13: 10 | H13: PORCENTAJE Y/O SOBRETASA AMBIENTAL MUNICIPIOS Y BOGOTÁ | I13: 6422 | J13: 6422 | K13: 0 | L13: 6422 | M13: 0 | N13: 6422 | O13: 0 | P13: 6422 | Q13: 6422
... A56: 2026 | B56: SGEN | C56: DFIN | D56: 2-1-8001-04-1111-37-DAF1-0000000-2.1.8.04.13. | E56: 134 | F56: CONTRIBUCION - FONDO DE COMPENSACION AMBIENTAL - SIN CPC (134) | G56: 37 | H56: SECTOR ELÉCTRICO - GENERADORA - RIO NEGRO | I56: 9915735 | J56: 9915735 | K56: 0 | L56: 9915735 | M56: 1920368 | N56: 7995367 | O56: 0 | P56: 7995367 | Q56: 7995367
D57: GASTOS DE FUNCIONAMIENTO | I57: =SUM(I2:I56) -> 5791793291 | J57: =SUM(J2:J56) -> 5791793291 | K57: =SUM(K2:K56) -> 0 | L57: =SUM(L2:L56) -> 5791793291 | M57: =SUM(M2:M56) -> 853987041 | N57: =SUM(N2:N56) -> 4937806250 | O57: =SUM(O2:O56) -> 1884649724 | P57: =SUM(P2:P56) -> 3053156526 | Q57: =SUM(Q2:Q56) -> 3053156526
A58: 2026 | B58: SGEN | C58: DFIN | D58: 2-2-1001-03-2222-10-DAF1-0000000-2.2.1.03.02.004. | E58: 146 | F58: ORGANISMOS MULTILATERALES - SIN CPC (146) | G58: 10 | H58: PORCENTAJE Y/O SOBRETASA AMBIENTAL MUNICIPIOS Y BOGOTÁ | I58: 0 | J58: 0 | K58: 0 | L58: 0 | M58: 0 | N58: 0 | O58: 0 | P58: 0 | Q58: 0
D59: SERVICIO DE LA DEUDA | I59: =SUM(I58) -> 0 | J59: =SUM(J58) -> 0 | K59: =SUM(K58) -> 0 | L59: =SUM(L58) -> 0 | M59: =SUM(M58) -> 0 | N59: =SUM(N58) -> 0 | O59: =SUM(O58) -> 0 | P59: =SUM(P58) -> 0 | Q59: =SUM(Q58) -> 0
A60: 2026 | B60: SGAA | C60: DTA | D60: 2-3-3201-88-3112-10-0101-0066023-2.3.2.02.02.006. | E60: 140 | F60: COMERCIO Y DISTRIBUCIÓN; ALOJAMIENTO; SERVICIOS DE SUMINISTRO DE COMIDAS Y BEBIDAS; SERVICIOS DE TRANSPORTE; Y SERVICIOS DE DISTRIBUCIÓN DE ELECTRICIDAD, GAS Y AGUA - SERVICIOS DE ALQUILER DE EMBARCACIONES DE PASAJEROS PARA TRANSPORTE FLUVIAL CON TRIPULACION (140) | G60: 10 | H60: PORCENTAJE Y/O SOBRETASA AMBIENTAL MUNICIPIOS Y BOGOTÁ | I60: 232955373 | J60: 232955373 | K60: 0 | L60: 232955373 | M60: 0 | N60: 232955373 | O60: 0 | P60: 232955373 | Q60: 232955373
A61: 2026 | B61: SGAA | C61: DTA | D61: 2-3-3201-88-3112-10-0101-0083990-2.3.2.02.02.008. | E61: 141 | F61: SERVICIOS PRESTADOS A LAS EMPRESAS Y SERVICIOS DE PRODUCCIÓN - OTROS SERVICIOS PROFESIONALES TECNICOS Y EMPRESARIALES N C P (141) | G61: 10 | H61: PORCENTAJE Y/O SOBRETASA AMBIENTAL MUNICIPIOS Y BOGOTÁ | I61: 42135689 | J61: 42135689 | K61: 0 | L61: 42135689 | M61: 42135689 | N61: 0 | O61: 0 | P61: 0 | Q61: 0
A62: 2026 | B62: SGAA | C62: DTA | D62: 2-3-3201-88-3112-10-0103-0083990-2.3.2.02.02.008. | E62: 143 | F62: SERVICIOS PRESTADOS A LAS EMPRESAS Y SERVICIOS DE PRODUCCIÓN - OTROS SERVICIOS PROFESIONALES TECNICOS Y EMPRESARIALES N C P (143) | G62: 10 | H62: PORCENTAJE Y/O SOBRETASA AMBIENTAL MUNICIPIOS Y BOGOTÁ | I62: 19200000 | J62: 19200000 | K62: 0 | L62: 19200000 | M62: 19200000 | N62: 0 | O62: 0 | P62: 0 | Q62: 0
A63: 2026 | B63: SGPOA | C63: DBIO | D63: 2-3-3201-88-3112-10-0104-0083990-2.3.2.02.02.008. | E63: 145 | F63: SERVICIOS PRESTADOS A LAS EMPRESAS Y SERVICIOS DE PRODUCCIÓN - OTROS SERVICIOS PROFESIONALES TECNICOS Y EMPRESARIALES N C P (145) | G63: 10 | H63: PORCENTAJE Y/O SOBRETASA AMBIENTAL MUNICIPIOS Y BOGOTÁ | I63: 7813459 | J63: 7813459 | K63: 0 | L63: 7813459 | M63: 0 | N63: 7813459 | O63: 0 | P63: 7813459 | Q63: 7813459
A64: 2026 | B64: SGPOA | C64: DBIO | D64: 2-3-3201-88-3112-10-0105-0000000-2.3.2.01.01.003.02.02. | E64: 1005 | F64: MAQUINAS HERRAMIENTAS Y SUS PARTES, PIEZAS Y ACCESORIOS - SIN CPC (1005) | G64: 10 | H64: PORCENTAJE Y/O SOBRETASA AMBIENTAL MUNICIPIOS Y BOGOTÁ | I64: 61796204 | J64: 61796204 | K64: 0 | L64: 61796204 | M64: 3141 | N64: 61793063 | O64: 0 | P64: 61793063 | Q64: 61793063
A65: 2026 | B65: SGPOA | C65: DBIO | D65: 2-3-3201-88-3112-10-0105-0048110-2.3.2.02.01.004. | E65: 1011 | F65: PRODUCTOS METALICOS MAQUINARIA Y EQUIPO - APARATOS BASADOS EN EL USO DE RAYOS X O RADIACIONES ALFA BETA O GAMA (1011) | G65: 10 | H65: PORCENTAJE Y/O SOBRETASA AMBIENTAL MUNICIPIOS Y BOGOTÁ | I65: 96271000 | J65: 96271000 | K65: 0 | L65: 96271000 | M65: 0 | N65: 96271000 | O65: 0 | P65: 96271000 | Q65: 96271000
A66: 2026 | B66: SGPOA | C66: DBIO | D66: 2-3-3201-88-3112-10-0105-0072212-2.3.2.02.02.007. | E66: 706 | F66: SERVICIOS FINANCIEROS Y SERVICIOS CONEXOS, SERVICIOS INMOBILIARIOS Y SERVICIOS DE LEASING - SERVICIOS DE ADMINISTRACIÓN DE BIENES INMUEBLES NO RESIDENCIALES (DIFERENTES A VIVIENDA) A COMISIÓN O POR CONTRATO (706) | G66: 10 | H66: PORCENTAJE Y/O SOBRETASA AMBIENTAL MUNICIPIOS Y BOGOTÁ | I66: 15603100 | J66: 15603100 | K66: 0 | L66: 15603100 | M66: 15603100 | N66: 0 | O66: 0 | P66: 0 | Q66: 0
A67: 2026 | B67: SGPOA | C67: DBIO | D67: 2-3-3201-88-3112-10-0105-0083931-2.3.2.02.02.008. | E67: 146 | F67: SERVICIOS PRESTADOS A LAS EMPRESAS Y SERVICIOS DE PRODUCCIÓN - SERVICIOS DE CONSULTORIA AMBIENTAL (146) | G67: 10 | H67: PORCENTAJE Y/O SOBRETASA AMBIENTAL MUNICIPIOS Y BOGOTÁ | I67: 243848304 | J67: 243848304 | K67: 0 | L67: 243848304 | M67: 0 | N67: 243848304 | O67: 0 | P67: 243848304 | Q67: 243848304
A68: 2026 | B68: SGPOA | C68: DBIO | D68: 2-3-3201-88-3112-10-0105-0083990-2.3.2.02.02.008. | E68: 147 | F68: SERVICIOS PRESTADOS A LAS EMPRESAS Y SERVICIOS DE PRODUCCIÓN - OTROS SERVICIOS PROFESIONALES TECNICOS Y EMPRESARIALES N C P (147) | G68: 10 | H68: PORCENTAJE Y/O SOBRETASA AMBIENTAL MUNICIPIOS Y BOGOTÁ | I68: 674432798 | J68: 674432798 | K68: 0 | L68: 674432798 | M68: 0 | N68: 674432798 | O68: 83515098 | P68: 590917700 | Q68: 590917700
A69: 2026 | B69: SGPOA | C69: DBIO | D69: 2-3-3201-88-3112-10-0105-0096422-2.3.2.02.02.009. | E69: 148 | F69: SERVICIOS PARA LA COMUNIDAD, SOCIALES Y PERSONALES - SERVICIOS DE RESERVAS NATURALES INCLUIDOS LOS SERVICIOS DE CONSERVACION DE LA FAUNA SILVESTRE (148) | G69: 10 | H69: PORCENTAJE Y/O SOBRETASA AMBIENTAL MUNICIPIOS Y BOGOTÁ | I69: 1548686 | J69: 1548686 | K69: 0 | L69: 1548686 | M69: 0 | N69: 1548686 | O69: 0 | P69: 1548686 | Q69: 1548686
A70: 2026 | B70: SGPOA | C70: DBIO | D70: 2-3-3201-88-3112-10-0105-8715299-2.3.2.02.02.008. | E70: 1009 | F70: SERVICIOS PRESTADOS A LAS EMPRESAS Y SERVICIOS DE PRODUCCIÓN - OTROS SERVICIOS DE MANTENIMIENTO Y REPARACION DE MAQUINARIA Y APARATOS ELECTRICOS N C P (1009) | G70: 10 | H70: PORCENTAJE Y/O SOBRETASA AMBIENTAL MUNICIPIOS Y BOGOTÁ | I70: 287215684 | J70: 287215684 | K70: 0 | L70: 287215684 | M70: 0 | N70: 287215684 | O70: 0 | P70: 287215684 | Q70: 287215684
A71: 2026 | B71: SGAA | C71: DTA | D71: 2-3-3201-88-3112-10-0106-0083990-2.3.2.02.02.008. | E71: 149 | F71: SERVICIOS PRESTADOS A LAS EMPRESAS Y SERVICIOS DE PRODUCCIÓN - OTROS SERVICIOS PROFESIONALES TECNICOS Y EMPRESARIALES N C P (149) | G71: 10 | H71: PORCENTAJE Y/O SOBRETASA AMBIENTAL MUNICIPIOS Y BOGOTÁ | I71: 7900000 | J71: 7900000 | K71: 0 | L71: 7900000 | M71: 0 | N71: 7900000 | O71: 0 | P71: 7900000 | Q71: 7900000
... A300: 2026 | B300: SGFIA | C300: DIA | D300: 2-3-3299-88-3118-70-0601-0083990-2.3.2.02.02.008. | E300: 675 | F300: SERVICIOS PRESTADOS A LAS EMPRESAS Y SERVICIOS DE PRODUCCIÓN - OTROS SERVICIOS PROFESIONALES TECNICOS Y EMPRESARIALES N C P (675) | G300: 70 | H300: R.B-RENTAS SIN DESTINACIÓN ESPECÍFICA - RECURSOS DEL BALANCE | I300: 6448229 | J300: 6448229 | K300: 0 | L300: 6448229 | M300: 0 | N300: 6448229 | O300: 0 | P300: 6448229 | Q300: 6448229
D301: GASTOS DE INVERSIÓN | I301: =SUM(I60:I300) -> 84961072095 | J301: =SUM(J60:J300) -> 84961072095 | K301: =SUM(K60:K300) -> 0 | L301: =SUM(L60:L300) -> 84961072095 | M301: =SUM(M60:M300) -> 16737619022 | N301: =SUM(N60:N300) -> 68223453073 | O301: =SUM(O60:O300) -> 33225113277 | P301: =SUM(P60:P300) -> 34998339796 | Q301: =SUM(Q60:Q300) -> 33298583199
D302: TOTAL GASTOS | I302: =I57+I59+I301 -> 90752865386 | J302: =J57+J59+J301 -> 90752865386 | K302: =K57+K59+K301 -> 0 | L302: =L57+L59+L301 -> 90752865386 | M302: =M57+M59+M301 -> 17591606063 | N302: =N57+N59+N301 -> 73161259323 | O302: =O57+O59+O301 -> 35109763001 | P302: =P57+P59+P301 -> 38051496322 | Q302: =Q57+Q59+Q301 -> 36351739725
I303: 90752865386 | J303: 90752865386 | K303: 0 | L303: 90752865386 | M303: 17562206063 | N303: 73190659323 | O303: 35398385024 | P303: 37792274299 | Q303: 35762512797
I304: =I302-I303 -> 0 | J304: =J302-J303 -> 0 | K304: =K302-K303 -> 0 | L304: =L302-L303 -> 0 | M304: =M302-M303 -> 29400000 | N304: =N302-N303 -> -29400000 | O304: =O302-O303 -> -288622023 | P304: =P302-P303 -> 259222023 | Q304: =Q302-Q303 -> 589226928

Sheet 7-Reservas x Área 16-OCT-2026
A1: EJECUCIÓN PRESUPUESTAL DE RESERVAS POR DEPENDENCIA | M1: cifras en pesos
A2: SUBDIRECCIÓN | B2: FUNCIONAMIENTO POR DEPENDENCIA | C2: APROPIACIÓN INICIAL | D2: APROPIACIÓN DEFINITIVA | E2: SALDO EN APROPIACIÓN | F2: DISPONIBILIDADES | G2: SALDO EN DISPONIBILIDADES | H2: COMPROMISOS | I2: SALDO EN COMPROMISOS | J2: OBLIGACIONES | K2: PAGOS | L2: DISPONIBILIDADES / APROPIACIÓN | M2: COMPROMISOS / APROPIACIÓN | N2: OBLIGACIONES / APROPIACIÓN
A3: SGEN - Secretaría General | B3: DTH - Dirección de Talento Humano | C3: 1351015624 | D3: 1351015624 | E3: 0 | F3: 1351015624 | G3: 11672799 | H3: 1339342825 | I3: 456748878 | J3: 882593947 | K3: 882593947 | L3: =IF(D3>0,(F3/D3),"N.A") -> 1 | M3: =IF(D3>0,(H3/D3),"N.A") -> 0.99135998 | N3: =IF(D3>0,(J3/D3),"N.A") -> 0.65328182
B4: DASC - Dirección Administrativa y de Servicio al Ciudadano | C4: 3188435866 | D4: 3188435866 | E4: 0 | F4: 3188435866 | G4: 45768361 | H4: 3142667505 | I4: 1383325212 | J4: 1759342293 | K4: 1759342293 | L4: =IF(D4>0,(F4/D4),"N.A") -> 1 | M4: =IF(D4>0,(H4/D4),"N.A") -> 0.98564551 | N4: =IF(D4>0,(J4/D4),"N.A") -> 0.55178852
B5: DFIN - Dirección Financiera | C5: 835908262 | D5: 835908262 | E5: 0 | F5: 835908262 | G5: 674137345 | H5: 161770917 | I5: 0 | J5: 161770917 | K5: 161770917 | L5: =IF(D5>0,(F5/D5),"N.A") -> 1 | M5: =IF(D5>0,(H5/D5),"N.A") -> 0.19352712 | N5: =IF(D5>0,(J5/D5),"N.A") -> 0.19352712
B6: SGEN - Secretaría General | C6: 69978667 | D6: 69978667 | E6: 0 | F6: 69978667 | G6: 0 | H6: 69978667 | I6: 39558934 | J6: 30419733 | K6: 30419733 | L6: =IF(D6>0,(F6/D6),"N.A") -> 1 | M6: =IF(D6>0,(H6/D6),"N.A") -> 1 | N6: =IF(D6>0,(J6/D6),"N.A") -> 0.43470009
B7: TOTAL | C7: =SUM(C3:C6) -> 5445338419 | D7: =SUM(D3:D6) -> 5445338419 | E7: =SUM(E3:E6) -> 0 | F7: =SUM(F3:F6) -> 5445338419 | G7: =SUM(G3:G6) -> 731578505 | H7: =SUM(H3:H6) -> 4713759914 | I7: =SUM(I3:I6) -> 1879633024 | J7: =SUM(J3:J6) -> 2834126890 | K7: =SUM(K3:K6) -> 2834126890 | L7: =IF(D7>0,(F7/D7),"N.A") -> 1 | M7: =IF(D7>0,(H7/D7),"N.A") -> 0.8656505 | N7: =IF(D7>0,(J7/D7),"N.A") -> 0.52046846
A8: SGAA - Subdirección General de Autoridad Ambiental | B8: DJA - Dirección Jurídica Ambiental | C8: 316338301 | D8: 316338301 | E8: 0 | F8: 316338301 | G8: 122408536 | H8: 193929765 | I8: 5016700 | J8: 188913065 | K8: 188913065 | L8: =IF(D8>0,(F8/D8),"N.A") -> 1 | M8: =IF(D8>0,(H8/D8),"N.A") -> 0.61304548 | N8: =IF(D8>0,(J8/D8),"N.A") -> 0.59718682
B9: DTA - Dirección Técnica Ambiental | C9: 0 | D9: 0 | E9: 0 | F9: 0 | G9: 0 | H9: 0 | I9: 0 | J9: 0 | K9: 0 | L9: =IF(D9>0,(F9/D9),"N.A") -> N.A | M9: =IF(D9>0,(H9/D9),"N.A") -> N.A | N9: =IF(D9>0,(J9/D9),"N.A") -> N.A
B10: TOTAL | C10: =SUM(C8:C9) -> 316338301 | D10: =SUM(D8:D9) -> 316338301 | E10: =SUM(E8:E9) -> 0 | F10: =SUM(F8:F9) -> 316338301 | G10: =SUM(G8:G9) -> 122408536 | H10: =SUM(H8:H9) -> 193929765 | I10: =SUM(I8:I9) -> 5016700 | J10: =SUM(J8:J9) -> 188913065 | K10: =SUM(K8:K9) -> 188913065 | L10: =IF(D10>0,(F10/D10),"N.A") -> 1 | M10: =IF(D10>0,(H10/D10),"N.A") -> 0.61304548 | N10: =IF(D10>0,(J10/D10),"N.A") -> 0.59718682
A11: OJUR - Oficina Jurídica Corporativa | B11: OJUR - Oficina Jurídica Corporativa | C11: 29681087 | D11: 29681087 | E11: 0 | F11: 29681087 | G11: 0 | H11: 29681087 | I11: 0 | J11: 29681087 | K11: 29681087 | L11: =IF(D11>0,(F11/D11),"N.A") -> 1 | M11: =IF(D11>0,(H11/D11),"N.A") -> 1 | N11: =IF(D11>0,(J11/D11),"N.A") -> 1
A12: OCIN - Oficina de Control Interno | B12: OCIN - Oficina de Control Interno | C12: 435484 | D12: 435484 | E12: 0 | F12: 435484 | G12: 0 | H12: 435484 | I12: 0 | J12: 435484 | K12: 435484 | L12: =IF(D12>0,(F12/D12),"N.A") -> 1 | M12: =IF(D12>0,(H12/D12),"N.A") -> 1 | N12: =IF(D12>0,(J12/D12),"N.A") -> 1
A13: DGEN - Dirección General | B13: DGEN - Dirección General | C13: 0 | D13: 0 | E13: 0 | F13: 0 | G13: 0 | H13: 0 | I13: 0 | J13: 0 | K13: 0 | L13: =IF(D13>0,(F13/D13),"N.A") -> N.A | M13: =IF(D13>0,(H13/D13),"N.A") -> N.A | N13: =IF(D13>0,(J13/D13),"N.A") -> N.A
A14: SGCGA - Subdirección General de Cultura y Gobernanza Ambiental | B14: DSICA - Dirección Técnica de Sostenibilidad e Innovación para el fortalecimiento de la Cultura Ambiental | C14: 0 | D14: 0 | E14: 0 | F14: 0 | G14: 0 | H14: 0 | I14: 0 | J14: 0 | K14: 0 | L14: =IF(D14>0,(F14/D14),"N.A") -> N.A | M14: =IF(D14>0,(H14/D14),"N.A") -> N.A | N14: =IF(D14>0,(J14/D14),"N.A") -> N.A
A15: OCDI - Oficina de Control Disciplinario Interno | B15: OCDI - Oficina de Control Disciplinario Interno | C15: 0 | D15: 0 | E15: 0 | F15: 0 | G15: 0 | H15: 0 | I15: 0 | J15: 0 | K15: 0 | L15: =IF(D15>0,(F15/D15),"N.A") -> N.A | M15: =IF(D15>0,(H15/D15),"N.A") -> N.A | N15: =IF(D15>0,(J15/D15),"N.A") -> N.A
A16: OAP - Oficina Asesora de Planeación | B16: OAP - Oficina Asesora de Planeación | C16: 0 | D16: 0 | E16: 0 | F16: 0 | G16: 0 | H16: 0 | I16: 0 | J16: 0 | K16: 0 | L16: =IF(D16>0,(F16/D16),"N.A") -> N.A | M16: =IF(D16>0,(H16/D16),"N.A") -> N.A | N16: =IF(D16>0,(J16/D16),"N.A") -> N.A
B17: TOTAL | C17: =C7+C10+C11+C12+C13+C14+C15+C16 -> 5791793291 | D17: =D7+D10+D11+D12+D13+D14+D15+D16 -> 5791793291 | E17: =E7+E10+E11+E12+E13+E14+E15+E16 -> 0 | F17: =F7+F10+F11+F12+F13+F14+F15+F16 -> 5791793291 | G17: =G7+G10+G11+G12+G13+G14+G15+G16 -> 853987041 | H17: =H7+H10+H11+H12+H13+H14+H15+H16 -> 4937806250 | I17: =I7+I10+I11+I12+I13+I14+I15+I16 -> 1884649724 | J17: =J7+J10+J11+J12+J13+J14+J15+J16 -> 3053156526 | K17: =K7+K10+K11+K12+K13+K14+K15+K16 -> 3053156526 | L17: =IF(D17>0,(F17/D17),"N.A") -> 1 | M17: =IF(D17>0,(H17/D17),"N.A") -> 0.85255222 | N17: =IF(D17>0,(J17/D17),"N.A") -> 0.52715219
C18: ='6-Ejec. Res. 2025 16-OCT-2026'!I57 -> 5791793291 | D18: ='6-Ejec. Res. 2025 16-OCT-2026'!J57 -> 5791793291 | E18: ='6-Ejec. Res. 2025 16-OCT-2026'!K57 -> 0 | F18: ='6-Ejec. Res. 2025 16-OCT-2026'!L57 -> 5791793291 | G18: ='6-Ejec. Res. 2025 16-OCT-2026'!M57 -> 853987041 | H18: ='6-Ejec. Res. 2025 16-OCT-2026'!N57 -> 4937806250 | I18: ='6-Ejec. Res. 2025 16-OCT-2026'!O57 -> 1884649724 | J18: ='6-Ejec. Res. 2025 16-OCT-2026'!P57 -> 3053156526 | K18: ='6-Ejec. Res. 2025 16-OCT-2026'!Q57 -> 3053156526 | L18: 0 | M18: 0 | N18: 0
C19: =C17-C18 -> 0 | D19: =D17-D18 -> 0 | E19: =E17-E18 -> 0 | F19: =F17-F18 -> 0 | G19: =G17-G18 -> 0 | H19: =H17-H18 -> 0 | I19: =I17-I18 -> 0 | J19: =J17-J18 -> 0 | K19: =K17-K18 -> 0
A20: SUBDIRECCIÓN | B20: INVERSIÓN POR DEPENDENCIA | C20: APROPIACIÓN INICIAL | D20: APROPIACIÓN DEFINITIVA | E20: SALDO EN APROPIACIÓN | F20: DISPONIBILIDADES | G20: SALDO EN DISPONIBILIDADES | H20: COMPROMISOS | I20: SALDO EN COMPROMISOS | J20: OBLIGACIONES | K20: PAGOS | L20: DISPONIBILIDADES / APROPIACIÓN | M20: COMPROMISOS / APROPIACIÓN | N20: OBLIGACIONES / APROPIACIÓN
A21: SGFIA - Subdirección General de Administración del FIAB e Infraestructura Ambiental | B21: DFIAB - Dirección Técnica FIAB | C21: 40876882651 | D21: 40876882651 | E21: 0 | F21: 40876882651 | G21: 14018392714 | H21: 26858489937 | I21: 20659317004 | J21: 6199172933 | K21: 5862623927 | L21: =IF(D21>0,(F21/D21),"N.A") -> 1 | M21: =IF(D21>0,(H21/D21),"N.A") -> 0.65705818 | N21: =IF(D21>0,(J21/D21),"N.A") -> 0.15165474
B22: DIA - Dirección Técnica de Infraestructura Ambiental | C22: 8946866948 | D22: 8946866948 | E22: 0 | F22: 8946866948 | G22: 1550426 | H22: 8945316522 | I22: 3348226062 | J22: 5597090460 | K22: 5335351382 | L22: =IF(D22>0,(F22/D22),"N.A") -> 1 | M22: =IF(D22>0,(H22/D22),"N.A") -> 0.99982671 | N22: =IF(D22>0,(J22/D22),"N.A") -> 0.62559223
B23: TOTAL | C23: =SUM(C21:C22) -> 49823749599 | D23: =SUM(D21:D22) -> 49823749599 | E23: =SUM(E21:E22) -> 0 | F23: =SUM(F21:F22) -> 49823749599 | G23: =SUM(G21:G22) -> 14019943140 | H23: =SUM(H21:H22) -> 35803806459 | I23: =SUM(I21:I22) -> 24007543066 | J23: =SUM(J21:J22) -> 11796263393 | K23: =SUM(K21:K22) -> 11197975309 | L23: =IF(D23>0,(F23/D23),"N.A") -> 1 | M23: =IF(D23>0,(H23/D23),"N.A") -> 0.71860923 | N23: =IF(D23>0,(J23/D23),"N.A") -> 0.23675985
A24: SGCGA - Subdirección General de Cultura y Gobernanza Ambiental | B24: DSICA - Dirección Técnica de Sostenibilidad e Innovación para el fortalecimiento de la Cultura Ambiental | C24: 1754350168 | D24: 1754350168 | E24: 0 | F24: 1754350168 | G24: 145116679 | H24: 1609233489 | I24: 200000000 | J24: 1409233489 | K24: 1409233489 | L24: =IF(D24>0,(F24/D24),"N.A") -> 1 | M24: =IF(D24>0,(H24/D24),"N.A") -> 0.91728181 | N24: =IF(D24>0,(J24/D24),"N.A") -> 0.80327948
B25: DCGA - Dirección Técnica de Desarrollo de Capacidades para la Gobernanza Ambiental | C25: 1308764642 | D25: 1308764642 | E25: 0 | F25: 1308764642 | G25: 168052 | H25: 1308596590 | I25: 482932458 | J25: 825664132 | K25: 825664132 | L25: =IF(D25>0,(F25/D25),"N.A") -> 1 | M25: =IF(D25>0,(H25/D25),"N.A") -> 0.99987159 | N25: =IF(D25>0,(J25/D25),"N.A") -> 0.63087289
B26: TOTAL | C26: =SUM(C24:C25) -> 3063114810 | D26: =SUM(D24:D25) -> 3063114810 | E26: =SUM(E24:E25) -> 0 | F26: =SUM(F24:F25) -> 3063114810 | G26: =SUM(G24:G25) -> 145284731 | H26: =SUM(H24:H25) -> 2917830079 | I26: =SUM(I24:I25) -> 682932458 | J26: =SUM(J24:J25) -> 2234897621 | K26: =SUM(K24:K25) -> 2234897621 | L26: =IF(D26>0,(F26/D26),"N.A") -> 1 | M26: =IF(D26>0,(H26/D26),"N.A") -> 0.95256961 | N26: =IF(D26>0,(J26/D26),"N.A") -> 0.72961601
A27: SGPOA - Subdirección General de Planificación y Ordenamiento Ambiental | B27: DOT - Dirección Técnica de Ordenamiento Territorial | C27: 4289753943 | D27: 4289753943 | E27: 0 | F27: 4289753943 | G27: 138292629 | H27: 4151461314 | I27: 1974343722 | J27: 2177117592 | K27: 2059080378 | L27: =IF(D27>0,(F27/D27),"N.A") -> 1 | M27: =IF(D27>0,(H27/D27),"N.A") -> 0.96776211 | N27: =IF(D27>0,(J27/D27),"N.A") -> 0.50751573
B28: DBIO - Dirección Técnica de Biodiversidad | C28: 10082246069 | D28: 10082246069 | E28: 0 | F28: 10082246069 | G28: 197059936 | H28: 9885186133 | I28: 4187948148 | J28: 5697237985 | K28: 5078590476 | L28: =IF(D28>0,(F28/D28),"N.A") -> 1 | M28: =IF(D28>0,(H28/D28),"N.A") -> 0.98045476 | N28: =IF(D28>0,(J28/D28),"N.A") -> 0.56507627
B29: DCMA - Dirección Técnica Científica y de Modelamiento Ambiental | C29: 11253388032 | D29: 11253388032 | E29: 0 | F29: 11253388032 | G29: 937137332 | H29: 10316250700 | I29: 1916552298 | J29: 8399698402 | K29: 8034914612 | L29: =IF(D29>0,(F29/D29),"N.A") -> 1 | M29: =IF(D29>0,(H29/D29),"N.A") -> 0.91672398 | N29: =IF(D29>0,(J29/D29),"N.A") -> 0.74641507
B30: SGPOA - Subdirección General de Planificación y Ordenamiento Ambiental | C30: 0 | D30: 0 | E30: 0 | F30: 0 | G30: 0 | H30: 0 | I30: 0 | J30: 0 | K30: 0 | L30: =IF(D30>0,(F30/D30),"N.A") -> N.A | M30: =IF(D30>0,(H30/D30),"N.A") -> N.A | N30: =IF(D30>0,(J30/D30),"N.A") -> N.A
B31: TOTAL | C31: =SUM(C27:C30) -> 25625388044 | D31: =SUM(D27:D30) -> 25625388044 | E31: =SUM(E27:E30) -> 0 | F31: =SUM(F27:F30) -> 25625388044 | G31: =SUM(G27:G30) -> 1272489897 | H31: =SUM(H27:H30) -> 24352898147 | I31: =SUM(I27:I30) -> 8078844168 | J31: =SUM(J27:J30) -> 16274053979 | K31: =SUM(K27:K30) -> 15172585466 | L31: =IF(D31>0,(F31/D31),"N.A") -> 1 | M31: =IF(D31>0,(H31/D31),"N.A") -> 0.95034261 | N31: =IF(D31>0,(J31/D31),"N.A") -> 0.63507542
A32: SGAA - Subdirección General de Autoridad Ambiental | B32: DTA - Dirección Técnica Ambiental | C32: 1174517042 | D32: 1174517042 | E32: 0 | F32: 1174517042 | G32: 731994487 | H32: 442522555 | I32: 22000000 | J32: 420522555 | K32: 420522555 | L32: =IF(D32>0,(F32/D32),"N.A") -> 1 | M32: =IF(D32>0,(H32/D32),"N.A") -> 0.3767698 | N32: =IF(D32>0,(J32/D32),"N.A") -> 0.3580387
B33: DJA - Dirección Jurídica Ambiental | C33: 973033635 | D33: 973033635 | E33: 0 | F33: 973033635 | G33: 557490101 | H33: 415543534 | I33: 3407633 | J33: 412135901 | K33: 412135901 | L33: =IF(D33>0,(F33/D33),"N.A") -> 1 | M33: =IF(D33>0,(H33/D33),"N.A") -> 0.42705978 | N33: =IF(D33>0,(J33/D33),"N.A") -> 0.42355771
B34: TOTAL | C34: =SUM(C32:C33) -> 2147550677 | D34: =SUM(D32:D33) -> 2147550677 | E34: =SUM(E32:E33) -> 0 | F34: =SUM(F32:F33) -> 2147550677 | G34: =SUM(G32:G33) -> 1289484588 | H34: =SUM(H32:H33) -> 858066089 | I34: =SUM(I32:I33) -> 25407633 | J34: =SUM(J32:J33) -> 832658456 | K34: =SUM(K32:K33) -> 832658456 | L34: =IF(D34>0,(F34/D34),"N.A") -> 1 | M34: =IF(D34>0,(H34/D34),"N.A") -> 0.39955569 | N34: =IF(D34>0,(J34/D34),"N.A") -> 0.38772471
A35: OGDAD - Oficina de Gobernanza Digital y Analítica de Datos | B35: OGDAD - Oficina de Gobernanza Digital y Analítica de Datos | C35: 3877019332 | D35: 3877019332 | E35: 0 | F35: 3877019332 | G35: 0 | H35: 3877019332 | I35: 192250000 | J35: 3684769332 | K35: 3684769332 | L35: =IF(D35>0,(F35/D35),"N.A") -> 1 | M35: =IF(D35>0,(H35/D35),"N.A") -> 1 | N35: =IF(D35>0,(J35/D35),"N.A") -> 0.95041294
A36: SGEN - Secretaría General | B36: DASC - Dirección Administrativa y de Servicio al Ciudadano | C36: 361006750 | D36: 361006750 | E36: 0 | F36: 361006750 | G36: 9733333 | H36: 351273417 | I36: 238135951 | J36: 113137466 | K36: 113137466 | L36: =IF(D36>0,(F36/D36),"N.A") -> 1 | M36: =IF(D36>0,(H36/D36),"N.A") -> 0.97303836 | N36: =IF(D36>0,(J36/D36),"N.A") -> 0.31339432
B37: DTH - Dirección de Talento Humano | C37: 0 | D37: 0 | E37: 0 | F37: 0 | G37: 0 | H37: 0 | I37: 0 | J37: 0 | K37: 0 | L37: =IF(D37>0,(F37/D37),"N.A") -> N.A | M37: =IF(D37>0,(H37/D37),"N.A") -> N.A | N37: =IF(D37>0,(J37/D37),"N.A") -> N.A
B38: TOTAL | C38: =SUM(C36:C37) -> 361006750 | D38: =SUM(D36:D37) -> 361006750 | E38: =SUM(E36:E37) -> 0 | F38: =SUM(F36:F37) -> 361006750 | G38: =SUM(G36:G37) -> 9733333 | H38: =SUM(H36:H37) -> 351273417 | I38: =SUM(I36:I37) -> 238135951 | J38: =SUM(J36:J37) -> 113137466 | K38: =SUM(K36:K37) -> 113137466 | L38: =IF(D38>0,(F38/D38),"N.A") -> 1 | M38: =IF(D38>0,(H38/D38),"N.A") -> 0.97303836 | N38: =IF(D38>0,(J38/D38),"N.A") -> 0.31339432
A39: OAC - Oficina Asesora de Comunicaciones | B39: OAC - Oficina Asesora de Comunicaciones | C39: 0 | D39: 0 | E39: 0 | F39: 0 | G39: 0 | H39: 0 | I39: 0 | J39: 0 | K39: 0 | L39: =IF(D39>0,(F39/D39),"N.A") -> N.A | M39: =IF(D39>0,(H39/D39),"N.A") -> N.A | N39: =IF(D39>0,(J39/D39),"N.A") -> N.A
A40: OAP - Oficina Asesora de Planeación | B40: OAP - Oficina Asesora de Planeación | C40: 63242883 | D40: 63242883 | E40: 0 | F40: 63242883 | G40: 683333 | H40: 62559550 | I40: 1 | J40: 62559549 | K40: 62559549 | L40: =IF(D40>0,(F40/D40),"N.A") -> 1 | M40: =IF(D40>0,(H40/D40),"N.A") -> 0.9891951 | N40: =IF(D40>0,(J40/D40),"N.A") -> 0.98919508
A41: OAI - Oficina de Asuntos Internacionales | B41: OAI - Oficina de Asuntos Internacionales | C41: 0 | D41: 0 | E41: 0 | F41: 0 | G41: 0 | H41: 0 | I41: 0 | J41: 0 | K41: 0 | L41: =IF(D41>0,(F41/D41),"N.A") -> N.A | M41: =IF(D41>0,(H41/D41),"N.A") -> N.A | N41: =IF(D41>0,(J41/D41),"N.A") -> N.A
A42: OJUR - Oficina Jurídica Corporativa | B42: OJUR - Oficina Jurídica Corporativa | C42: 0 | D42: 0 | E42: 0 | F42: 0 | G42: 0 | H42: 0 | I42: 0 | J42: 0 | K42: 0 | L42: =IF(D42>0,(F42/D42),"N.A") -> N.A | M42: =IF(D42>0,(H42/D42),"N.A") -> N.A | N42: =IF(D42>0,(J42/D42),"N.A") -> N.A
B43: TOTAL | C43: =C23+C26+C31+C34+C35+C38+C39+C40+C41+C42 -> 84961072095 | D43: =D23+D26+D31+D34+D35+D38+D39+D40+D41+D42 -> 84961072095 | E43: =E23+E26+E31+E34+E35+E38+E39+E40+E41+E42 -> 0 | F43: =F23+F26+F31+F34+F35+F38+F39+F40+F41+F42 -> 84961072095 | G43: =G23+G26+G31+G34+G35+G38+G39+G40+G41+G42 -> 16737619022 | H43: =H23+H26+H31+H34+H35+H38+H39+H40+H41+H42 -> 68223453073 | I43: =I23+I26+I31+I34+I35+I38+I39+I40+I41+I42 -> 33225113277 | J43: =J23+J26+J31+J34+J35+J38+J39+J40+J41+J42 -> 34998339796 | K43: =K23+K26+K31+K34+K35+K38+K39+K40+K41+K42 -> 33298583199 | L43: =IF(D43>0,(F43/D43),"N.A") -> 1 | M43: =IF(D43>0,(H43/D43),"N.A") -> 0.80299661 | N43: =IF(D43>0,(J43/D43),"N.A") -> 0.41193383
C44: ='6-Ejec. Res. 2025 16-OCT-2026'!I301 -> 84961072095 | D44: ='6-Ejec. Res. 2025 16-OCT-2026'!J301 -> 84961072095 | E44: ='6-Ejec. Res. 2025 16-OCT-2026'!K301 -> 0 | F44: ='6-Ejec. Res. 2025 16-OCT-2026'!L301 -> 84961072095 | G44: ='6-Ejec. Res. 2025 16-OCT-2026'!M301 -> 16737619022 | H44: ='6-Ejec. Res. 2025 16-OCT-2026'!N301 -> 68223453073 | I44: ='6-Ejec. Res. 2025 16-OCT-2026'!O301 -> 33225113277 | J44: ='6-Ejec. Res. 2025 16-OCT-2026'!P301 -> 34998339796 | K44: ='6-Ejec. Res. 2025 16-OCT-2026'!Q301 -> 33298583199
C45: =C43-C44 -> 0 | D45: =D43-D44 -> 0 | E45: =E43-E44 -> 0 | F45: =F43-F44 -> 0 | G45: =G43-G44 -> 0 | H45: =H43-H44 -> 0 | I45: =I43-I44 -> 0 | J45: =J43-J44 -> 0 | K45: =K43-K44 -> 0

Sheet 8-Reservas 2025 16-OCT-2026
A1: SUBDIRECCIÓN | B1: ÁREA EJECUTORA | C1: CÓD RUBRO/PROYECTO | D1: CÓD RESUMIDO | E1: NOMBRE RUBRO/PROYECTO | F1: FUENTE | G1: NOMBRE FUENTE | H1: CÓD SOLICITANTE | I1: ÁREA SOLICITANTE | J1: SOLICITUD | K1: TIPO DE CONTRATO | L1: NÚMERO DE CONTRATO | M1: REGISTRO PRESUPUESTAL | N1: DISPONIBILIDAD PRESUPUESTAL | O1: FECHA | P1: PLAZO | Q1: OBJETO | R1: NIT | S1: 19-CONTRATISTA | T1: COMPROMISO INICIAL | U1: RESERVA CONSTITUIDA | V1: RESERVA CANCELADA | W1: RESERVA FINAL | X1: SALDO DE LA RESERVA | Y1: OBLIGACIONES | Z1: PAGOS
A2: OAP | B2: OAP | C2: 2-3-3299-88-3118-10-0704-0085999-2.3.2.02.02.008. | D2: 650 | E2: SERVICIOS PRESTADOS A LAS EMPRESAS Y SERVICIOS DE PRODUCCIÓN - OTROS SERVICIOS DE APOYO N C P (650) | F2: 10 | G2: PORCENTAJE Y/O SOBRETASA AMBIENTAL MUNICIPIOS Y BOGOTÁ | H2: 10007 | I2: ** ANTERIOR ** ÁE. OAP | J2: 201 DIAS 78089 OAP - BPPI - 2024110100015 | K2: CSE - DE PRESTACIÓN DE SERVICIOS | L2: 2025CSE2739 | M2: 25803457 | N2: 25603329 | O2: 45819.449 | P2: 201 DIAS | Q2: Prestación de servicios profesionales para realizar auditorías de primer seguimiento de las normas HSEQ ISO 9001:2015, ISO 14001:2015, ISO 45001:2018, Auditorías de segundo seguimiento a la norma ISO 27001:2022, y auditorias para segundo seguimiento de las normas ISO 50001: 2018 y NTC 5801: 2018 de la Corporación Autónoma Regional de Cundinamarca CAR. | R2: 860049921 | S2: SGS COLOMBIA SAS | T2: 38045860 | U2: 38045860 | V2: 0 | W2: 38045860 | X2: 1 | Y2: 38045859 | Z2: 38045859
A3: OAP | B3: OAP | C3: 2-3-3299-88-3118-60-0702-0083118-2.3.2.02.02.008. | D3: 964 | E3: SERVICIOS PRESTADOS A LAS EMPRESAS Y SERVICIOS DE PRODUCCIÓN - SERVICIOS DE GESTION Y ADMINISTRACION EMPRESARIAL OFICINA CENTRAL (964) | F3: 60 | G3: R.B-PORCENTAJE Y/O SOBRETASA AMBIENTAL MUNICIPIOS Y BOGOTÁ - RECURSOS DEL BALANCE | H3: 27101 | I3: OAP Oficina Asesora de Planeación | J3: 189 DIAS 82129 OAP BPPI-2024110100015 | K3: CSE - DE PRESTACIÓN DE SERVICIOS | L3: 2025CSE4063 | M3: 25805538 | N3: 25604603 | O3: 46013.71 | P3: 189 DIAS | Q3: Prestar servicios profesionales a la Oficina Asesora de Planeación de la Corporación Autónoma Regional de Cundinamarca - CAR para acompañar la estructuración, seguimiento y evaluación de los proyectos de inversión en sus diferentes etapas. Proceso amparado con vigencias futuras mediante RESOLUCIÓN DGEN No. 20257000428 de 21 de octubre de 2025. | R3: 1071630064 | S3: * ALMANZA TORRES KELLY JOHANA | T3: 4200000 | U3: 2700000 | V3: 300000 | W3: 2400000 | X3: 0 | Y3: 2400000 | Z3: 2400000
A4: OAP | B4: OAP | C4: 2-3-3299-88-3118-60-0704-0083118-2.3.2.02.02.008. | D4: 966 | E4: SERVICIOS PRESTADOS A LAS EMPRESAS Y SERVICIOS DE PRODUCCIÓN - SERVICIOS DE GESTION Y ADMINISTRACION EMPRESARIAL OFICINA CENTRAL (966) | F4: 60 | G4: R.B-PORCENTAJE Y/O SOBRETASA AMBIENTAL MUNICIPIOS Y BOGOTÁ - RECURSOS DEL BALANCE | H4: 10007 | I4: ** ANTERIOR ** ÁE. OAP | J4: 164 DIAS 78598 OAP - BPPI - 2024110100015 | K4: CSE - DE PRESTACIÓN DE SERVICIOS | L4: 2025CSE2950 | M4: 25803771 | N4: 25603903 | O4: 45856.087 | P4: 164 DIAS | Q4: Prestación de servicios para la actualización, desarrollo, mantenimiento técnico y funcional, soporte y capacitación de los módulos del sistema link único de procesos y procedimientos de la entidad – LUPPE, con el propósito de optimizar su operación, ampliar su alcance funcional y fortalecer su aporte a la automatización de los procesos misionales y de apoyo de la Corporación Autónoma Regional de Cundinamarca – CAR. | R4: 830085746 | S4: ITS SOLUCIONES ESTRATEGICAS S.A.S. | T4: 80652250 | U4: 10413690 | V4: 0 | W4: 10413690 | X4: 0 | Y4: 10413690 | Z4: 10413690
A5: OAP | B5: OAP | C5: 2-3-3299-88-3118-60-0704-0083118-2.3.2.02.02.008. | D5: 966 | E5: SERVICIOS PRESTADOS A LAS EMPRESAS Y SERVICIOS DE PRODUCCIÓN - SERVICIOS DE GESTION Y ADMINISTRACION EMPRESARIAL OFICINA CENTRAL (966) | F5: 60 | G5: R.B-PORCENTAJE Y/O SOBRETASA AMBIENTAL MUNICIPIOS Y BOGOTÁ - RECURSOS DEL BALANCE | H5: 27101 | I5: OAP Oficina Asesora de Planeación | J5: 230 DÍAS 80017 OAP -BPPI-2024110100015 | K5: CSE - DE PRESTACIÓN DE SERVICIOS | L5: 2025CSE3372 | M5: 25804636 | N5: 25604602 | O5: 45973.594 | P5: 230 DIAS | Q5: Prestación de servicios profesionales a la Oficina Asesora de Planeación de la Corporación Autónoma Regional de Cundinamarca-CAR, para acompañar actividades relacionadas con el seguimiento, fortalecimiento y mejora continua del Sistema Integrado de Gestión Pública SIGESPU y del Modelo Integrado de Planeación y Gestión (MIPG). Proceso amparado con vigencias futuras según Resolución DGEN No. 20257000428 de 21 de octubre de 2025. | R5: 79432432 | S5: VELANDIA CANTOR GONZALO | T5: 14000000 | U5: 7000000 | V5: 0 | W5: 7000000 | X5: 0 | Y5: 7000000 | Z5: 7000000
A6: OAP | B6: OAP | C6: 2-3-3299-88-3118-60-0704-0083118-2.3.2.02.02.008. | D6: 966 | E6: SERVICIOS PRESTADOS A LAS EMPRESAS Y SERVICIOS DE PRODUCCIÓN - SERVICIOS DE GESTION Y ADMINISTRACION EMPRESARIAL OFICINA CENTRAL (966) | F6: 60 | G6: R.B-PORCENTAJE Y/O SOBRETASA AMBIENTAL MUNICIPIOS Y BOGOTÁ - RECURSOS DEL BALANCE | H6: 27101 | I6: OAP Oficina Asesora de Planeación | J6: 196 DIAS 81458 OAP BPPI-2024110100015 | K6: CSE - DE PRESTACIÓN DE SERVICIOS | L6: 2025CSE3888 | M6: 25805214 | N6: 25604602 | O6: 46006.535 | P6: 196 DIAS | Q6: Prestar servicios profesionales a la Oficina Asesora de Planeación de la Corporación Autónoma Regional de Cundinamarca - CAR para realizar actividades relacionadas con el monitoreo, control y reporte de la gestión del Sistema Integrado de Gestión Pública - SIGESPU. Proceso amparado con vigencias futuras mediante RESOLUCIÓN DGEN No. 20257000428 de 21 de octubre de 2025. | R6: 1026272407 | S6: GARCIA LOZANO CARLOS ALONSO | T6: 8166667 | U6: 3733333 | V6: 233333 | W6: 3500000 | X6: 0 | Y6: 3500000 | Z6: 3500000
A7: OAP | B7: OAP | C7: 2-3-3299-88-3118-60-0704-0083118-2.3.2.02.02.008. | D7: 966 | E7: SERVICIOS PRESTADOS A LAS EMPRESAS Y SERVICIOS DE PRODUCCIÓN - SERVICIOS DE GESTION Y ADMINISTRACION EMPRESARIAL OFICINA CENTRAL (966) | F7: 60 | G7: R.B-PORCENTAJE Y/O SOBRETASA AMBIENTAL MUNICIPIOS Y BOGOTÁ - RECURSOS DEL BALANCE | H7: 27101 | I7: OAP Oficina Asesora de Planeación | J7: 193 DIAS 81968 OAP BPPI-2024110100015 | K7: CSE - DE PRESTACIÓN DE SERVICIOS | L7: 2025CSE3994 | M7: 25805456 | N7: 25604602 | O7: 46010.499 | P7: 193 DIAS | Q7: Prestar servicios profesionales a la Oficina Asesora de Planeación -OAP- de la Corporación Autónoma Regional de Cundinamarca -CAR-, para la consolidación, análisis y articulación de información institucional y territorial, el desarrollo de herramientas estadísticas e indicadores estratégicos, y la generación de insumos que respalden la toma de decisiones de la Corporación. Proceso amparado con vigencias futuras mediante RESOLUCIÓN DGEN No. 20257000428 de 21 de octubre de 2025. | R7: 1010246596 | S7: BECERRA PEDRAZA LAURA SOFIA | T7: 6750000 | U7: 1350000 | V7: 150000 | W7: 1200000 | X7: 0 | Y7: 1200000 | Z7: 1200000
A8: OCIN | B8: OCIN | C8: 2-1-2001-02-1111-10-OCIN-0083111-2.1.2.02.02.008. | D8: 75 | E8: SERVICIOS PRESTADOS A LAS EMPRESAS Y SERVICIOS DE PRODUCCION - SERVICIOS DE CONSULTORIA EN GESTION ESTRATEGICA (75) | F8: 10 | G8: PORCENTAJE Y/O SOBRETASA AMBIENTAL MUNICIPIOS Y BOGOTÁ | H8: 27104 | I8: OCIN Oficina de Control Interno | J8: 184 DIAS 82809 OCIN | K8: CSE - DE PRESTACIÓN DE SERVICIOS | L8: 2025CSE4110 | M8: 25805778 | N8: 25604715 | O8: 46020.601 | P8: 184 DIAS | Q8: Prestar Servicios Profesionales de asesoría jurídica a la Oficina de Control Interno de la Corporación Autónoma de Cundinamarca - CAR en gestión contractual y para la atención de peticiones de entes externos de control, de acuerdo con el Plan Anual de Auditoría 2025 y los lineamientos institucionales. Proceso amparado con vigencias futuras mediante RESOLUCIÓN DGEN No. 20257000523 de 2 de noviembre de 2025. | R8: 79792765 | S8: CARDENAS CORREA EDWIN MAURICIO | T8: 3919356 | U8: 435484 | V8: 0 | W8: 435484 | X8: 0 | Y8: 435484 | Z8: 435484
A9: OGDAD | B9: OGDAD | C9: 2-3-3299-88-3118-10-0301-0083990-2.3.2.02.02.008. | D9: 636 | E9: SERVICIOS PRESTADOS A LAS EMPRESAS Y SERVICIOS DE PRODUCCIÓN - OTROS SERVICIOS PROFESIONALES TECNICOS Y EMPRESARIALES N C P (636) | F9: 10 | G9: PORCENTAJE Y/O SOBRETASA AMBIENTAL MUNICIPIOS Y BOGOTÁ | H9: 10005 | I9: ** ANTERIOR ** ÁE. OTIC | J9: 285 DIAS 76796 OTIC BPPI - 2024120100016 | K9: CSE - DE PRESTACIÓN DE SERVICIOS | L9: 2025CSE2253 | M9: 25802606 | N9: 25602832 | O9: 45730.697 | P9: 285 DIAS | Q9: Prestar servicios profesionales a la Oficina de las Tecnologías de la Información y las Comunicaciones - OTIC de la Corporación Autónoma Regional de Cundinamarca (CAR), para acompañar el desarrollo, mantenimiento e implementación de nuevas funcionalidades en los sistemas de información de la Corporación. | R9: 1129532234 | S9: MOLANO ARIZA HARLEM SAMIR | T9: 80750000 | U9: 8500000 | V9: 0 | W9: 8500000 | X9: 0 | Y9: 8500000 | Z9: 8500000
A10: OGDAD | B10: OGDAD | C10: 2-3-3299-88-3118-10-0302-0083990-2.3.2.02.02.008. | D10: 641 | E10: SERVICIOS PRESTADOS A LAS EMPRESAS Y SERVICIOS DE PRODUCCIÓN - OTROS SERVICIOS PROFESIONALES TECNICOS Y EMPRESARIALES N C P (641) | F10: 10 | G10: PORCENTAJE Y/O SOBRETASA AMBIENTAL MUNICIPIOS Y BOGOTÁ | H10: 10005 | I10: ** ANTERIOR ** ÁE. OTIC | J10: 330 DIAS 74883 OTIC BPPI - 2024120100016 | K10: CSE - DE PRESTACIÓN DE SERVICIOS | L10: 2025CSE904 | M10: 25801095 | N10: 25601582 | O10: 45688.556 | P10: 330 DIAS | Q10: Prestar servicios de apoyo a la gestión a la Oficina de las tecnologías de la Información y las Comunicaciones -OTIC, para brindar apoyo en los temas operativos asociados con el traslado, instalación y configuración de equipos en las jornadas de transmisión de eventos virtuales y presenciales realizados en la Corporación. | R10: 1070967975 | S10: CANO BUSTOS JUAN CAMILO | T10: 47334000 | U10: 4116000 | V10: 0 | W10: 4116000 | X10: 0 | Y10: 4116000 | Z10: 4116000
A11: OGDAD | B11: OGDAD | C11: 2-3-3299-88-3118-10-0302-0083990-2.3.2.02.02.008. | D11: 641 | E11: SERVICIOS PRESTADOS A LAS EMPRESAS Y SERVICIOS DE PRODUCCIÓN - OTROS SERVICIOS PROFESIONALES TECNICOS Y EMPRESARIALES N C P (641) | F11: 10 | G11: PORCENTAJE Y/O SOBRETASA AMBIENTAL MUNICIPIOS Y BOGOTÁ | H11: 10005 | I11: ** ANTERIOR ** ÁE. OTIC | J11: 60 DIAS 79293 OTIC - BPPI - 2024120100016 | K11: CSE - DE PRESTACIÓN DE SERVICIOS | L11: 2025CSE3201 | M11: 25804233 | N11: 25604117 | O11: 45916.796 | P11: 60 DIAS | Q11: Prestar servicios profesionales a la Oficina de las Tecnologías de la Información y las Comunicaciones – OTIC de la Corporación Autónoma Regional de Cundinamarca (CAR), para apoyar el desarrollo, mantenimiento e implementación de nuevas funcionalidades en los sistemas de información y aplicativos institucionales de la Corporación. | R11: 1004006460 | S11: GUTIERREZ PALACIOS JORGE AURELIO ARTURO DE LA MONTAÑA | T11: 10000000 | U11: 2500000 | V11: 0 | W11: 2500000 | X11: 0 | Y11: 2500000 | Z11: 2500000
A12: OGDAD | B12: OGDAD | C12: 2-3-3299-88-3118-20-0302-0047829-2.3.2.02.01.004. | D12: 1147 | E12: PRODUCTOS METALICOS, MAQUINARIA Y EQUIPO - PAQUETES DE SOFTWARE DE OTRAS APLICACIONES (1147) | F12: 20 | G12: RENTAS SIN DESTINACIÓN ESPECÍFICA | H12: 27106 | I12: OGDAD Oficina de Gobernanza Digital y Analítica de Datos | J12: 50 DIAS 79995 OGDAD - BPPI - 2024120100016 | K12: COI - CONTRATO INTERADMINISTRATIVO | L12: 2025COI3364 | M12: 25804633 | N12: 25604796 | O12: 45973.472 | P12: 50 DIAS | Q12: Contratar una solución integral para la implementación de estrategias de ciberseguridad avanzada orientada a la protección tecnológica, la gestión de riesgos y la salvaguarda de los activos informáticos y de la información de la CAR. | R12: 830101214 | S12: & CORPORACION COLOMBIA DIGITAL | T12: 75000000 | U12: 75000000 | V12: 0 | W12: 75000000 | X12: 0 | Y12: 75000000 | Z12: 75000000
A13: OGDAD | B13: OGDAD | C13: 2-3-3299-88-3118-20-0302-0083990-2.3.2.02.02.008. | D13: 1193 | E13: SERVICIOS PRESTADOS A LAS EMPRESAS Y SERVICIOS DE PRODUCCIÓN - OTROS SERVICIOS PROFESIONALES TECNICOS Y EMPRESARIALES N C P (1193) | F13: 20 | G13: RENTAS SIN DESTINACIÓN ESPECÍFICA | H13: 10005 | I13: ** ANTERIOR ** ÁE. OTIC | J13: 207 DIAS 80920 OGDAD - BPPI - 2024120100016 | K13: CSE - DE PRESTACIÓN DE SERVICIOS | L13: 2025CSE3722 | M13: 25805000 | N13: 25604622 | O13: 45996.602 | P13: 207 DIAS | Q13: Prestar servicios profesionales a la Oficina de Tecnologías de la Información y las Comunicaciones (OTIC) de la Corporación Autónoma Regional de Cundinamarca (CAR), brindando apoyo en el desarrollo, implementación, mantenimiento y mejora de los sistemas de información y aplicaciones institucionales, tanto nuevas como existentes. Proceso amparado con vigencias futuras mediante Resolución DGEN No 20257000528 de 05 de noviembre de 2025. | R13: 1022975061 | S13: PRIETO PATARROYO FERNEY CAMILO | T13: 9333333 | U13: 5133333 | V13: 0 | W13: 5133333 | X13: 0 | Y13: 5133333 | Z13: 5133333
... A1045: SGPOA | B1045: DOT | C1045: 2-3-3206-88-3110-70-0102-0083990-2.3.2.02.02.008. | D1045: 567 | E1045: SERVICIOS PRESTADOS A LAS EMPRESAS Y SERVICIOS DE PRODUCCIÓN - OTROS SERVICIOS PROFESIONALES TECNICOS Y EMPRESARIALES N C P (567) | F1045: 70 | G1045: R.B-RENTAS SIN DESTINACIÓN ESPECÍFICA - RECURSOS DEL BALANCE | H1045: 10012 | I1045: ** ANTERIOR ** ÁE. DGOAT | J1045: 281 DIAS 76928 DGOAT BPPI-2024040100005 | K1045: CSE - DE PRESTACIÓN DE SERVICIOS | L1045: 2025CSE2332 | M1045: 25802685 | N1045: 25601253 | O1045: 45736.768 | P1045: 281 DIAS | Q1045: Prestar servicios profesionales a la Dirección de Gestión del Ordenamiento Ambiental y Territorial - DGOAT de la Corporación Autónoma Regional de Cundinamarca - CAR, para apoyar a las Direcciones Regionales en la identificación y seguimiento a las actividades que se deriven de la gestión del riesgo de desastres por los eventos presentados en la jurisdicción CAR. | R1045: 1007627324 | S1045: GUTIERREZ FAJARDO LAURA CAMILA | T1045: 50350000 | U1045: 5300000 | V1045: 0 | W1045: 5300000 | X1045: 0 | Y1045: 5300000 | Z1045: 5300000
T1046: 236637473968 | U1046: 90752865386 | V1046: 17591606063 | W1046: 73161259323 | X1046: 35109763001 | Y1046: 38051496322 | Z1046: 36351739725

Sheet 9-CxP 2025 31-ENE-2026
A1: CORPORACIÓN AUTÓNOMA REGIONAL DE CUNDINAMARCA - CAR
A2: RELACIÓN CUENTAS POR PAGAR A 31 DE DICIEMBRE DE 2025 - CIFRAS EN PESOS CORRIENTES
A3: GASTO | B3: CÓD RUBRO/PROYECTO | C3: CÓD RESUMIDO | D3: NOMBRE RUBRO/PROYECTO | E3: FUENTE | F3: NOMBRE FUENTE | G3: ÁREA | H3: SOLICITUD | I3: NÚMERO DE CONTRATO | J3: REGISTRO PRESUPUESTAL | K3: DISPONIBILIDAD PRESUPUESTAL | L3: FECHA | M3: PLAZO | N3: OBJETO | O3: NIT | P3: CONTRATISTA | Q3: OBLIGACIONES | R3: PAGOS | S3: CUENTAS POR PAGAR
